 Dungeon Crawl Stone Soup version 0.25-a0-366-g516bc45ae0 (webtiles) character file.

Game seed: 9627058064573522206, levelgen mode: deterministic

643883 Caramio the Conqueror (level 27, -31/159 HPs)
             Began as a Gargoyle Berserker on Jan 5, 2020.
             Was a High Priest of Trog.
             Killed from afar by an ancient lich (56 damage)
             ... with a crystal spear
             ... on level 5 of the Realm of Zot on Jan 6, 2020.
             The game lasted 01:40:11 (69934 turns).

Caramio the Conqueror (Gargoyle Berserker)         Turns: 69934, Time: 01:40:12

Health: -31/159    AC: 58    Str: 41 (42) XL:     27
Magic:  27/27      EV: 18    Int: 12      God:    Trog [*****.]
Gold:   1800       SH: 31    Dex:  9      Spells: 26/26 levels left

rFire    + . .     SeeInvis .   d - +8 mithril axe "Arga" {speed, MR+}
rCold    + + +     Gourm    .   E - +2 large shield
rNeg     + + +     Faith    +   y - +10 plate armour {rC+}
rPois    ∞         Spirit   .   (helmet restricted)
rElec    +         Reflect  .   x - +2 cloak {MR+}
rCorr    +         Harm     .   D - +2 pair of gloves of Untruth {rC++ Str+3 Int+4}
MR       ++++.                  a - +2 pair of boots
Stlth    ..........             A - amulet of faith
HPRegen  0.36/turn              i - ring "Fuesiash" {rF+ rN++ Str+3}
MPRegen  0.20/turn              k - +4 ring of evasion

@: about to teleport, resistant, fire vulnerable, berserk cooldown, flying,
slowed, very slow
A: big wings, horns 1, blurry vision 2, deformed body, deterioration 2, frail 2,
negative energy resistance 1, electricity resistance, strong 1, wild magic 2,
unbreathing, petrification resistance, rot immunity, AC +20
}: 3/15 runes: serpentine, barnacled, silver
a: Stop Flying, Berserk, Trog's Hand, Brothers in Arms, Renounce Religion


You were on level 5 of the Realm of Zot.
You worshipped Trog.
Trog was extremely pleased with you.
You were very full.

You visited 8 branches of the dungeon, and saw 46 of its levels.

You collected 5973 gold pieces.
You spent 4173 gold pieces at shops.


Innate Abilities, Weirdness & Mutations

You are resistant to torment.
Your stone body is resilient. (AC +20)
You are immune to poison.
Your large and strong wings let you fly indefinitely.
You resist negative energy. (rN+)
You are resistant to electric shocks. (rElec)
You can survive without breathing.
You are immune to petrification.
You are immune to rotting.
You have a pair of small horns on your head.
Scrolls take you longer to read.
Armour fits poorly on your strangely shaped body.
Your body often deteriorates upon taking damage.
You are very frail. (-20% HP)
Your muscles are strong. (Str +2)
Your spells are harder to cast, but more powerful.


   Skills:
 O Level 27 Fighting
 - Level 18.0 Axes
 + Level 24.0 Armour
 - Level 11.0 Dodging
 - Level 25.0 Shields
 - Level 5.9 Evocations


You had 26 spell levels left.
You didn't know any spells.
Your spell library was empty.

Inventory:

Hand Weapons
 d - the +8 mithril axe "Arga" (weapon) {speed, MR+}
   (Trog gifted it to you on level 3 of the Vaults)

   Attacks with this weapon are significantly faster.
   It affects your resistance to hostile enchantments.
Armour
 a - a +2 pair of boots (worn)
 x - a +2 cloak of magic resistance (worn)
 y - a +10 plate armour of cold resistance (worn)
 D - the +2 pair of gloves of Untruth (worn) {rC++ Str+3 Int+4}
   (You bought it in a shop on level 1 of the Vaults)

   It affects your strength (+3).
   It affects your intelligence (+4).
   It greatly protects you from cold.
 E - a +2 large shield (worn)
Jewellery
 b - the ring of Bodily Harmony {rElec rC+ rN+ MR+ Str-3 Int+4}
   (You took it off a yaktaur captain on level 5 of the Vaults)

   [ring of intelligence]

   It affects your strength (-3).
   It affects your intelligence (+4).
   It protects you from cold.
   It insulates you from electricity.
   It protects you from negative energy.
   It affects your resistance to hostile enchantments.
 i - the ring "Fuesiash" (left hand) {rF+ rN++ Str+3}
   (You acquired it on level 3 of the Vaults)

   [ring of strength]

   It affects your strength (+3).
   It protects you from fire.
   It greatly protects you from negative energy.
 k - a +4 ring of evasion (right hand)
 n - the ring of Qytesh {Ice Str+4 Stlth+}
   (You took it off a merfolk on level 4 of the Shoals)

   [ring of ice]

   It enhances your ice magic.
   It affects your strength (+4).
   It makes you vulnerable to fire.
   It protects you from cold.
   It makes you more stealthy.
 A - an amulet of faith (around neck)
 B - an uncursed ring of protection from cold
 C - the ring "Azafedy" {+Fly rPois MR+ Dex+2}
   (You found it on level 5 of the Depths)

   [ring of flight]

   It affects your dexterity (+2).
   It protects you from poison.
   It affects your resistance to hostile enchantments.
   It lets you fly.
 F - an uncursed ring of see invisible
 I - an uncursed ring of protection from fire
Wands
 l - a wand of digging (17)
Scrolls
 g - 2 scrolls of teleportation
 j - 25 scrolls of remove curse
 m - a scroll of enchant armour
 q - 8 scrolls of enchant weapon
 s - 34 scrolls of identify
Potions
 c - 12 potions of haste
 f - 26 potions of curing
 h - 8 potions of cancellation
 p - 3 potions of resistance
 t - 7 potions of might
 u - 4 potions of mutation
 z - 9 potions of heal wounds
Comestibles
 e - 50 rations
 o - 2 chunks of flesh

Dungeon Overview and Level Annotations

Branches:
Dungeon (15/15)            Temple (0/1) D:6            Lair (6/6) D:10
 Shoals (4/4) Lair:3        Snake (4/4) Lair:3        Slime (0/5) Lair:6
    Orc (2/2) D:11            Elf (0/3) Orc:2        Vaults (5/5) D:13
  Crypt (0/3) Vaults:2     Depths (5/5) D:15            Zot (5/5) Depths:5

Altars:
Dithmenos
Elyvilon
Fedhas
Gozag
Hepliaklqana
Kikubaaqudgha
Makhleb
Okawaru
Qazlal
Ru
Uskayaw
Vehumet
Xom
Yredelemnul
Zin
The Shining One
Beogh

Shops:
D:6 [   D:8 !}   D:10 [   Orc:2 !((!   Snake:1 (   Snake:2 :   Snake:3 (
Vaults:1 [=*   Vaults:3 !   Vaults:4 %

Portals:
Hell: Depths:1 Depths:2 Depths:3 Depths:4 Depths:5
Abyss: Depths:2 Depths:4
Pandemonium: Depths:3 Depths:5
Ziggurat: Depths:3
Trove: D:14 (show slimy rune of Zot)

Annotations:
D:3 1 runed translucent door, Dommiel19's ghost, amateur MiFi
D:10 3 runed translucent doors, Heluehyt's ghost, journeyman HOFi; endorz's ghost, novice TrFi
Snake:1 Ysytsuar's ghost, adept DEWz
Vaults:2 3 runed translucent doors, Kuqudo's ghost, adept DDFi
Depths:1 3 runed translucent doors, Caudar's ghost, adept GrMo


Message History

The bolt of fire hits you!!! You resist.
69934 ||| DRINKING 10 potions of heal wounds.
You feel much better.
You hear a roar!
You block the ancient lich's attack.
You block the green draconian monk's attack.
The green draconian monk kicks you but does no damage.
You block the green draconian monk's attack. x2
Something hits you.
The curse toe calls on the powers of darkness!
The purple draconian convulses!
The Orb Guardian convulses!
The white draconian convulses!
The Killer Klown convulses! x2
The golden dragon convulses! x2; The black draconian convulses!
The red draconian annihilator convulses!
The Orb Guardian convulses! x4; The green draconian convulses!
The golden dragon convulses!
Your body is wracked with pain!
Something is bathed in an unholy light!
The green draconian convulses!
The ancient lich casts a spell at you. The crystal spear hits you!!!
You die...

..d..........
#0d.........#
#0....^..^..#
##.z.d..d.X..##
#.....fppDDy..#
#....qXXXXX...#
.....D*L*Xz....
################@#####
.....##.......fq{#...##.
.....##.....#.fyq.......
...........###..d.).....
...........######.......
...#.........# .%..^..
.###.....#.....###......
..###...####..... ......
...###...## #.... .###..


You could see 2 orbs of fire, 2 Killer Klowns, 2 tentacled monstrosities, a
green draconian monk (berserk), 3 golden dragons, an ancient lich, a black
draconian, a green draconian, a purple draconian, a red draconian (berserk), a
white draconian, a curse toe, a death cob, 5 Orb Guardians, a red draconian
annihilator, a green draconian scorcher, 2 moths of wrath and 3 wandering
mushrooms.

Vanquished Creatures
  Mennas (Vaults:3)
  5 orbs of fire
  Mara (Depths:1)
  2 greater mummies (Depths:2)
  2 juggernauts (Depths:5)
  Bai Suzhen (Snake:4)
  Frederick (Vaults:5)
  Saint Roka (Orc:2)
  A Killer Klown (Zot:3)
  4 curse toes
  3 caustic shrikes (Depths:5)
  Nikola (Depths:1)
  10 golden dragons
  5 liches
  11 tentacled monstrosities
  5 titans
  10 Orb Guardians (Zot:5)
  Polyphemus (Shoals:2)
  Frances (D:12)
  4 quicksilver dragons
  8 shadow dragons
  14 sphinxes
  2 krakens
  12 death cobs
  9 storm dragons
  13 tengu reavers
  Donald (Orc:2)
  8 draconian monks
  Ilsuiw (Shoals:2)
  7 draconian knights
  7 nagarajas
  2 iron dragons
  3 deep elf sorcerers (Vaults:5)
  20 fire giants
  Aizul (Snake:1)
  11 frost giants
  2 ghost moths
  10 vault wardens
  9 draconian scorchers
  A balrug (Depths:1)
  3 draconian stormcallers
  An orc warlord (Orc:2)
  2 spriggan defenders
  A deep elf elementalist (Vaults:5)
  25 very ugly things
  16 ironheart preservers
  2 war gargoyles
  3 draconian shifters
  4 draconian annihilators
  3 vampire knights
  31 stone giants
  A green draconian (Zot:2)
  8 red draconians
  9 black draconians
  A deep elf annihilator (Depths:5)
  A dire elephant (Lair:4)
  3 deep elf demonologists
  10 white draconians
  13 spark wasps
  7 yellow draconians
  5 purple draconians
  3 deep elf death magi
  Snorg (Orc:1)
  11 ettins
  A crystal guardian (Vaults:3)
  6 merfolk javelineers
  12 fire dragons
  10 merfolk impalers
  4 mummy priests (Depths:2)
  4 deep elf high priests
  19 yaktaur captains
  5 rakshasas
  Erolcha (D:12)
  8 great orbs of eyes
  9 ice dragons
  A great orb of eyes (shapeshifter) (Depths:3)
  33 vault guards
  13 naga warriors
  2 hydras (D:15)
  2 catoblepae
  A spriggan air mage (Depths:5)
  6 merfolk avatars
  5 death knights
  3 alligator snapping turtles
  11 anacondas
  Erica (D:10)
  5 centaur warriors
  A two-headed ogre (shapeshifter) (Depths:5)
  A satyr (Shoals:3)
  2 merfolk aquamancers
  61 two-headed ogres
  10 deep troll shamans
  A queen ant (shapeshifter) (Depths:3)
  20 ogre magi
  7 death yaks
  6 tengu warriors
  10 shock serpents
  4 orc high priests (Orc:2)
  7 deep troll earth magi
  A vampire mage (Depths:5)
  Urug (D:13)
  6 spriggan berserkers
  27 naga sharpshooters
  A sun demon (Depths:3)
  2 salamander mystics (Snake:2)
  2 skeletal warriors
  Nergalle (Orc:1)
  5 deep elf knights
  A fire crab (shapeshifter) (Vaults:5)
  2 iron trolls (Depths:3)
  11 sea snakes
  A hell knight (Depths:3)
  5 flayed ghosts
  31 deep trolls
  5 naga ritualists
  4 deep elf archers
  13 orc knights
  15 ironbrand convokers
  6 unseen horrors
  A wizard (D:15)
  A mana viper (shapeshifter) (Vaults:5)
  3 glowing orange brains
  3 phantasmal warriors
  A wolf spider zombie (D:14)
  60 ugly things
  14 harpies
  20 fauns
  8 mana vipers
  6 salamanders
  5 orc sorcerers (Orc:2)
  10 deep elf magi
  7 wolf spiders
  17 elephants
  34 cyclopes
  13 manticores
  14 moths of wrath
  2 guardian serpents
  Maurice (Orc:1)
  22 vault sentinels
  6 merfolk sirens
  44 black mambas
  5 centaur zombies
  A cyclops (shapeshifter) (Vaults:5)
  A guardian serpent (shapeshifter) (Vaults:5)
  3 water nymphs
  2 centaur skeletons
  2 orange demons (Depths:3)
  2 gargoyles
  A spiny frog (shapeshifter) (Vaults:4)
  20 naga magi
  3 rime drakes
  11 spiny frogs
  3 hellions
  59 yaktaurs
  4 komodo dragons
  A komodo dragon (shapeshifter) (Vaults:2)
  A rime drake (shapeshifter) (Vaults:2)
  8 freezing wraiths
  A guardian mummy (Depths:2)
  2 efreet (Zot:3)
  2 hellwings (D:15)
  3 red devils
  5 trolls
  3 tengu conjurers
  A meliai (shapeshifter) (Vaults:4)
  6 polar bears (Lair:6)
  41 merfolk
  7 wind drakes
  2 trolls (shapeshifter)
  10 hornets
  55 slime creatures
  Prince Ribbit (D:7)
  6 dream sheep
  26 blink frogs
  9 hippogriffs
  11 snapping turtles
  A stone giant simulacrum (Vaults:2)
  25 spriggans
  A spriggan (shapeshifter) (Depths:1)
  A human (shapeshifter) (Vaults:2)
  3 wyverns
  A human (D:9)
  7 wraiths
  A vampire (D:12)
  2 basilisks
  7 fire bats
  17 water elementals
  29 yaks
  3 hogs (D:9)
  A hungry ghost (D:14)
  2 fire elementals
  5 steam dragons
  A swamp worm (shapeshifter) (Depths:3)
  A soldier ant (shapeshifter) (Vaults:5)
  7 wargs
  A soldier ant (D:14)
  2 acid dragons
  40 nagas
  Duvessa (D:7)
  6 hell hounds (Depths:1)
  8 water moccasins
  A floating eye (Depths:5)
  6 porcupines
  An eye of draining (D:14)
  51 orc warriors
  6 ice beasts
  2 black bears (Lair:6)
  2 phantoms
  A black bear (shapeshifter) (Depths:5)
  4 sky beasts
  An ettin simulacrum (Vaults:3)
  A hornet zombie (D:15)
  A necrophage (D:8)
  33 wolves
  18 boggarts
  48 ogres
  12 centaurs
  17 crocodiles
  17 bullfrogs
  2 big kobolds
  Dowan (D:7)
  A wyvern skeleton (D:13)
  5 scorpions
  7 killer bees (D:9)
  5 wights (D:7)
  2 howler monkeys
  16 crimson imps
  5 bullfrog zombies
  A human simulacrum (Vaults:3)
  A quasit (D:12)
  2 hounds
  36 orc priests
  A jelly (D:11)
  A bullfrog skeleton (D:4)
  A gnoll shaman (D:5)
  4 iguanas
  27 orc wizards
  Ijyb (D:3)
  15 worker ants
  2 hound zombies
  A hound skeleton (D:11)
  A mummy (Depths:2)
  A howler monkey zombie (D:11)
  A worker ant zombie (D:6)
  10 gnolls
  16 adders
  An ooze (D:2)
  2 adder skeletons
  5 worms
  2 dart slugs
  7 leopard geckos
  145 orcs
  7 giant cockroaches
  14 goblins
  5 hobgoblins (D:1)
  7 jackals
  5 quokkas
  A ball python (D:1)
  11 bats
  6 frilled lizards
  22 kobolds
  A leopard gecko skeleton (D:4)
  A quokka skeleton (D:4)
  A quokka zombie (D:10)
  8 rats
  2 fungi
  19 plants
  5 tentacles
2255 creatures vanquished.

Vanquished Creatures (collateral kills)
  A juggernaut (Depths:5)
  A tentacled monstrosity (Zot:5)
  2 storm dragons
  A draconian monk (Zot:4)
  Nessos (D:13)
  A hydra (Lair:5)
  Sonja (D:12)
  2 moths of wrath
  A merfolk siren (Shoals:2)
  A manticore (Shoals:2)
  A guardian mummy (Depths:2)
  A spriggan (Lair:6)
  3 orc warriors (Orc:2)
  A black bear (Lair:6)
  An ogre (Orc:2)
  2 boggarts (Vaults:3)
  2 orc priests (Orc:2)
  An orc (Orc:2)
24 creatures vanquished.

Vanquished Creatures (others)
  A two-headed ogre (Vaults:1)
  A sea snake (Shoals:4)
  An ugly thing (Depths:1)
  A merfolk siren (Shoals:2)
  A rime drake (Shoals:4)
  A wind drake (Shoals:4)
  62 fungi
  90 plants
  11 tentacles
  4 toadstools (D:9)
173 creatures vanquished.

Grand Total: 2452 creatures vanquished

Notes
Turn   | Place    | Note
-------+----------+-------------------------------------------
     0 | D:1      | Caramio the Gargoyle Berserker began the quest for the Orb.
     0 | D:1      | Reached XP level 1. HP: 14/14 MP: 1/1
     0 | D:1      | 0 ||| counter = 1
    51 | D:1      | Reached skill level 3 in Axes
    99 | D:1      | Reached XP level 2. HP: 19/19 MP: 2/2
   129 | D:1      | 129 ||| DROPPING cursed -3 club.
   616 | D:1      | Reached XP level 3. HP: 16/23 MP: 3/3
   805 | D:1      | Reached ** piety under Trog
  1376 | D:1      | 1376 ||| UPGRADING to leather armour.
  1386 | D:1      | 1386 ||| DROPPING +0 animal skin.
  1387 | D:1      | 1387 ||| UPGRADING to ring mail.
  1397 | D:1      | 1397 ||| DROPPING +0 leather armour.
  1398 | D:1      | 1398 ||| READING 2 scrolls labeled HUPSUXK ZYTWOVUPA.
  1399 | D:1      | 1399 ||| READING scroll labeled ELACOU YREOSIV.
  1465 | D:2      | 1465 ||| INVOKING Berserk.
  1646 | D:2      | Found a shadowy altar of Dithmenos.
  1689 | D:2      | Reached XP level 4. HP: 28/28 MP: 4/4
  1690 | D:2      | Found a faded altar of an unknown god.
  1914 | D:2      | 1914 ||| READING scroll labeled DOOZE IMIDO.
  1915 | D:2      | 1915 ||| DRINKING 2 blue potions.
  1916 | D:2      | 1916 ||| DROPPING potion of flight.
  1937 | D:3      | Reached *** piety under Trog
  1942 | D:3      | 1942 ||| STAIRDANCE
  2051 | D:3      | 2051 ||| DROPPING +0 club.
  2061 | D:3      | 2061 ||| SWAPPING to +0 war axe.
  2068 | D:3      | 2068 ||| DROPPING +0 hand axe.
  2190 | D:3      | Found a glowing silver altar of Zin.
  2193 | D:3      | 2193 ||| STAIRDANCE
  2260 | D:2      | 2260 ||| UPGRADING to +0 scale mail.
  2270 | D:2      | 2270 ||| DROPPING +0 ring mail.
  2333 | D:3      | 2333 ||| INVOKING Berserk.
  2335 | D:3      | Reached XP level 5. HP: 32/32 MP: 5/5
  2439 | D:3      | Noticed Ijyb
  2452 | D:3      | 2452 ||| INVOKING Berserk.
  2459 | D:3      | Killed Ijyb
  2464 | D:3      | Reached skill level 4 in Fighting
  2928 | D:3      | Found a hide-covered altar of Uskayaw.
  2972 | D:3      | Found a runed translucent door.
  2974 | D:3      | Noticed Dommiel19's ghost (amateur MiFi)
  3080 | D:3      | 3080 ||| UPGRADING to +0 chain mail.
  3090 | D:3      | 3090 ||| DROPPING +0 scale mail.
  3091 | D:3      | 3091 ||| UPGRADING to helmet.
  3096 | D:3      | 3096 ||| UPGRADING to pair of embroidered gloves.
  3101 | D:3      | 3101 ||| UPGRADING to pair of boots.
  3106 | D:3      | 3106 ||| DRINKING 2 white potions.
  3107 | D:3      | 3107 ||| READING 2 scrolls of identify.
  3107 | D:3      | 3107 ||| IDENTIFYING green potion
  3129 | D:4      | Reached XP level 6. HP: 38/38 MP: 6/6
  3184 | D:4      | Reached skill level 3 in Armour
  3200 | D:4      | Reached **** piety under Trog
  3318 | D:4      | 3318 ||| INVOKING Berserk.
  3322 | D:4      | Reached skill level 6 in Axes
  3366 | D:4      | Found a sacrificial altar of Ru.
  3378 | D:4      | Found a stormy altar of Qazlal.
  3383 | D:4      | Found a shimmering altar of Xom.
  3390 | D:4      | Found a white marble altar of Elyvilon.
  3395 | D:4      | Found an iron altar of Okawaru.
  3402 | D:4      | Found an ancient bone altar of Kikubaaqudgha.
  3407 | D:4      | Found a radiant altar of Vehumet.
  3617 | D:4      | 3617 ||| INVOKING Berserk.
  3619 | D:4      | Reached XP level 7. HP: 43/43 MP: 7/7
  3672 | D:4      | 3672 ||| EATING 9 rations.
  4002 | D:4      | 4002 ||| READING scroll of identify.
  4002 | D:4      | 4002 ||| IDENTIFYING scratched ruby ring
  4003 | D:4      | 4003 ||| DROPPING ring of wizardry.
  4032 | D:5      | Entered Level 5 of the Dungeon
  4130 | D:5      | 4130 ||| DROPPING +0 mace.
  4167 | D:5      | 4167 ||| INVOKING Berserk.
  4180 | D:5      | Reached skill level 5 in Fighting
  4429 | D:5      | Reached XP level 8. HP: 47/49 MP: 8/8
  4833 | D:5      | 4833 ||| UPGRADING to glowing scale mail.
  4843 | D:5      | 4843 ||| UPGRADING to +0 chain mail.
  4853 | D:5      | 4853 ||| DROPPING +1 scale mail of magic resistance.
  4854 | D:5      | 4854 ||| READING scroll labeled FOWOIT FU KIURHA.
  4910 | D:6      | 4910 ||| INVOKING Berserk.
  4919 | D:6      | 4919 ||| EATING 11 rations.
  5013 | D:6      | Found a staircase to the Ecumenical Temple.
  5062 | D:6      | Reached skill level 6 in Fighting
  5219 | D:6      | 5219 ||| STAIRDANCE
  5375 | D:6      | Reached ***** piety under Trog
  5375 | D:6      | Received a gift from Trog
  5381 | D:6      | 5381 ||| DROPPING +0 flail.
  5382 | D:6      | 5382 ||| UPGRADING to glowing eveningstar {god gift}.
  5383 | D:6      | 5383 ||| SWAPPING to +0 war axe.
  5621 | D:6      | 5621 ||| INVOKING Berserk.
  5628 | D:6      | Reached skill level 9 in Axes
  5742 | D:6      | Reached XP level 9. HP: 55/55 MP: 9/9
  5760 | D:6      | Found Gysch's Antique Armour Boutique.
  5763 | D:6      | Bought a glowing scarf for 176 gold pieces
  5763 | D:6      | 5763 ||| SHOPLISTING runed helmet (165 gold, have 158).
  5763 | D:6      | 5763 ||| SHOPLISTING shiny large shield (165 gold, have
                  | 158).
  5763 | D:6      | Bought a runed ring mail for 154 gold pieces
  6090 | D:6      | 6090 ||| UPGRADING to glowing scarf.
  6095 | D:6      | 6095 ||| UPGRADING to runed ring mail.
  6105 | D:6      | 6105 ||| UPGRADING to +0 chain mail.
  6115 | D:6      | 6115 ||| UPGRADING to pearl ring.
  6189 | D:7      | Got a crude cloak
  6222 | D:7      | 6222 ||| INVOKING Berserk.
  6353 | D:7      | 6353 ||| EATING 12 rations.
  6509 | D:7      | Noticed Prince Ribbit
  6515 | D:7      | 6515 ||| INVOKING Berserk.
  6519 | D:7      | Reached skill level 7 in Fighting
  6523 | D:7      | Killed Prince Ribbit
  6599 | D:7      | 6599 ||| Stepping ~*~*~tactically~*~*~ (cloud).
  6600 | D:7      | 6600 ||| Stepping ~*~*~tactically~*~*~ (cloud).
  6605 | D:7      | 6605 ||| Stepping randomly (cloudy).
  6633 | D:7      | 6633 ||| INVOKING Berserk.
  6839 | D:7      | 6839 ||| SWAPPING to +2 war axe.
  6840 | D:7      | 6840 ||| DROPPING +0 war axe.
  6962 | D:7      | 6962 ||| UPGRADING to runed morningstar.
  6963 | D:7      | 6963 ||| READING 3 scrolls of remove curse.
  6964 | D:7      | 6964 ||| SWAPPING to +2 war axe.
  6965 | D:7      | 6965 ||| DROPPING -1 morningstar.
  7007 | D:7      | Noticed Duvessa
  7007 | D:7      | Noticed Dowan
  7023 | D:7      | Killed Duvessa
  7031 | D:7      | Killed Dowan
  7371 | D:7      | Reached skill level 6 in Armour
  7548 | D:7      | 7548 ||| UPGRADING to crude cloak.
  7558 | D:7      | Identified the cursed +0 cloak of Disguise {rN+ MP+9} (You
                  | found it on level 7 of the Dungeon)
  7558 | D:7      | 7558 ||| READING 3 scrolls of remove curse.
  7559 | D:7      | 7559 ||| UPGRADING to scarf of repulsion.
  7569 | D:7      | 7569 ||| DROPPING +0 cloak of Disguise {rN+ MP+9}.
  7570 | D:7      | 7570 ||| UPGRADING to dented jasper amulet.
  7571 | D:7      | 7571 ||| READING 2 scrolls of remove curse.
  7572 | D:7      | 7572 ||| REMOVING amulet of inaccuracy.
  7573 | D:7      | 7573 ||| DROPPING amulet of inaccuracy.
  7574 | D:7      | 7574 ||| READING scroll labeled IMOGEM XESMEQEANU.
  7575 | D:7      | 7575 ||| READING 4 scrolls of identify.
  7575 | D:7      | 7575 ||| IDENTIFYING bubbling red potion
  7576 | D:7      | 7576 ||| READING 3 scrolls of identify.
  7576 | D:7      | 7576 ||| IDENTIFYING coppery potion
  7577 | D:7      | 7577 ||| READING 2 scrolls of identify.
  7577 | D:7      | 7577 ||| IDENTIFYING emerald potion
  7578 | D:7      | 7578 ||| DROPPING potion of invisibility.
  7579 | D:7      | 7579 ||| DROPPING potion of degeneration.
  7622 | D:7      | 7622 ||| EATING 12 rations.
  7773 | D:8      | Reached XP level 10. HP: 64/64 MP: 10/10
  7853 | D:8      | Reached skill level 8 in Fighting
  7866 | D:8      | 7866 ||| INVOKING Berserk.
  7946 | D:8      | Found Wugouh's Distillery.
  8018 | D:8      | Bought a potion of curing for 45 gold pieces
  8018 | D:8      | 8018 ||| SHOPLISTING 2 potions of cancellation (240 gold,
                  | have 48).
  8018 | D:8      | 8018 ||| SHOPLISTING potion of mutation (120 gold, have
                  | 48).
  8269 | D:8      | Reached skill level 9 in Fighting
  8284 | D:8      | Found Hydicy's Gadget Shop.
  8353 | D:8      | 8353 ||| EATING 11 rations.
  8443 | D:8      | 8443 ||| UPGRADING to shiny chain mail.
  8453 | D:8      | 8453 ||| DROPPING +0 chain mail.
  8517 | D:9      | 8517 ||| STAIRDANCE
  8588 | D:8      | 8588 ||| READING scroll labeled PENTELOATAO.
  8620 | D:9      | Received a gift from Trog
  8650 | D:9      | 8650 ||| SWAPPING to glowing war axe {god gift}.
  8651 | D:9      | 8651 ||| DROPPING +3 war axe.
  9258 | D:9      | 9258 ||| READING scroll labeled PAQOENEHYB.
  9259 | D:9      | 9259 ||| READING 2 scrolls of identify.
  9259 | D:9      | 9259 ||| IDENTIFYING bubbling coppery potion
  9260 | D:9      | 9260 ||| DROPPING potion of agility.
  9274 | D:10     | Entered Level 10 of the Dungeon
  9284 | D:10     | 9284 ||| STAIRDANCE
  9314 | D:10     | Noticed a two-headed ogre
  9319 | D:10     | 9319 ||| INVOKING Berserk.
  9324 | D:10     | Killed a two-headed ogre
  9324 | D:10     | Reached skill level 3 in Dodging
  9324 | D:10     | Reached XP level 11. HP: 71/71 MP: 11/11
  9359 | D:10     | 9359 ||| EATING 19 rations.
  9439 | D:10     | 9439 ||| INVOKING Berserk.
  9503 | D:10     | Noticed Erica
  9505 | D:10     | Found Igiorr's Armour Boutique.
  9505 | D:10     | Paralysed by Erica for 5 turns
  9510 | D:10     | 9510 ||| INVOKING Berserk.
  9517 | D:10     | Paralysed by something for 4 turns
  9527 | D:10     | 9527 ||| DRINKING 3 potions of curing.
  9527 | D:10     | 9527 ||| (to cure confusion)
  9529 | D:10     | Paralysed by something for 5 turns
  9535 | D:10     | Killed Erica
  9592 | D:10     | Bought a +0 buckler for 76 gold pieces
  9812 | D:10     | Found a staircase to the Lair.
  9948 | D:10     | 9948 ||| Stepping ~*~*~tactically~*~*~ (hiding).
  9949 | D:10     | 9949 ||| Stepping ~*~*~tactically~*~*~ (hiding).
  9950 | D:10     | 9950 ||| Stepping ~*~*~tactically~*~*~ (hiding).
  9951 | D:10     | 9951 ||| Stepping ~*~*~tactically~*~*~ (hiding).
  9952 | D:10     | 9952 ||| Stepping ~*~*~tactically~*~*~ (hiding).
  9953 | D:10     | 9953 ||| Stepping ~*~*~tactically~*~*~ (hiding).
  9962 | D:10     | 9962 ||| Stepping ~*~*~tactically~*~*~ (hiding).
  9963 | D:10     | 9963 ||| Stepping ~*~*~tactically~*~*~ (hiding).
  9964 | D:10     | 9964 ||| Stepping ~*~*~tactically~*~*~ (hiding).
  9965 | D:10     | 9965 ||| Stepping ~*~*~tactically~*~*~ (hiding).
  9966 | D:10     | 9966 ||| Stepping ~*~*~tactically~*~*~ (hiding).
  9967 | D:10     | 9967 ||| Stepping ~*~*~tactically~*~*~ (hiding).
  9968 | D:10     | 9968 ||| Stepping ~*~*~tactically~*~*~ (hiding).
  9969 | D:10     | 9969 ||| Stepping ~*~*~tactically~*~*~ (hiding).
  9970 | D:10     | 9970 ||| Stepping ~*~*~tactically~*~*~ (hiding).
  9971 | D:10     | 9971 ||| Stepping ~*~*~tactically~*~*~ (hiding).
  9972 | D:10     | 9972 ||| Stepping ~*~*~tactically~*~*~ (hiding).
  9973 | D:10     | 9973 ||| Stepping ~*~*~tactically~*~*~ (hiding).
  9974 | D:10     | 9974 ||| Stepping ~*~*~tactically~*~*~ (hiding).
  9975 | D:10     | 9975 ||| Stepping ~*~*~tactically~*~*~ (hiding).
  9976 | D:10     | 9976 ||| Stepping ~*~*~tactically~*~*~ (hiding).
  9977 | D:10     | 9977 ||| Stepping ~*~*~tactically~*~*~ (hiding).
  9978 | D:10     | 9978 ||| Stepping ~*~*~tactically~*~*~ (hiding).
  9979 | D:10     | 9979 ||| Waiting for ranged monster.
 10030 | D:10     | 10030 ||| Stepping ~*~*~tactically~*~*~ (stealth).
 10049 | D:10     | Reached skill level 12 in Axes
 10053 | D:10     | Found a runed translucent gate.
 10054 | D:10     | Found a runed translucent gate.
 10153 | D:10     | Found a runed translucent gate.
 10156 | D:10     | Noticed endorz's ghost (novice TrFi)
 10156 | D:10     | Noticed Heluehyt's ghost (journeyman HOFi)
 10157 | D:10     | 10157 ||| INVOKING Brothers in Arms.
 10160 | D:10     | 10160 ||| INVOKING Berserk.
 10258 | D:10     | 10258 ||| UPGRADING to +0 buckler.
 10263 | D:10     | 10263 ||| READING scroll labeled NIETSA SABB.
 10264 | D:10     | 10264 ||| READING scroll labeled KUENEL XIZEGY.
 10308 | Lair:1   | Entered Level 1 of the Lair of Beasts
 10309 | Lair:1   | 10309 ||| Entered L.
 10361 | Lair:1   | Reached skill level 1 in Shields
 10388 | Lair:1   | 10388 ||| Stepping ~*~*~tactically~*~*~ (stealth).
 10474 | Lair:1   | 10474 ||| INVOKING Berserk.
 10478 | Lair:1   | Reached skill level 3 in Shields
 10756 | Lair:1   | 10756 ||| Stepping ~*~*~tactically~*~*~ (stealth).
 10758 | Lair:1   | 10758 ||| INVOKING Berserk.
 10877 | Lair:1   | 10877 ||| INVOKING Berserk.
 10924 | Lair:1   | 10924 ||| Stepping ~*~*~tactically~*~*~ (stealth).
 10991 | Lair:1   | 10991 ||| READING scroll of enchant weapon.
 10991 | Lair:1   | 10991 ||| ENCHANTING +6 war axe of chopping.
 11021 | Lair:1   | 11021 ||| Stepping ~*~*~tactically~*~*~ (stealth).
 11022 | Lair:1   | 11022 ||| Stepping ~*~*~tactically~*~*~ (stealth).
 11023 | Lair:1   | 11023 ||| Stepping ~*~*~tactically~*~*~ (stealth).
 11326 | Lair:1   | 11326 ||| READING 3 scrolls of identify.
 11326 | Lair:1   | 11326 ||| IDENTIFYING tubular diamond ring
 11327 | Lair:1   | 11327 ||| READING 2 scrolls of identify.
 11327 | Lair:1   | 11327 ||| IDENTIFYING fizzy purple potion
 11345 | Lair:2   | Reached skill level 10 in Fighting
 11422 | Lair:2   | 11422 ||| INVOKING Berserk.
 11556 | Lair:2   | Noticed an oklob plant
 11557 | Lair:2   | Noticed an oklob plant
 11559 | Lair:2   | 11559 ||| INVOKING Berserk.
 11575 | Lair:2   | 11575 ||| READING 2 scrolls of teleportation.
 11761 | Lair:2   | 11761 ||| INVOKING Berserk.
 11764 | Lair:2   | Reached XP level 12. HP: 77/77 MP: 12/12
 11838 | Lair:2   | Found a blossoming altar of Fedhas.
 11881 | Lair:2   | 11881 ||| Stepping ~*~*~tactically~*~*~ (stealth).
 11882 | Lair:2   | 11882 ||| Stepping ~*~*~tactically~*~*~ (stealth).
 11883 | Lair:2   | 11883 ||| INVOKING Berserk.
 11896 | Lair:2   | 11896 ||| READING scroll of teleportation.
 12017 | Lair:2   | Reached skill level 9 in Armour
 12032 | Lair:2   | Received a gift from Trog
 12130 | Lair:2   | 12130 ||| INVOKING Berserk.
 12317 | Lair:2   | 12317 ||| SWAPPING to glowing broad axe {god gift}.
 12318 | Lair:2   | 12318 ||| DROPPING +7 war axe of chopping.
 12352 | Lair:2   | Found a hazy altar of Hepliaklqana.
 12565 | Lair:2   | 12565 ||| DROPPING +2 ring mail of fire resistance.
 12566 | Lair:2   | 12566 ||| UPGRADING to plate armour.
 12576 | Lair:2   | 12576 ||| DROPPING +0 chain mail of cold resistance.
 12577 | Lair:2   | 12577 ||| READING 2 scrolls of identify.
 12577 | Lair:2   | 12577 ||| IDENTIFYING diamond ring
 12578 | Lair:2   | 12578 ||| DROPPING cursed ring of attention.
 12618 | Lair:3   | 12618 ||| EATING 24 rations.
 12884 | Lair:3   | 12884 ||| Stepping ~*~*~tactically~*~*~ (stealth).
 12885 | Lair:3   | 12885 ||| Stepping ~*~*~tactically~*~*~ (stealth).
 12886 | Lair:3   | 12886 ||| Stepping ~*~*~tactically~*~*~ (stealth).
 13180 | Lair:3   | 13180 ||| Stepping ~*~*~tactically~*~*~ (stealth).
 13182 | Lair:3   | 13182 ||| Stepping ~*~*~tactically~*~*~ (stealth).
 13184 | Lair:3   | 13184 ||| Stepping ~*~*~tactically~*~*~ (stealth).
 13187 | Lair:3   | 13187 ||| Stepping ~*~*~tactically~*~*~ (stealth).
 13191 | Lair:3   | 13191 ||| Stepping ~*~*~tactically~*~*~ (stealth).
 13192 | Lair:3   | 13192 ||| FLEEEEING.
 13194 | Lair:3   | 13194 ||| FLEEEEING.
 13195 | Lair:3   | 13195 ||| FLEEEEING.
 13196 | Lair:3   | 13196 ||| FLEEEEING.
 13197 | Lair:3   | 13197 ||| FLEEEEING.
 13198 | Lair:3   | 13198 ||| FLEEEEING.
 13199 | Lair:3   | 13199 ||| FLEEEEING.
 13200 | Lair:3   | 13200 ||| FLEEEEING.
 13201 | Lair:3   | 13201 ||| FLEEEEING.
 13202 | Lair:3   | 13202 ||| FLEEEEING.
 13203 | Lair:3   | 13203 ||| FLEEEEING.
 13204 | Lair:3   | 13204 ||| FLEEEEING.
 13205 | Lair:3   | 13205 ||| FLEEEEING.
 13206 | Lair:3   | 13206 ||| FLEEEEING.
 13207 | Lair:3   | 13207 ||| STAIRDANCE
 13209 | Lair:2   | 13209 ||| FLEEEEING.
 13210 | Lair:2   | 13210 ||| FLEEEEING.
 13211 | Lair:2   | 13211 ||| FLEEEEING.
 13212 | Lair:2   | 13212 ||| FLEEEEING.
 13213 | Lair:2   | 13213 ||| FLEEEEING.
 13214 | Lair:2   | 13214 ||| FLEEEEING.
 13215 | Lair:2   | 13215 ||| FLEEEEING.
 13248 | Lair:2   | 13248 ||| READING 3 scrolls of identify.
 13248 | Lair:2   | 13248 ||| IDENTIFYING sedimented inky potion
 13249 | Lair:2   | 13249 ||| READING 2 scrolls of identify.
 13249 | Lair:2   | 13249 ||| IDENTIFYING bubbling brown potion
 13259 | Lair:3   | 13259 ||| STAIRDANCE
 13305 | Lair:3   | 13305 ||| Stepping ~*~*~tactically~*~*~ (stealth).
 13306 | Lair:3   | 13306 ||| Stepping ~*~*~tactically~*~*~ (stealth).
 13307 | Lair:3   | 13307 ||| Stepping ~*~*~tactically~*~*~ (stealth).
 13345 | Lair:3   | Found a staircase to the Snake Pit.
 13348 | Lair:3   | 13348 ||| Stepping ~*~*~tactically~*~*~ (hiding).
 13349 | Lair:3   | 13349 ||| Waiting for ranged monster.
 13355 | Lair:3   | 13355 ||| Waiting for ranged monster.
 13356 | Lair:3   | 13356 ||| Waiting for ranged monster.
 13357 | Lair:3   | 13357 ||| Waiting for ranged monster.
 13417 | Lair:3   | Found a staircase to the Shoals.
 13419 | Lair:3   | 13419 ||| Stepping ~*~*~tactically~*~*~ (hiding).
 13446 | Lair:3   | Reached skill level 11 in Fighting
 13884 | Lair:3   | 13884 ||| READING scroll labeled YXKOGO YNISEN.
 14268 | Lair:4   | 14268 ||| Stepping ~*~*~tactically~*~*~ (stealth).
 14272 | Lair:4   | 14272 ||| Stepping ~*~*~tactically~*~*~ (stealth).
 14273 | Lair:4   | 14273 ||| Stepping ~*~*~tactically~*~*~ (stealth).
 14275 | Lair:4   | 14275 ||| Stepping ~*~*~tactically~*~*~ (stealth).
 14283 | Lair:4   | 14283 ||| FLEEEEING.
 14284 | Lair:4   | 14284 ||| FLEEEEING.
 14285 | Lair:4   | 14285 ||| FLEEEEING.
 14286 | Lair:4   | 14286 ||| FLEEEEING.
 14287 | Lair:4   | 14287 ||| FLEEEEING.
 14288 | Lair:4   | 14288 ||| FLEEEEING.
 14289 | Lair:4   | 14289 ||| FLEEEEING.
 14290 | Lair:4   | 14290 ||| FLEEEEING.
 14291 | Lair:4   | 14291 ||| FLEEEEING.
 14292 | Lair:4   | 14292 ||| FLEEEEING.
 14293 | Lair:4   | 14293 ||| FLEEEEING.
 14294 | Lair:4   | 14294 ||| FLEEEEING.
 14295 | Lair:4   | 14295 ||| FLEEEEING.
 14296 | Lair:4   | 14296 ||| FLEEEEING.
 14297 | Lair:4   | 14297 ||| FLEEEEING.
 14298 | Lair:4   | 14298 ||| FLEEEEING.
 14299 | Lair:4   | 14299 ||| FLEEEEING.
 14300 | Lair:4   | 14300 ||| FLEEEEING.
 14302 | Lair:4   | 14302 ||| FLEEEEING.
 14303 | Lair:4   | 14303 ||| FLEEEEING.
 14304 | Lair:4   | 14304 ||| FLEEEEING.
 14305 | Lair:4   | 14305 ||| FLEEEEING.
 14306 | Lair:4   | 14306 ||| FLEEEEING.
 14307 | Lair:4   | 14307 ||| FLEEEEING.
 14308 | Lair:4   | 14308 ||| FLEEEEING.
 14309 | Lair:4   | 14309 ||| FLEEEEING.
 14310 | Lair:4   | 14310 ||| FLEEEEING.
 14311 | Lair:4   | 14311 ||| FLEEEEING.
 14312 | Lair:4   | 14312 ||| FLEEEEING.
 14313 | Lair:4   | 14313 ||| FLEEEEING.
 14314 | Lair:4   | 14314 ||| FLEEEEING.
 14315 | Lair:4   | 14315 ||| FLEEEEING.
 14316 | Lair:4   | 14316 ||| STAIRDANCE
 14318 | Lair:3   | 14318 ||| FLEEEEING.
 14319 | Lair:3   | 14319 ||| FLEEEEING.
 14320 | Lair:3   | 14320 ||| FLEEEEING.
 14321 | Lair:3   | 14321 ||| FLEEEEING.
 14322 | Lair:3   | 14322 ||| FLEEEEING.
 14323 | Lair:3   | 14323 ||| FLEEEEING.
 14324 | Lair:3   | 14324 ||| FLEEEEING.
 14325 | Lair:3   | 14325 ||| FLEEEEING.
 14326 | Lair:3   | 14326 ||| FLEEEEING.
 14327 | Lair:3   | 14327 ||| FLEEEEING.
 14328 | Lair:3   | 14328 ||| FLEEEEING.
 14334 | Lair:3   | 14334 ||| STAIRDANCE
 14439 | Lair:4   | 14439 ||| Stepping ~*~*~tactically~*~*~ (stealth).
 14440 | Lair:4   | 14440 ||| Stepping ~*~*~tactically~*~*~ (stealth).
 14472 | Lair:4   | 14472 ||| Stepping ~*~*~tactically~*~*~ (stealth).
 14484 | Lair:4   | Noticed a dire elephant
 14485 | Lair:4   | 14485 ||| Stepping ~*~*~tactically~*~*~ (stealth).
 14487 | Lair:4   | 14487 ||| Stepping ~*~*~tactically~*~*~ (stealth).
 14508 | Lair:4   | Reached XP level 13. HP: 56/84 MP: 4/13
 14571 | Lair:4   | 14571 ||| Stepping ~*~*~tactically~*~*~ (stealth).
 14638 | Lair:4   | 14638 ||| Stepping ~*~*~tactically~*~*~ (stealth).
 14639 | Lair:4   | 14639 ||| Stepping ~*~*~tactically~*~*~ (stealth).
 14645 | Lair:4   | 14645 ||| Stepping ~*~*~tactically~*~*~ (stealth).
 14687 | Lair:4   | 14687 ||| Stepping ~*~*~tactically~*~*~ (stealth).
 14688 | Lair:4   | 14688 ||| Stepping ~*~*~tactically~*~*~ (stealth).
 14689 | Lair:4   | 14689 ||| Stepping ~*~*~tactically~*~*~ (stealth).
 14774 | Lair:4   | 14774 ||| Stepping ~*~*~tactically~*~*~ (stealth).
 14775 | Lair:4   | 14775 ||| Stepping ~*~*~tactically~*~*~ (stealth).
 14778 | Lair:4   | 14778 ||| INVOKING Berserk.
 14797 | Lair:4   | Killed a dire elephant
 14802 | Lair:4   | 14802 ||| READING 2 scrolls of teleportation.
 14805 | Lair:4   | 14805 ||| Stepping ~*~*~tactically~*~*~ (stealth).
 14806 | Lair:4   | 14806 ||| READING scroll of teleportation.
 14817 | Lair:4   | HP: 19/84 [black mamba (6)]
 14818 | Lair:4   | 14818 ||| DRINKING 3 potions of heal wounds.
 14831 | Lair:4   | HP: 16/84 [black mamba (9)]
 14832 | Lair:4   | 14832 ||| DRINKING 2 potions of heal wounds.
 14842 | Lair:4   | HP: 20/84 [blink frog (9)]
 14843 | Lair:4   | 14843 ||| DRINKING potion of heal wounds.
 15121 | Lair:4   | 15121 ||| READING scroll of enchant weapon.
 15121 | Lair:4   | 15121 ||| ENCHANTING +1 antimagic broad axe.
 15408 | Lair:4   | 15408 ||| Stepping ~*~*~tactically~*~*~ (stealth).
 15409 | Lair:4   | 15409 ||| Stepping ~*~*~tactically~*~*~ (stealth).
 15410 | Lair:4   | 15410 ||| Stepping ~*~*~tactically~*~*~ (stealth).
 15823 | Lair:5   | 15823 ||| STAIRDANCE
 15853 | Lair:5   | 15853 ||| STAIRDANCE
 16014 | Lair:5   | 16014 ||| FLEEEEING.
 16015 | Lair:5   | 16015 ||| FLEEEEING.
 16016 | Lair:5   | 16016 ||| FLEEEEING.
 16017 | Lair:5   | 16017 ||| FLEEEEING.
 16292 | Lair:5   | 16292 ||| FLEEEEING.
 16293 | Lair:5   | 16293 ||| FLEEEEING.
 16294 | Lair:5   | 16294 ||| FLEEEEING.
 16295 | Lair:5   | 16295 ||| FLEEEEING.
 16296 | Lair:5   | 16296 ||| FLEEEEING.
 16297 | Lair:5   | 16297 ||| FLEEEEING.
 16298 | Lair:5   | 16298 ||| FLEEEEING.
 16299 | Lair:5   | 16299 ||| FLEEEEING.
 16300 | Lair:5   | 16300 ||| FLEEEEING.
 16301 | Lair:5   | 16301 ||| FLEEEEING.
 16302 | Lair:5   | 16302 ||| FLEEEEING.
 16303 | Lair:5   | 16303 ||| FLEEEEING.
 16304 | Lair:5   | 16304 ||| FLEEEEING.
 16305 | Lair:5   | 16305 ||| FLEEEEING.
 16312 | Lair:5   | 16312 ||| FLEEEEING.
 16313 | Lair:5   | 16313 ||| FLEEEEING.
 16314 | Lair:5   | 16314 ||| FLEEEEING.
 16486 | Lair:5   | 16486 ||| INVOKING Brothers in Arms.
 16488 | Lair:5   | 16488 ||| SWAPPING to +2 eveningstar of crushing.
 16489 | Lair:5   | 16489 ||| INVOKING Berserk.
 16496 | Lair:5   | 16496 ||| SWAPPING to +2 antimagic broad axe.
 16732 | Lair:5   | 16732 ||| UPGRADING to golden ring.
 16733 | Lair:5   | 16733 ||| READING 4 scrolls of remove curse.
 16734 | Lair:5   | 16734 ||| REMOVING -5 ring of protection.
 16735 | Lair:5   | 16735 ||| DROPPING -5 ring of protection.
 16744 | Lair:6   | Entered Level 6 of the Lair of Beasts
 16746 | Lair:6   | 16746 ||| INVOKING Berserk.
 16754 | Lair:6   | Reached skill level 15 in Axes
 16755 | Lair:6   | 16755 ||| EATING 27 rations.
 16805 | Lair:6   | 16805 ||| Stepping ~*~*~tactically~*~*~ (stealth).
 16806 | Lair:6   | 16806 ||| Stepping ~*~*~tactically~*~*~ (stealth).
 16807 | Lair:6   | 16807 ||| Stepping ~*~*~tactically~*~*~ (stealth).
 16808 | Lair:6   | 16808 ||| Stepping ~*~*~tactically~*~*~ (stealth).
 16809 | Lair:6   | 16809 ||| Stepping ~*~*~tactically~*~*~ (stealth).
 16810 | Lair:6   | 16810 ||| Stepping ~*~*~tactically~*~*~ (stealth).
 16829 | Lair:6   | 16829 ||| FLEEEEING.
 16830 | Lair:6   | 16830 ||| STILL FLEEEEING.
 16831 | Lair:6   | 16831 ||| STILL FLEEEEING.
 16832 | Lair:6   | 16832 ||| STILL FLEEEEING.
 16833 | Lair:6   | 16833 ||| FLEEEEING.
 16834 | Lair:6   | 16834 ||| FLEEEEING.
 16835 | Lair:6   | 16835 ||| STAIRDANCE
 16938 | Lair:6   | 16938 ||| Stepping ~*~*~tactically~*~*~ (stealth).
 17028 | Lair:6   | 17028 ||| Stepping ~*~*~tactically~*~*~ (stealth).
 17029 | Lair:6   | 17029 ||| Stepping ~*~*~tactically~*~*~ (stealth).
 17162 | Lair:6   | 17162 ||| Stepping ~*~*~tactically~*~*~ (stealth).
 17178 | Lair:6   | Reached skill level 12 in Fighting
 17302 | Lair:6   | 17302 ||| Stepping ~*~*~tactically~*~*~ (stealth).
 17310 | Lair:6   | 17310 ||| Stepping ~*~*~tactically~*~*~ (stealth).
 17312 | Lair:6   | 17312 ||| Stepping ~*~*~tactically~*~*~ (stealth).
 17369 | Lair:6   | 17369 ||| Stepping ~*~*~tactically~*~*~ (stealth).
 17373 | Lair:6   | 17373 ||| INVOKING Berserk.
 17406 | Lair:6   | 17406 ||| Stepping ~*~*~tactically~*~*~ (stealth).
 17443 | Lair:6   | 17443 ||| Stepping ~*~*~tactically~*~*~ (stealth).
 17472 | Lair:6   | 17472 ||| Stepping ~*~*~tactically~*~*~ (stealth).
 17616 | Lair:6   | 17616 ||| INVOKING Berserk.
 17650 | Lair:6   | Received a gift from Trog
 17786 | Lair:6   | 17786 ||| Stepping ~*~*~tactically~*~*~ (stealth).
 17820 | Lair:6   | 17820 ||| Stepping ~*~*~tactically~*~*~ (stealth).
 17824 | Lair:6   | 17824 ||| INVOKING Brothers in Arms.
 17825 | Lair:6   | 17825 ||| INVOKING Brothers in Arms.
 17827 | Lair:6   | Reached skill level 12 in Armour
 17829 | Lair:6   | Gained mutation: Your large and strong wings let you fly
                  | indefinitely. [Gargoyle growth]
 17829 | Lair:6   | Reached XP level 14. HP: 85/92 MP: 4/14
 17884 | Lair:6   | 17884 ||| INVOKING Berserk.
 18018 | Lair:6   | 18018 ||| Stepping ~*~*~tactically~*~*~ (stealth).
 18199 | Lair:6   | 18199 ||| INVOKING Fly.
 18199 | Lair:6   | 18199 ||| FLYING.
 18320 | Lair:6   | 18320 ||| Stepping ~*~*~tactically~*~*~ (stealth).
 18341 | Lair:6   | 18341 ||| FLEEEEING.
 18342 | Lair:6   | 18342 ||| FLEEEEING.
 18343 | Lair:6   | 18343 ||| FLEEEEING.
 18344 | Lair:6   | 18344 ||| FLEEEEING.
 18345 | Lair:6   | 18345 ||| FLEEEEING.
 18346 | Lair:6   | 18346 ||| FLEEEEING.
 18347 | Lair:6   | 18347 ||| FLEEEEING.
 18348 | Lair:6   | 18348 ||| FLEEEEING.
 18349 | Lair:6   | 18349 ||| FLEEEEING.
 18350 | Lair:6   | 18350 ||| FLEEEEING.
 18351 | Lair:6   | 18351 ||| FLEEEEING.
 18352 | Lair:6   | 18352 ||| FLEEEEING.
 18353 | Lair:6   | 18353 ||| FLEEEEING.
 18354 | Lair:6   | 18354 ||| FLEEEEING.
 18355 | Lair:6   | 18355 ||| FLEEEEING.
 18356 | Lair:6   | 18356 ||| FLEEEEING.
 18357 | Lair:6   | 18357 ||| FLEEEEING.
 18358 | Lair:6   | 18358 ||| FLEEEEING.
 18359 | Lair:6   | 18359 ||| FLEEEEING.
 18360 | Lair:6   | 18360 ||| FLEEEEING.
 18361 | Lair:6   | 18361 ||| FLEEEEING.
 18362 | Lair:6   | 18362 ||| FLEEEEING.
 18363 | Lair:6   | 18363 ||| FLEEEEING.
 18364 | Lair:6   | 18364 ||| FLEEEEING.
 18365 | Lair:6   | 18365 ||| FLEEEEING.
 18366 | Lair:6   | 18366 ||| FLEEEEING.
 18367 | Lair:6   | 18367 ||| FLEEEEING.
 18368 | Lair:6   | 18368 ||| FLEEEEING.
 18369 | Lair:6   | 18369 ||| FLEEEEING.
 18370 | Lair:6   | 18370 ||| FLEEEEING.
 18371 | Lair:6   | 18371 ||| FLEEEEING.
 18372 | Lair:6   | 18372 ||| FLEEEEING.
 18373 | Lair:6   | 18373 ||| FLEEEEING.
 18374 | Lair:6   | 18374 ||| FLEEEEING.
 18375 | Lair:6   | 18375 ||| FLEEEEING.
 18376 | Lair:6   | 18376 ||| FLEEEEING.
 18377 | Lair:6   | 18377 ||| FLEEEEING.
 18378 | Lair:6   | 18378 ||| FLEEEEING.
 18379 | Lair:6   | 18379 ||| FLEEEEING.
 18380 | Lair:6   | 18380 ||| FLEEEEING.
 18381 | Lair:6   | 18381 ||| FLEEEEING.
 18382 | Lair:6   | 18382 ||| FLEEEEING.
 18383 | Lair:6   | 18383 ||| FLEEEEING.
 18384 | Lair:6   | 18384 ||| FLEEEEING.
 18385 | Lair:6   | 18385 ||| FLEEEEING.
 18386 | Lair:6   | 18386 ||| FLEEEEING.
 18387 | Lair:6   | 18387 ||| FLEEEEING.
 18388 | Lair:6   | 18388 ||| FLEEEEING.
 18389 | Lair:6   | 18389 ||| FLEEEEING.
 18390 | Lair:6   | 18390 ||| FLEEEEING.
 18391 | Lair:6   | 18391 ||| FLEEEEING.
 18392 | Lair:6   | 18392 ||| FLEEEEING.
 18393 | Lair:6   | 18393 ||| FLEEEEING.
 18394 | Lair:6   | 18394 ||| FLEEEEING.
 18395 | Lair:6   | 18395 ||| FLEEEEING.
 18396 | Lair:6   | 18396 ||| FLEEEEING.
 18397 | Lair:6   | 18397 ||| FLEEEEING.
 18398 | Lair:6   | 18398 ||| FLEEEEING.
 18399 | Lair:6   | 18399 ||| FLEEEEING.
 18409 | Lair:6   | 18409 ||| FLEEEEING.
 18410 | Lair:6   | 18410 ||| FLEEEEING.
 18411 | Lair:6   | 18411 ||| FLEEEEING.
 18412 | Lair:6   | 18412 ||| FLEEEEING.
 18413 | Lair:6   | 18413 ||| FLEEEEING.
 18414 | Lair:6   | 18414 ||| FLEEEEING.
 18415 | Lair:6   | 18415 ||| FLEEEEING.
 18416 | Lair:6   | 18416 ||| FLEEEEING.
 18417 | Lair:6   | 18417 ||| FLEEEEING.
 18418 | Lair:6   | 18418 ||| FLEEEEING.
 18419 | Lair:6   | 18419 ||| FLEEEEING.
 18420 | Lair:6   | 18420 ||| FLEEEEING.
 18421 | Lair:6   | 18421 ||| FLEEEEING.
 18422 | Lair:6   | 18422 ||| FLEEEEING.
 18429 | Lair:6   | 18429 ||| FLEEEEING.
 18620 | Lair:6   | 18620 ||| Stepping ~*~*~tactically~*~*~ (stealth).
 18662 | Lair:6   | 18662 ||| Stepping ~*~*~tactically~*~*~ (stealth).
 18663 | Lair:6   | 18663 ||| Stepping ~*~*~tactically~*~*~ (stealth).
 18666 | Lair:6   | 18666 ||| Stepping ~*~*~tactically~*~*~ (stealth).
 18765 | Lair:6   | 18765 ||| INVOKING Berserk.
 18780 | Lair:6   | 18780 ||| Stepping ~*~*~tactically~*~*~ (stealth).
 18782 | Lair:6   | 18782 ||| Stepping ~*~*~tactically~*~*~ (stealth).
 18783 | Lair:6   | 18783 ||| Stepping ~*~*~tactically~*~*~ (stealth).
 18872 | Lair:6   | 18872 ||| Stepping ~*~*~tactically~*~*~ (stealth).
 18873 | Lair:6   | 18873 ||| Stepping ~*~*~tactically~*~*~ (stealth).
 18874 | Lair:6   | 18874 ||| Stepping ~*~*~tactically~*~*~ (stealth).
 18935 | Lair:6   | 18935 ||| Stepping ~*~*~tactically~*~*~ (stealth).
 19003 | Lair:6   | 19003 ||| Stepping ~*~*~tactically~*~*~ (stealth).
 19004 | Lair:6   | 19004 ||| Stepping ~*~*~tactically~*~*~ (stealth).
 19006 | Lair:6   | 19006 ||| Stepping ~*~*~tactically~*~*~ (stealth).
 19008 | Lair:6   | 19008 ||| Stepping ~*~*~tactically~*~*~ (stealth).
 19011 | Lair:6   | 19011 ||| Stepping ~*~*~tactically~*~*~ (stealth).
 19014 | Lair:6   | 19014 ||| Stepping ~*~*~tactically~*~*~ (stealth).
 19015 | Lair:6   | 19015 ||| Stepping ~*~*~tactically~*~*~ (stealth).
 19016 | Lair:6   | 19016 ||| Stepping ~*~*~tactically~*~*~ (stealth).
 19017 | Lair:6   | 19017 ||| Stepping ~*~*~tactically~*~*~ (stealth).
 19018 | Lair:6   | 19018 ||| STAIRDANCE
 19025 | Lair:5   | 19025 ||| UPGRADING to +2 buckler.
 19035 | Lair:5   | 19035 ||| DROPPING +0 buckler.
 19036 | Lair:5   | 19036 ||| UPGRADING to moonstone ring.
 19037 | Lair:5   | 19037 ||| READING 5 scrolls of identify.
 19037 | Lair:5   | 19037 ||| IDENTIFYING sapphire potion
 19046 | Lair:6   | 19046 ||| Stepping ~*~*~tactically~*~*~ (stealth).
 19148 | Lair:6   | Found a staircase to the Slime Pits.
 19633 | D:11     | 19633 ||| FLEEEEING.
 19634 | D:11     | 19634 ||| FLEEEEING.
 19635 | D:11     | 19635 ||| FLEEEEING.
 19636 | D:11     | 19636 ||| FLEEEEING.
 19637 | D:11     | 19637 ||| FLEEEEING.
 19638 | D:11     | 19638 ||| FLEEEEING.
 19639 | D:11     | 19639 ||| FLEEEEING.
 19640 | D:11     | 19640 ||| FLEEEEING.
 19641 | D:11     | 19641 ||| FLEEEEING.
 19642 | D:11     | 19642 ||| FLEEEEING.
 19643 | D:11     | 19643 ||| FLEEEEING.
 19644 | D:11     | 19644 ||| FLEEEEING.
 19645 | D:11     | 19645 ||| FLEEEEING.
 19646 | D:11     | 19646 ||| FLEEEEING.
 19647 | D:11     | 19647 ||| FLEEEEING.
 19648 | D:11     | 19648 ||| STAIRDANCE
 19723 | D:11     | 19723 ||| FLEEEEING.
 19724 | D:11     | 19724 ||| FLEEEEING.
 19733 | D:11     | Received a gift from Trog
 19734 | D:11     | 19734 ||| STAIRDANCE
 19987 | D:11     | 19987 ||| Stepping ~*~*~tactically~*~*~ (hiding).
 19988 | D:11     | 19988 ||| Waiting for ranged monster.
 19989 | D:11     | 19989 ||| Waiting for ranged monster.
 19990 | D:11     | 19990 ||| Waiting for ranged monster.
 19991 | D:11     | 19991 ||| Waiting for ranged monster.
 19992 | D:11     | 19992 ||| Waiting for ranged monster.
 19997 | D:11     | 19997 ||| Stepping ~*~*~tactically~*~*~ (hiding).
 19998 | D:11     | 19998 ||| Waiting for ranged monster.
 19999 | D:11     | 19999 ||| Waiting for ranged monster.
 20005 | D:11     | 20005 ||| Stepping ~*~*~tactically~*~*~ (hiding).
 20006 | D:11     | 20006 ||| Waiting for ranged monster.
 20010 | D:11     | 20010 ||| Stepping ~*~*~tactically~*~*~ (hiding).
 20075 | D:11     | 20075 ||| Stepping ~*~*~tactically~*~*~ (stealth).
 20086 | D:11     | 20086 ||| Stepping ~*~*~tactically~*~*~ (stealth).
 20087 | D:11     | 20087 ||| Stepping ~*~*~tactically~*~*~ (stealth).
 20289 | D:11     | 20289 ||| Stepping ~*~*~tactically~*~*~ (stealth).
 20490 | D:11     | Found a staircase to the Orcish Mines.
 20495 | D:11     | 20495 ||| Stepping ~*~*~tactically~*~*~ (hiding).
 20496 | D:11     | 20496 ||| Waiting for ranged monster.
 20502 | D:11     | 20502 ||| Waiting for ranged monster.
 20503 | D:11     | 20503 ||| Waiting for ranged monster.
 20504 | D:11     | 20504 ||| Waiting for ranged monster.
 20528 | D:11     | 20528 ||| Stepping ~*~*~tactically~*~*~ (stealth).
 20530 | D:11     | 20530 ||| Stepping ~*~*~tactically~*~*~ (hiding).
 20531 | D:11     | 20531 ||| Waiting for ranged monster.
 20532 | D:11     | 20532 ||| Waiting for ranged monster.
 20628 | D:11     | 20628 ||| Stepping ~*~*~tactically~*~*~ (stealth).
 21169 | D:11     | 21169 ||| READING 5 scrolls of identify.
 21169 | D:11     | 21169 ||| IDENTIFYING lumpy coppery potion
 21170 | D:11     | 21170 ||| DROPPING potion of brilliance.
 21241 | D:12     | Noticed Sonja
 21242 | D:12     | 21242 ||| INVOKING Brothers in Arms.
 21243 | D:12     | 21243 ||| INVOKING Brothers in Arms.
 21247 | D:12     | Killed Sonja
 21251 | D:12     | Reached skill level 13 in Fighting
 21364 | D:12     | 21364 ||| EATING 30 rations.
 21381 | D:12     | 21381 ||| Stepping ~*~*~tactically~*~*~ (stealth).
 21392 | D:12     | 21392 ||| Stepping ~*~*~tactically~*~*~ (stealth).
 21394 | D:12     | 21394 ||| Stepping ~*~*~tactically~*~*~ (stealth).
 21395 | D:12     | 21395 ||| Stepping ~*~*~tactically~*~*~ (stealth).
 21396 | D:12     | 21396 ||| INVOKING Berserk.
 21428 | D:12     | Received a gift from Trog
 21562 | D:12     | 21562 ||| Stepping ~*~*~tactically~*~*~ (stealth).
 21563 | D:12     | 21563 ||| Stepping ~*~*~tactically~*~*~ (stealth).
 21564 | D:12     | 21564 ||| Stepping ~*~*~tactically~*~*~ (stealth).
 21565 | D:12     | 21565 ||| Stepping ~*~*~tactically~*~*~ (stealth).
 21566 | D:12     | 21566 ||| Stepping ~*~*~tactically~*~*~ (stealth).
 21609 | D:12     | Noticed Frances
 21610 | D:12     | 21610 ||| Stepping ~*~*~tactically~*~*~ (stealth).
 21613 | D:12     | 21613 ||| INVOKING Brothers in Arms.
 21614 | D:12     | 21614 ||| INVOKING Brothers in Arms.
 21615 | D:12     | 21615 ||| INVOKING Berserk.
 21631 | D:12     | Killed Frances
 21664 | D:12     | 21664 ||| EATING 30 rations.
 21695 | D:12     | 21695 ||| Stepping ~*~*~tactically~*~*~ (hiding).
 21696 | D:12     | 21696 ||| Stepping ~*~*~tactically~*~*~ (hiding).
 21697 | D:12     | 21697 ||| Waiting for ranged monster.
 21698 | D:12     | 21698 ||| Waiting for ranged monster.
 21703 | D:12     | 21703 ||| Waiting for ranged monster.
 21704 | D:12     | 21704 ||| Waiting for ranged monster.
 21705 | D:12     | 21705 ||| Waiting for ranged monster.
 21868 | D:12     | 21868 ||| Stepping ~*~*~tactically~*~*~ (hiding).
 21869 | D:12     | 21869 ||| Waiting for ranged monster.
 21870 | D:12     | 21870 ||| Waiting for ranged monster.
 21967 | D:12     | 21967 ||| Stepping ~*~*~tactically~*~*~ (stealth).
 21968 | D:12     | 21968 ||| Stepping ~*~*~tactically~*~*~ (stealth).
 21969 | D:12     | 21969 ||| Stepping ~*~*~tactically~*~*~ (stealth).
 21970 | D:12     | 21970 ||| Stepping ~*~*~tactically~*~*~ (stealth).
 21971 | D:12     | 21971 ||| Stepping ~*~*~tactically~*~*~ (stealth).
 21974 | D:12     | 21974 ||| Stepping ~*~*~tactically~*~*~ (stealth).
 21975 | D:12     | 21975 ||| Stepping ~*~*~tactically~*~*~ (stealth).
 21978 | D:12     | 21978 ||| Stepping ~*~*~tactically~*~*~ (stealth).
 21987 | D:12     | 21987 ||| INVOKING Berserk.
 22099 | D:12     | Noticed Erolcha
 22100 | D:12     | 22100 ||| INVOKING Trog's Hand.
 22105 | D:12     | 22105 ||| INVOKING Berserk.
 22111 | D:12     | Killed Erolcha
 22391 | D:12     | 22391 ||| UPGRADING to ring of protection.
 22393 | D:12     | 22393 ||| READING 8 scrolls of remove curse.
 22394 | D:12     | 22394 ||| REMOVING -2 ring of protection.
 22395 | D:12     | 22395 ||| DROPPING -2 ring of protection.
 22396 | D:12     | 22396 ||| UPGRADING to +3 ring of dexterity.
 22397 | D:12     | 22397 ||| READING scroll labeled CEAVIU JONI.
 22409 | D:13     | Noticed Urug
 22410 | D:13     | 22410 ||| Stepping ~*~*~tactically~*~*~ (hiding).
 22411 | D:13     | 22411 ||| Waiting for ranged monster.
 22423 | D:13     | Killed Urug
 22599 | D:13     | 22599 ||| READING scroll of enchant armour.
 22599 | D:13     | 22599 ||| ENCHANTING +0 helmet.
 22667 | D:13     | 22667 ||| Stepping ~*~*~tactically~*~*~ (hiding).
 22668 | D:13     | 22668 ||| Stepping ~*~*~tactically~*~*~ (hiding).
 22760 | D:13     | Found a gate to the Vaults.
 22785 | D:13     | 22785 ||| INVOKING Berserk.
 22790 | D:13     | Reached XP level 15. HP: 66/98 MP: 5/15
 22793 | D:13     | Received a gift from Trog
 23051 | D:13     | Got an encrusted broad axe {god gift}
 23052 | D:13     | 23052 ||| SWAPPING to encrusted broad axe {god gift}.
 23052 | D:13     | Identified the +8 broad axe of Trog's Castigation {chop,
                  | +Blink rC- MR++ Str+2} (Trog gifted it to you on level 13
                  | of the Dungeon)
 23053 | D:13     | 23053 ||| DROPPING +2 antimagic broad axe.
 23096 | D:13     | Noticed Nessos
 23097 | D:13     | 23097 ||| Stepping ~*~*~tactically~*~*~ (hiding).
 23098 | D:13     | 23098 ||| Waiting for ranged monster.
 23099 | D:13     | 23099 ||| INVOKING Brothers in Arms.
 23102 | D:13     | Killed Nessos
 23103 | D:13     | 23103 ||| Waiting for ranged monster.
 23104 | D:13     | 23104 ||| Waiting for ranged monster.
 23105 | D:13     | 23105 ||| Waiting for ranged monster.
 23106 | D:13     | 23106 ||| Waiting for ranged monster.
 23107 | D:13     | 23107 ||| EATING 32 rations.
 23154 | D:13     | 23154 ||| INVOKING Berserk.
 23289 | D:13     | 23289 ||| UPGRADING to +0 large shield.
 23299 | D:13     | 23299 ||| DROPPING +2 buckler.
 23300 | D:13     | 23300 ||| UPGRADING to ring of fire.
 23302 | D:13     | 23302 ||| READING 7 scrolls of identify.
 23302 | D:13     | 23302 ||| IDENTIFYING dark potion
 23303 | D:13     | 23303 ||| DROPPING potion of berserk rage.
 23374 | D:14     | 23374 ||| Stepping ~*~*~tactically~*~*~ (stealth).
 23377 | D:14     | 23377 ||| Stepping ~*~*~tactically~*~*~ (stealth).
 23382 | D:14     | 23382 ||| Stepping ~*~*~tactically~*~*~ (stealth).
 23426 | D:14     | 23426 ||| INVOKING Berserk.
 23431 | D:14     | Reached skill level 6 in Shields
 23446 | D:14     | 23446 ||| READING 5 scrolls of teleportation.
 23472 | D:14     | 23472 ||| INVOKING Berserk.
 23481 | D:14     | 23481 ||| READING 4 scrolls of teleportation.
 23521 | D:14     | 23521 ||| EATING 31 rations.
 23767 | D:14     | 23767 ||| Stepping ~*~*~tactically~*~*~ (stealth).
 23877 | D:14     | 23877 ||| INVOKING Berserk.
 23928 | D:14     | Found a portal to a secret trove of treasure.
 23991 | D:14     | 23991 ||| Stepping ~*~*~tactically~*~*~ (stealth).
 23992 | D:14     | 23992 ||| Stepping ~*~*~tactically~*~*~ (stealth).
 23994 | D:14     | 23994 ||| Stepping ~*~*~tactically~*~*~ (stealth).
 23996 | D:14     | 23996 ||| Stepping ~*~*~tactically~*~*~ (stealth).
 24026 | D:14     | 24026 ||| EATING 31 rations.
 24451 | D:14     | 24451 ||| READING scroll labeled RURGHAWN BUJICU.
 24466 | D:15     | Entered Level 15 of the Dungeon
 24633 | D:15     | 24633 ||| SWAPPING to +2 eveningstar of crushing.
 24634 | D:15     | 24634 ||| REMOVING ring of fire.
 24635 | D:15     | 24635 ||| INVOKING Berserk.
 24642 | D:15     | 24642 ||| SWAPPING to +8 broad axe of Trog's Castigation
                  | {chop, +Blink rC- MR++ Str+2}.
 24686 | D:15     | Found an opulent altar of Gozag.
 24714 | D:15     | 24714 ||| READING scroll of enchant armour.
 24714 | D:15     | 24714 ||| ENCHANTING +1 helmet.
 24785 | D:15     | 24785 ||| Stepping ~*~*~tactically~*~*~ (stealth).
 24808 | D:15     | Found a staircase to the Depths.
 24810 | D:15     | Noticed a fire giant
 24812 | D:15     | 24812 ||| INVOKING Berserk.
 24817 | D:15     | Killed a fire giant
 24901 | D:15     | 24901 ||| Stepping ~*~*~tactically~*~*~ (stealth).
 24902 | D:15     | 24902 ||| Stepping ~*~*~tactically~*~*~ (stealth).
 24904 | D:15     | 24904 ||| INVOKING Trog's Hand.
 24906 | D:15     | Reached skill level 9 in Shields
 24920 | D:15     | 24920 ||| Stepping ~*~*~tactically~*~*~ (stealth).
 24921 | D:15     | 24921 ||| Stepping ~*~*~tactically~*~*~ (stealth).
 24935 | D:15     | 24935 ||| Stepping ~*~*~tactically~*~*~ (stealth).
 24937 | D:15     | 24937 ||| INVOKING Berserk.
 25106 | D:15     | 25106 ||| Stepping ~*~*~tactically~*~*~ (stealth).
 25107 | D:15     | 25107 ||| Stepping ~*~*~tactically~*~*~ (stealth).
 25108 | D:15     | 25108 ||| Stepping ~*~*~tactically~*~*~ (stealth).
 25261 | D:15     | 25261 ||| Stepping ~*~*~tactically~*~*~ (stealth).
 25267 | D:15     | 25267 ||| Stepping ~*~*~tactically~*~*~ (stealth).
 25268 | D:15     | 25268 ||| Stepping ~*~*~tactically~*~*~ (stealth).
 25274 | D:15     | 25274 ||| SWAPPING to +2 eveningstar of crushing.
 25275 | D:15     | 25275 ||| INVOKING Berserk.
 25283 | D:15     | 25283 ||| SWAPPING to +8 broad axe of Trog's Castigation
                  | {chop, +Blink rC- MR++ Str+2}.
 25304 | D:15     | 25304 ||| EATING 36 rations.
 25504 | D:15     | 25504 ||| UPGRADING to +3 ring of dexterity.
 25505 | D:15     | 25505 ||| UPGRADING to ring of fire.
 25626 | D:12     | 25626 ||| Stepping ~*~*~tactically~*~*~ (stealth).
 25637 | D:12     | 25637 ||| Stepping ~*~*~tactically~*~*~ (stealth).
 25638 | D:12     | 25638 ||| Stepping ~*~*~tactically~*~*~ (stealth).
 25639 | D:12     | 25639 ||| Stepping ~*~*~tactically~*~*~ (stealth).
 25715 | Orc:1    | Entered Level 1 of the Orcish Mines
 25716 | Orc:1    | 25716 ||| Entered O.
 25746 | Orc:1    | 25746 ||| Stepping ~*~*~tactically~*~*~ (stealth).
 25748 | Orc:1    | 25748 ||| Stepping ~*~*~tactically~*~*~ (stealth).
 25915 | Orc:1    | Noticed Snorg
 25923 | Orc:1    | 25923 ||| FLEEEEING.
 25924 | Orc:1    | 25924 ||| INVOKING Berserk.
 25925 | Orc:1    | Killed Snorg
 25926 | Orc:1    | 25926 ||| STILL FLEEEEING.
 25927 | Orc:1    | 25927 ||| STILL FLEEEEING.
 25928 | Orc:1    | 25928 ||| STILL FLEEEEING.
 25929 | Orc:1    | 25929 ||| STILL FLEEEEING.
 25930 | Orc:1    | 25930 ||| STILL FLEEEEING.
 25931 | Orc:1    | 25931 ||| STILL FLEEEEING.
 25932 | Orc:1    | 25932 ||| FLEEEEING.
 25933 | Orc:1    | 25933 ||| FLEEEEING.
 25934 | Orc:1    | 25934 ||| STAIRDANCE
 25994 | Orc:1    | 25994 ||| Stepping ~*~*~tactically~*~*~ (stealth).
 25996 | Orc:1    | 25996 ||| Stepping ~*~*~tactically~*~*~ (stealth).
 25998 | Orc:1    | 25998 ||| Stepping ~*~*~tactically~*~*~ (hiding).
 25999 | Orc:1    | 25999 ||| Stepping ~*~*~tactically~*~*~ (hiding).
 26004 | Orc:1    | 26004 ||| Stepping ~*~*~tactically~*~*~ (stealth).
 26005 | Orc:1    | 26005 ||| Stepping ~*~*~tactically~*~*~ (stealth).
 26058 | Orc:1    | 26058 ||| Stepping ~*~*~tactically~*~*~ (hiding).
 26060 | Orc:1    | 26060 ||| Waiting for ranged monster.
 26061 | Orc:1    | 26061 ||| Waiting for ranged monster.
 26062 | Orc:1    | 26062 ||| Waiting for ranged monster.
 26098 | Orc:1    | 26098 ||| Stepping ~*~*~tactically~*~*~ (hiding).
 26099 | Orc:1    | 26099 ||| Stepping ~*~*~tactically~*~*~ (hiding).
 26101 | Orc:1    | 26101 ||| Stepping ~*~*~tactically~*~*~ (hiding).
 26102 | Orc:1    | 26102 ||| Stepping ~*~*~tactically~*~*~ (hiding).
 26104 | Orc:1    | 26104 ||| Stepping ~*~*~tactically~*~*~ (hiding).
 26105 | Orc:1    | 26105 ||| Stepping ~*~*~tactically~*~*~ (hiding).
 26107 | Orc:1    | 26107 ||| Stepping ~*~*~tactically~*~*~ (hiding).
 26108 | Orc:1    | 26108 ||| Stepping ~*~*~tactically~*~*~ (hiding).
 26109 | Orc:1    | 26109 ||| Stepping ~*~*~tactically~*~*~ (hiding).
 26111 | Orc:1    | 26111 ||| Stepping ~*~*~tactically~*~*~ (hiding).
 26113 | Orc:1    | 26113 ||| Stepping ~*~*~tactically~*~*~ (hiding).
 26114 | Orc:1    | 26114 ||| Stepping ~*~*~tactically~*~*~ (hiding).
 26116 | Orc:1    | 26116 ||| Stepping ~*~*~tactically~*~*~ (hiding).
 26117 | Orc:1    | 26117 ||| Stepping ~*~*~tactically~*~*~ (hiding).
 26118 | Orc:1    | 26118 ||| Stepping ~*~*~tactically~*~*~ (hiding).
 26119 | Orc:1    | Received a gift from Trog
 26120 | Orc:1    | 26120 ||| Stepping ~*~*~tactically~*~*~ (hiding).
 26154 | Orc:1    | 26154 ||| Stepping ~*~*~tactically~*~*~ (stealth).
 26159 | Orc:1    | 26159 ||| Stepping ~*~*~tactically~*~*~ (stealth).
 26181 | Orc:1    | Noticed Nergalle
 26192 | Orc:1    | Killed Nergalle
 26194 | Orc:1    | 26194 ||| Stepping ~*~*~tactically~*~*~ (stealth).
 26195 | Orc:1    | 26195 ||| Stepping ~*~*~tactically~*~*~ (stealth).
 26196 | Orc:1    | 26196 ||| Stepping ~*~*~tactically~*~*~ (stealth).
 26197 | Orc:1    | 26197 ||| Stepping ~*~*~tactically~*~*~ (stealth).
 26198 | Orc:1    | 26198 ||| Stepping ~*~*~tactically~*~*~ (stealth).
 26200 | Orc:1    | 26200 ||| Stepping ~*~*~tactically~*~*~ (stealth).
 26299 | Orc:1    | You are sucked into a shaft and drop 1 floor!
 26299 | Orc:2    | Entered Level 2 of the Orcish Mines
 26303 | Orc:2    | 26303 ||| Shafted from Orc:1 to Orc:2.
 26303 | Orc:2    | 26303 ||| Stepping ~*~*~tactically~*~*~ (hiding).
 26336 | Orc:2    | 26336 ||| Stepping ~*~*~tactically~*~*~ (stealth).
 26338 | Orc:2    | 26338 ||| Stepping ~*~*~tactically~*~*~ (stealth).
 26341 | Orc:2    | 26341 ||| Stepping ~*~*~tactically~*~*~ (stealth).
 26342 | Orc:2    | 26342 ||| Stepping ~*~*~tactically~*~*~ (stealth).
 26343 | Orc:2    | 26343 ||| Stepping ~*~*~tactically~*~*~ (stealth).
 26358 | Orc:2    | 26358 ||| Stepping ~*~*~tactically~*~*~ (stealth).
 26379 | Orc:2    | 26379 ||| Stepping ~*~*~tactically~*~*~ (stealth).
 26380 | Orc:2    | 26380 ||| Stepping ~*~*~tactically~*~*~ (stealth).
 26386 | Orc:2    | 26386 ||| Stepping ~*~*~tactically~*~*~ (stealth).
 26388 | Orc:2    | 26388 ||| Stepping ~*~*~tactically~*~*~ (stealth).
 26389 | Orc:2    | 26389 ||| Stepping ~*~*~tactically~*~*~ (stealth).
 26390 | Orc:2    | 26390 ||| Stepping ~*~*~tactically~*~*~ (stealth).
 26395 | Orc:2    | 26395 ||| Stepping ~*~*~tactically~*~*~ (stealth).
 26396 | Orc:2    | 26396 ||| Stepping ~*~*~tactically~*~*~ (stealth).
 26406 | Orc:2    | 26406 ||| Stepping ~*~*~tactically~*~*~ (stealth).
 26412 | Orc:2    | 26412 ||| Stepping ~*~*~tactically~*~*~ (stealth).
 26423 | Orc:2    | 26423 ||| Stepping ~*~*~tactically~*~*~ (stealth).
 26427 | Orc:2    | 26427 ||| Stepping ~*~*~tactically~*~*~ (stealth).
 26435 | Orc:2    | 26435 ||| Stepping ~*~*~tactically~*~*~ (stealth).
 26444 | Orc:2    | 26444 ||| Stepping ~*~*~tactically~*~*~ (stealth).
 26445 | Orc:2    | 26445 ||| Stepping ~*~*~tactically~*~*~ (stealth).
 26461 | Orc:1    | 26461 ||| Successfully unshafted to Orc:1.
 26504 | Orc:1    | Noticed Maurice
 26505 | Orc:1    | 26505 ||| Stepping ~*~*~tactically~*~*~ (hiding).
 26506 | Orc:1    | 26506 ||| Stepping ~*~*~tactically~*~*~ (hiding).
 26507 | Orc:1    | 26507 ||| Stepping ~*~*~tactically~*~*~ (hiding).
 26508 | Orc:1    | 26508 ||| Stepping ~*~*~tactically~*~*~ (hiding).
 26509 | Orc:1    | 26509 ||| Stepping ~*~*~tactically~*~*~ (hiding).
 26510 | Orc:1    | 26510 ||| Stepping ~*~*~tactically~*~*~ (hiding).
 26511 | Orc:1    | 26511 ||| Stepping ~*~*~tactically~*~*~ (hiding).
 26521 | Orc:1    | Killed Maurice
 26582 | Orc:1    | 26582 ||| INVOKING Berserk.
 26794 | Orc:1    | 26794 ||| Stepping ~*~*~tactically~*~*~ (stealth).
 26797 | Orc:1    | 26797 ||| Stepping ~*~*~tactically~*~*~ (stealth).
 26798 | Orc:1    | 26798 ||| Stepping ~*~*~tactically~*~*~ (stealth).
 27037 | Orc:1    | 27037 ||| Stepping ~*~*~tactically~*~*~ (hiding).
 27038 | Orc:1    | 27038 ||| Stepping ~*~*~tactically~*~*~ (hiding).
 27039 | Orc:1    | 27039 ||| Waiting for ranged monster.
 27040 | Orc:1    | 27040 ||| Waiting for ranged monster.
 27040 | Orc:1    | Noticed a fire giant
 27041 | Orc:1    | 27041 ||| Stepping ~*~*~tactically~*~*~ (hiding).
 27042 | Orc:1    | 27042 ||| Stepping ~*~*~tactically~*~*~ (hiding).
 27043 | Orc:1    | 27043 ||| Stepping ~*~*~tactically~*~*~ (hiding).
 27053 | Orc:1    | 27053 ||| INVOKING Berserk.
 27055 | Orc:1    | Killed a fire giant
 27055 | Orc:1    | Reached skill level 12 in Shields
 27055 | Orc:1    | Reached XP level 16. HP: 102/104 MP: 16/16
 27059 | Orc:1    | Identified the +11 mace of the Candle {freeze, Int+7}
 27071 | Orc:1    | Received a gift from Trog
 27241 | Orc:1    | 27241 ||| READING scroll of enchant armour.
 27241 | Orc:1    | 27241 ||| ENCHANTING +0 pair of boots.
 27292 | Orc:1    | 27292 ||| Stepping ~*~*~tactically~*~*~ (stealth).
 27294 | Orc:1    | 27294 ||| Stepping ~*~*~tactically~*~*~ (hiding).
 27295 | Orc:1    | 27295 ||| Stepping ~*~*~tactically~*~*~ (hiding).
 27296 | Orc:1    | 27296 ||| Stepping ~*~*~tactically~*~*~ (hiding).
 27297 | Orc:1    | 27297 ||| Waiting for ranged monster.
 27298 | Orc:1    | 27298 ||| Waiting for ranged monster.
 27299 | Orc:1    | 27299 ||| Waiting for ranged monster.
 27300 | Orc:1    | 27300 ||| Stepping ~*~*~tactically~*~*~ (hiding).
 27301 | Orc:1    | 27301 ||| Waiting for ranged monster.
 27302 | Orc:1    | 27302 ||| Waiting for ranged monster.
 27304 | Orc:1    | 27304 ||| Waiting for ranged monster.
 27305 | Orc:1    | 27305 ||| Waiting for ranged monster.
 27306 | Orc:1    | 27306 ||| Waiting for ranged monster.
 27307 | Orc:1    | 27307 ||| Waiting for ranged monster.
 27308 | Orc:1    | 27308 ||| Waiting for ranged monster.
 27309 | Orc:1    | 27309 ||| Waiting for ranged monster.
 27321 | Orc:1    | 27321 ||| Stepping ~*~*~tactically~*~*~ (stealth).
 27342 | Orc:1    | 27342 ||| Stepping ~*~*~tactically~*~*~ (hiding).
 27343 | Orc:1    | 27343 ||| Stepping ~*~*~tactically~*~*~ (hiding).
 27344 | Orc:1    | 27344 ||| Stepping ~*~*~tactically~*~*~ (hiding).
 27352 | Orc:1    | 27352 ||| Waiting for ranged monster.
 27353 | Orc:1    | 27353 ||| Waiting for ranged monster.
 27354 | Orc:1    | 27354 ||| Stepping ~*~*~tactically~*~*~ (stealth).
 27450 | Orc:2    | 27450 ||| STAIRDANCE
 27463 | Orc:2    | 27463 ||| STAIRDANCE
 27475 | Orc:2    | 27475 ||| STAIRDANCE
 27546 | Orc:2    | 27546 ||| Stepping ~*~*~tactically~*~*~ (stealth).
 27551 | Orc:2    | 27551 ||| Stepping ~*~*~tactically~*~*~ (stealth).
 27552 | Orc:2    | 27552 ||| Stepping ~*~*~tactically~*~*~ (stealth).
 27558 | Orc:2    | 27558 ||| Stepping ~*~*~tactically~*~*~ (stealth).
 27560 | Orc:2    | 27560 ||| Stepping ~*~*~tactically~*~*~ (hiding).
 27562 | Orc:2    | 27562 ||| Waiting for ranged monster.
 27565 | Orc:2    | 27565 ||| Waiting for ranged monster.
 27568 | Orc:2    | 27568 ||| Waiting for ranged monster.
 27569 | Orc:2    | 27569 ||| Waiting for ranged monster.
 27631 | Orc:2    | 27631 ||| Stepping ~*~*~tactically~*~*~ (stealth).
 27632 | Orc:2    | 27632 ||| Stepping ~*~*~tactically~*~*~ (stealth).
 27633 | Orc:2    | 27633 ||| Stepping ~*~*~tactically~*~*~ (stealth).
 27693 | Orc:2    | 27693 ||| READING scroll of enchant armour.
 27693 | Orc:2    | 27693 ||| ENCHANTING +1 pair of boots.
 27759 | Orc:2    | 27759 ||| READING scroll of enchant armour.
 27759 | Orc:2    | 27759 ||| ENCHANTING +0 plate armour.
 27777 | Orc:2    | 27777 ||| Stepping ~*~*~tactically~*~*~ (hiding).
 27778 | Orc:2    | 27778 ||| Stepping ~*~*~tactically~*~*~ (hiding).
 27779 | Orc:2    | 27779 ||| Waiting for ranged monster.
 27780 | Orc:2    | 27780 ||| Waiting for ranged monster.
 27781 | Orc:2    | 27781 ||| Waiting for ranged monster.
 27782 | Orc:2    | 27782 ||| Waiting for ranged monster.
 27783 | Orc:2    | 27783 ||| Waiting for ranged monster.
 27786 | Orc:2    | 27786 ||| Waiting for ranged monster.
 27787 | Orc:2    | 27787 ||| Waiting for ranged monster.
 27865 | Orc:2    | 27865 ||| INVOKING Berserk.
 27953 | Orc:2    | 27953 ||| Stepping ~*~*~tactically~*~*~ (hiding).
 27954 | Orc:2    | 27954 ||| Stepping ~*~*~tactically~*~*~ (hiding).
 27955 | Orc:2    | 27955 ||| Stepping ~*~*~tactically~*~*~ (hiding).
 27956 | Orc:2    | 27956 ||| Waiting for ranged monster.
 27957 | Orc:2    | 27957 ||| Waiting for ranged monster.
 27958 | Orc:2    | 27958 ||| Stepping ~*~*~tactically~*~*~ (hiding).
 27959 | Orc:2    | 27959 ||| Waiting for ranged monster.
 27960 | Orc:2    | 27960 ||| Waiting for ranged monster.
 27961 | Orc:2    | 27961 ||| Waiting for ranged monster.
 27966 | Orc:2    | 27966 ||| Waiting for ranged monster.
 27967 | Orc:2    | 27967 ||| Waiting for ranged monster.
 27981 | Orc:2    | 27981 ||| Stepping ~*~*~tactically~*~*~ (stealth).
 27982 | Orc:2    | 27982 ||| Stepping ~*~*~tactically~*~*~ (stealth).
 27983 | Orc:2    | 27983 ||| Stepping ~*~*~tactically~*~*~ (stealth).
 27985 | Orc:2    | 27985 ||| Stepping ~*~*~tactically~*~*~ (hiding).
 27989 | Orc:2    | 27989 ||| Waiting for ranged monster.
 27990 | Orc:2    | Noticed Saint Roka
 27991 | Orc:2    | 27991 ||| INVOKING Brothers in Arms.
 28002 | Orc:2    | 28002 ||| INVOKING Berserk.
 28015 | Orc:2    | Killed Saint Roka
 28275 | Orc:2    | 28275 ||| Stepping ~*~*~tactically~*~*~ (stealth).
 28276 | Orc:2    | Received a gift from Trog
 28284 | Orc:2    | 28284 ||| Stepping ~*~*~tactically~*~*~ (hiding).
 28293 | Orc:2    | 28293 ||| Waiting for ranged monster.
 28305 | Orc:2    | Found a staircase to the Elven Halls.
 28340 | Orc:2    | 28340 ||| INVOKING Trog's Hand.
 28346 | Orc:2    | 28346 ||| INVOKING Berserk.
 28468 | Orc:2    | 28468 ||| Stepping ~*~*~tactically~*~*~ (hiding).
 28469 | Orc:2    | 28469 ||| Waiting for ranged monster.
 28470 | Orc:2    | 28470 ||| Waiting for ranged monster.
 28471 | Orc:2    | 28471 ||| Stepping ~*~*~tactically~*~*~ (hiding).
 28472 | Orc:2    | 28472 ||| Stepping ~*~*~tactically~*~*~ (hiding).
 28473 | Orc:2    | 28473 ||| Waiting for ranged monster.
 28479 | Orc:2    | 28479 ||| Waiting for ranged monster.
 28480 | Orc:2    | 28480 ||| Waiting for ranged monster.
 28481 | Orc:2    | 28481 ||| Waiting for ranged monster.
 28536 | Orc:2    | 28536 ||| Stepping ~*~*~tactically~*~*~ (hiding).
 28538 | Orc:2    | 28538 ||| Stepping ~*~*~tactically~*~*~ (hiding).
 28542 | Orc:2    | Noticed Donald
 28543 | Orc:2    | 28543 ||| Stepping ~*~*~tactically~*~*~ (stealth).
 28551 | Orc:2    | 28551 ||| INVOKING Berserk.
 28571 | Orc:2    | 28571 ||| Stepping ~*~*~tactically~*~*~ (hiding).
 28572 | Orc:2    | 28572 ||| Stepping ~*~*~tactically~*~*~ (hiding).
 28578 | Orc:2    | 28578 ||| Waiting for ranged monster.
 28579 | Orc:2    | 28579 ||| Waiting for ranged monster.
 28580 | Orc:2    | 28580 ||| Waiting for ranged monster.
 28581 | Orc:2    | 28581 ||| Waiting for ranged monster.
 28605 | Orc:2    | Killed Donald
 28626 | Orc:2    | 28626 ||| Stepping ~*~*~tactically~*~*~ (stealth).
 28637 | Orc:2    | 28637 ||| Stepping ~*~*~tactically~*~*~ (stealth).
 28823 | Orc:2    | 28823 ||| Stepping ~*~*~tactically~*~*~ (stealth).
 28825 | Orc:2    | 28825 ||| INVOKING Trog's Hand.
 28828 | Orc:2    | 28828 ||| INVOKING Berserk.
 28833 | Orc:2    | Reached skill level 14 in Fighting
 28861 | Orc:2    | 28861 ||| Stepping ~*~*~tactically~*~*~ (stealth).
 28861 | Orc:2    | Found a roughly hewn altar of Beogh.
 28871 | Orc:2    | 28871 ||| Stepping ~*~*~tactically~*~*~ (stealth).
 28885 | Orc:2    | 28885 ||| Stepping ~*~*~tactically~*~*~ (stealth).
 28915 | Orc:2    | 28915 ||| INVOKING Berserk.
 29016 | Orc:2    | 29016 ||| Stepping ~*~*~tactically~*~*~ (hiding).
 29017 | Orc:2    | 29017 ||| Waiting for ranged monster.
 29018 | Orc:2    | 29018 ||| Waiting for ranged monster.
 29019 | Orc:2    | 29019 ||| Stepping ~*~*~tactically~*~*~ (hiding).
 29020 | Orc:2    | 29020 ||| Waiting for ranged monster.
 29026 | Orc:2    | 29026 ||| Waiting for ranged monster.
 29068 | Orc:2    | 29068 ||| INVOKING Berserk.
 29145 | Orc:2    | Found Soqynkos's Antique Weapon Boutique.
 29150 | Orc:2    | 29150 ||| INVOKING Berserk.
 29457 | Orc:2    | Found Qunyink's Weapon Emporium.
 29481 | Orc:2    | Found Himy's Distillery.
 29496 | Orc:2    | Bought a potion of haste for 150 gold pieces
 29496 | Orc:2    | Bought a potion of curing for 45 gold pieces
 29496 | Orc:2    | Bought a potion of curing for 45 gold pieces
 29516 | Orc:2    | Received a gift from Trog
 29616 | Orc:2    | Found a roughly hewn altar of Beogh.
 29636 | Orc:2    | 29636 ||| INVOKING Trog's Hand.
 29637 | Orc:2    | 29637 ||| INVOKING Berserk.
 29663 | Orc:2    | 29663 ||| READING 4 scrolls of teleportation.
 29846 | Orc:2    | 29846 ||| INVOKING Trog's Hand.
 29848 | Orc:2    | 29848 ||| INVOKING Berserk.
 29942 | Orc:2    | 29942 ||| INVOKING Trog's Hand.
 29943 | Orc:2    | 29943 ||| INVOKING Berserk.
 30066 | Orc:2    | Found Qement's Distillery.
 30074 | Orc:2    | Bought a potion of haste for 120 gold pieces
 30074 | Orc:2    | Bought 2 potions of mutation for 192 gold pieces
 30074 | Orc:2    | Bought a potion of cancellation for 96 gold pieces
 30074 | Orc:2    | Bought a potion of curing for 36 gold pieces
 30074 | Orc:2    | Bought a potion of might for 48 gold pieces
 30074 | Orc:2    | Bought a potion of curing for 36 gold pieces
 30074 | Orc:2    | Bought a potion of heal wounds for 60 gold pieces
 30074 | Orc:2    | Bought a potion of cancellation for 96 gold pieces
 30074 | Orc:2    | Bought a potion of resistance for 120 gold pieces
 30074 | Orc:2    | Bought a potion of heal wounds for 60 gold pieces
 30074 | Orc:2    | Bought a potion of might for 48 gold pieces
 30074 | Orc:2    | 30074 ||| UPGRADING to glowing hat.
 30084 | Orc:2    | 30084 ||| UPGRADING to +2 helmet.
 30094 | Orc:2    | 30094 ||| DROPPING +1 hat.
 30095 | Orc:2    | 30095 ||| UPGRADING to +4 plate armour of cold resistance.
 30105 | Orc:2    | 30105 ||| REMOVING ring of fire.
 30106 | Orc:2    | 30106 ||| DROPPING +1 plate armour.
 30107 | Orc:2    | 30107 ||| UPGRADING to +3 ring of dexterity.
 30550 | D:10     | 30550 ||| EATING 35 rations.
 30728 | Snake:1  | Entered Level 1 of the Snake Pit
 30729 | Snake:1  | 30729 ||| Entered P.
 30730 | Snake:1  | 30730 ||| INVOKING Berserk.
 30895 | Snake:1  | 30895 ||| DROPPING +2 eveningstar of crushing.
 30951 | Snake:1  | Noticed Aizul
 30952 | Snake:1  | 30952 ||| INVOKING Trog's Hand.
 30954 | Snake:1  | 30954 ||| INVOKING Berserk.
 30964 | Snake:1  | Killed Aizul
 31008 | Snake:1  | Found Ohee's Weapon Shoppe.
 31246 | Snake:1  | 31246 ||| Stepping ~*~*~tactically~*~*~ (hiding).
 31247 | Snake:1  | 31247 ||| Waiting for ranged monster.
 31248 | Snake:1  | 31248 ||| Waiting for ranged monster.
 31249 | Snake:1  | 31249 ||| Waiting for ranged monster.
 31263 | Snake:1  | 31263 ||| INVOKING Berserk.
 31307 | Snake:1  | 31307 ||| EATING 39 rations.
 31338 | Snake:1  | 31338 ||| INVOKING Berserk.
 31354 | Snake:1  | 31354 ||| READING 3 scrolls of teleportation.
 31440 | Snake:1  | 31440 ||| Stepping ~*~*~tactically~*~*~ (hiding).
 31441 | Snake:1  | 31441 ||| Stepping ~*~*~tactically~*~*~ (hiding).
 31442 | Snake:1  | 31442 ||| Stepping ~*~*~tactically~*~*~ (hiding).
 31443 | Snake:1  | 31443 ||| Stepping ~*~*~tactically~*~*~ (hiding).
 31451 | Snake:1  | 31451 ||| Waiting for ranged monster.
 31452 | Snake:1  | 31452 ||| Waiting for ranged monster.
 31462 | Snake:1  | 31462 ||| Stepping ~*~*~tactically~*~*~ (hiding).
 31463 | Snake:1  | 31463 ||| Stepping ~*~*~tactically~*~*~ (hiding).
 31464 | Snake:1  | 31464 ||| Waiting for ranged monster.
 31465 | Snake:1  | 31465 ||| Waiting for ranged monster.
 31472 | Snake:1  | 31472 ||| Waiting for ranged monster.
 31509 | Snake:1  | 31509 ||| Stepping ~*~*~tactically~*~*~ (hiding).
 31510 | Snake:1  | 31510 ||| Waiting for ranged monster.
 31515 | Snake:1  | 31515 ||| INVOKING Berserk.
 31528 | Snake:1  | 31528 ||| READING 2 scrolls of teleportation.
 31645 | Snake:1  | 31645 ||| INVOKING Berserk.
 31652 | Snake:1  | 31652 ||| EATING 38 rations.
 31777 | Snake:1  | 31777 ||| Stepping ~*~*~tactically~*~*~ (hiding).
 31778 | Snake:1  | 31778 ||| Waiting for ranged monster.
 31779 | Snake:1  | 31779 ||| Waiting for ranged monster.
 31780 | Snake:1  | 31780 ||| Waiting for ranged monster.
 31781 | Snake:1  | 31781 ||| Waiting for ranged monster.
 31782 | Snake:1  | 31782 ||| Waiting for ranged monster.
 31784 | Snake:1  | 31784 ||| INVOKING Berserk.
 31787 | Snake:1  | Reached XP level 17. HP: 111/111 MP: 17/17
 31838 | Snake:1  | Found a large runed translucent door.
 31838 | Snake:1  | Found a large runed translucent door.
 31848 | Snake:1  | Noticed Ysytsuar's ghost (adept DEWz)
 31865 | Snake:1  | 31865 ||| Stepping ~*~*~tactically~*~*~ (hiding).
 31866 | Snake:1  | 31866 ||| Stepping ~*~*~tactically~*~*~ (hiding).
 31867 | Snake:1  | 31867 ||| Stepping ~*~*~tactically~*~*~ (hiding).
 31868 | Snake:1  | 31868 ||| Waiting for ranged monster.
 31872 | Snake:1  | 31872 ||| INVOKING Berserk.
 31917 | Snake:1  | 31917 ||| EATING 37 rations.
 32107 | Snake:1  | 32107 ||| INVOKING Berserk.
 32112 | Snake:1  | 32112 ||| FLEEEEING.
 32113 | Snake:1  | 32113 ||| FLEEEEING.
 32114 | Snake:1  | 32114 ||| STILL FLEEEEING.
 32115 | Snake:1  | 32115 ||| STILL FLEEEEING.
 32116 | Snake:1  | 32116 ||| STILL FLEEEEING.
 32117 | Snake:1  | 32117 ||| STILL FLEEEEING.
 32118 | Snake:1  | 32118 ||| STILL FLEEEEING.
 32119 | Snake:1  | 32119 ||| STILL FLEEEEING.
 32120 | Snake:1  | 32120 ||| STILL FLEEEEING.
 32121 | Snake:1  | 32121 ||| STILL FLEEEEING.
 32122 | Snake:1  | 32122 ||| STILL FLEEEEING.
 32167 | Snake:1  | 32167 ||| INVOKING Berserk.
 32172 | Snake:1  | 32172 ||| FLEEEEING.
 32173 | Snake:1  | 32173 ||| FLEEEEING.
 32174 | Snake:1  | 32174 ||| STILL FLEEEEING.
 32175 | Snake:1  | 32175 ||| STILL FLEEEEING.
 32176 | Snake:1  | 32176 ||| STILL FLEEEEING.
 32177 | Snake:1  | 32177 ||| STILL FLEEEEING.
 32178 | Snake:1  | 32178 ||| STILL FLEEEEING.
 32179 | Snake:1  | 32179 ||| STILL FLEEEEING.
 32180 | Snake:1  | 32180 ||| STILL FLEEEEING.
 32181 | Snake:1  | 32181 ||| STILL FLEEEEING.
 32182 | Snake:1  | 32182 ||| STILL FLEEEEING.
 32223 | Snake:1  | 32223 ||| INVOKING Berserk.
 32228 | Snake:1  | 32228 ||| FLEEEEING.
 32229 | Snake:1  | 32229 ||| FLEEEEING.
 32230 | Snake:1  | 32230 ||| STILL FLEEEEING.
 32231 | Snake:1  | 32231 ||| STILL FLEEEEING.
 32232 | Snake:1  | 32232 ||| STILL FLEEEEING.
 32233 | Snake:1  | 32233 ||| STILL FLEEEEING.
 32234 | Snake:1  | 32234 ||| STILL FLEEEEING.
 32235 | Snake:1  | 32235 ||| STILL FLEEEEING.
 32236 | Snake:1  | 32236 ||| STILL FLEEEEING.
 32237 | Snake:1  | 32237 ||| STILL FLEEEEING.
 32238 | Snake:1  | 32238 ||| STILL FLEEEEING.
 32268 | Snake:1  | 32268 ||| EATING 36 rations.
 32280 | Snake:1  | 32280 ||| INVOKING Berserk.
 32285 | Snake:1  | 32285 ||| FLEEEEING.
 32286 | Snake:1  | 32286 ||| FLEEEEING.
 32287 | Snake:1  | 32287 ||| STILL FLEEEEING.
 32288 | Snake:1  | 32288 ||| STILL FLEEEEING.
 32289 | Snake:1  | 32289 ||| STILL FLEEEEING.
 32290 | Snake:1  | 32290 ||| STILL FLEEEEING.
 32291 | Snake:1  | 32291 ||| STILL FLEEEEING.
 32292 | Snake:1  | 32292 ||| STILL FLEEEEING.
 32293 | Snake:1  | 32293 ||| STILL FLEEEEING.
 32294 | Snake:1  | 32294 ||| STILL FLEEEEING.
 32295 | Snake:1  | 32295 ||| STILL FLEEEEING.
 32349 | Snake:1  | 32349 ||| INVOKING Berserk.
 32354 | Snake:1  | 32354 ||| FLEEEEING.
 32355 | Snake:1  | 32355 ||| FLEEEEING.
 32357 | Snake:1  | 32357 ||| FLEEEEING.
 32358 | Snake:1  | 32358 ||| STILL FLEEEEING.
 32359 | Snake:1  | 32359 ||| STILL FLEEEEING.
 32360 | Snake:1  | 32360 ||| STILL FLEEEEING.
 32361 | Snake:1  | 32361 ||| STILL FLEEEEING.
 32362 | Snake:1  | 32362 ||| STILL FLEEEEING.
 32363 | Snake:1  | 32363 ||| STILL FLEEEEING.
 32364 | Snake:1  | 32364 ||| STILL FLEEEEING.
 32365 | Snake:1  | 32365 ||| STILL FLEEEEING.
 32366 | Snake:1  | 32366 ||| STILL FLEEEEING.
 32408 | Snake:1  | 32408 ||| INVOKING Berserk.
 32413 | Snake:1  | 32413 ||| FLEEEEING.
 32415 | Snake:1  | 32415 ||| FLEEEEING.
 32417 | Snake:1  | 32417 ||| FLEEEEING.
 32419 | Snake:1  | 32419 ||| FLEEEEING.
 32421 | Snake:1  | 32421 ||| FLEEEEING.
 32423 | Snake:1  | 32423 ||| FLEEEEING.
 32425 | Snake:1  | 32425 ||| FLEEEEING.
 32427 | Snake:1  | 32427 ||| FLEEEEING.
 32429 | Snake:1  | 32429 ||| FLEEEEING.
 32431 | Snake:1  | 32431 ||| FLEEEEING.
 32433 | Snake:1  | 32433 ||| FLEEEEING.
 32434 | Snake:1  | 32434 ||| FLEEEEING.
 32435 | Snake:1  | 32435 ||| STILL FLEEEEING.
 32443 | Snake:1  | 32443 ||| READING scroll of teleportation.
 32449 | Snake:1  | 32449 ||| EATING 35 rations.
 32450 | Snake:1  | 32450 ||| UPGRADING to pair of runed gloves.
 32460 | Snake:1  | 32460 ||| UPGRADING to +2 pair of gloves.
 32470 | Snake:1  | 32470 ||| DROPPING +1 pair of gloves.
 32718 | Snake:2  | 32718 ||| Stepping ~*~*~tactically~*~*~ (hiding).
 32719 | Snake:2  | 32719 ||| Waiting for ranged monster.
 32720 | Snake:2  | 32720 ||| Waiting for ranged monster.
 32721 | Snake:2  | 32721 ||| Stepping ~*~*~tactically~*~*~ (hiding).
 32722 | Snake:2  | 32722 ||| Waiting for ranged monster.
 32723 | Snake:2  | 32723 ||| Waiting for ranged monster.
 32724 | Snake:2  | 32724 ||| Waiting for ranged monster.
 32729 | Snake:2  | Reached skill level 18 in Axes
 32730 | Snake:2  | 32730 ||| Waiting for ranged monster.
 32734 | Snake:2  | 32734 ||| Stepping ~*~*~tactically~*~*~ (hiding).
 32735 | Snake:2  | 32735 ||| Waiting for ranged monster.
 32736 | Snake:2  | 32736 ||| Waiting for ranged monster.
 32737 | Snake:2  | 32737 ||| Waiting for ranged monster.
 32766 | Snake:2  | 32766 ||| Stepping ~*~*~tactically~*~*~ (hiding).
 32767 | Snake:2  | 32767 ||| Waiting for ranged monster.
 32768 | Snake:2  | 32768 ||| Waiting for ranged monster.
 32769 | Snake:2  | 32769 ||| Waiting for ranged monster.
 32770 | Snake:2  | 32770 ||| Waiting for ranged monster.
 32771 | Snake:2  | 32771 ||| Waiting for ranged monster.
 32824 | Snake:2  | 32824 ||| Stepping ~*~*~tactically~*~*~ (stealth).
 32825 | Snake:2  | 32825 ||| Stepping ~*~*~tactically~*~*~ (stealth).
 32948 | Snake:2  | 32948 ||| Stepping ~*~*~tactically~*~*~ (stealth).
 32950 | Snake:2  | 32950 ||| Stepping ~*~*~tactically~*~*~ (hiding).
 32951 | Snake:2  | 32951 ||| Stepping ~*~*~tactically~*~*~ (hiding).
 32952 | Snake:2  | 32952 ||| Waiting for ranged monster.
 32953 | Snake:2  | 32953 ||| Stepping ~*~*~tactically~*~*~ (hiding).
 32954 | Snake:2  | 32954 ||| Stepping ~*~*~tactically~*~*~ (hiding).
 32955 | Snake:2  | 32955 ||| Waiting for ranged monster.
 32956 | Snake:2  | 32956 ||| Stepping ~*~*~tactically~*~*~ (hiding).
 32957 | Snake:2  | 32957 ||| Stepping ~*~*~tactically~*~*~ (hiding).
 32958 | Snake:2  | 32958 ||| Stepping ~*~*~tactically~*~*~ (hiding).
 32959 | Snake:2  | 32959 ||| Waiting for ranged monster.
 32960 | Snake:2  | 32960 ||| Stepping ~*~*~tactically~*~*~ (hiding).
 32966 | Snake:2  | 32966 ||| INVOKING Berserk.
 33024 | Snake:2  | Found Seag's Book Shop.
 33083 | Snake:2  | 33083 ||| Stepping ~*~*~tactically~*~*~ (hiding).
 33084 | Snake:2  | 33084 ||| Stepping ~*~*~tactically~*~*~ (hiding).
 33085 | Snake:2  | 33085 ||| Stepping ~*~*~tactically~*~*~ (hiding).
 33090 | Snake:2  | 33090 ||| Waiting for ranged monster.
 33098 | Snake:2  | 33098 ||| Stepping ~*~*~tactically~*~*~ (hiding).
 33099 | Snake:2  | 33099 ||| Waiting for ranged monster.
 33100 | Snake:2  | 33100 ||| Waiting for ranged monster.
 33101 | Snake:2  | 33101 ||| Waiting for ranged monster.
 33102 | Snake:2  | 33102 ||| Waiting for ranged monster.
 33103 | Snake:2  | 33103 ||| Waiting for ranged monster.
 33106 | Snake:2  | 33106 ||| Waiting for ranged monster.
 33107 | Snake:2  | 33107 ||| Waiting for ranged monster.
 33223 | Snake:2  | 33223 ||| Stepping ~*~*~tactically~*~*~ (hiding).
 33224 | Snake:2  | 33224 ||| Waiting for ranged monster.
 33225 | Snake:2  | 33225 ||| Waiting for ranged monster.
 33226 | Snake:2  | 33226 ||| Waiting for ranged monster.
 33230 | Snake:2  | 33230 ||| Waiting for ranged monster.
 33231 | Snake:2  | 33231 ||| Waiting for ranged monster.
 33232 | Snake:2  | 33232 ||| Waiting for ranged monster.
 33234 | Snake:2  | 33234 ||| Stepping ~*~*~tactically~*~*~ (hiding).
 33235 | Snake:2  | 33235 ||| Waiting for ranged monster.
 33236 | Snake:2  | 33236 ||| Waiting for ranged monster.
 33237 | Snake:2  | 33237 ||| Stepping ~*~*~tactically~*~*~ (hiding).
 33238 | Snake:2  | 33238 ||| Waiting for ranged monster.
 33239 | Snake:2  | 33239 ||| Waiting for ranged monster.
 33240 | Snake:2  | 33240 ||| Waiting for ranged monster.
 33243 | Snake:2  | 33243 ||| INVOKING Berserk.
 33491 | Snake:2  | 33491 ||| Stepping ~*~*~tactically~*~*~ (hiding).
 33492 | Snake:2  | 33492 ||| Waiting for ranged monster.
 33493 | Snake:2  | 33493 ||| Stepping ~*~*~tactically~*~*~ (hiding).
 33494 | Snake:2  | 33494 ||| Waiting for ranged monster.
 33500 | Snake:2  | 33500 ||| Waiting for ranged monster.
 33501 | Snake:2  | 33501 ||| Waiting for ranged monster.
 33502 | Snake:2  | 33502 ||| Waiting for ranged monster.
 33642 | Snake:2  | 33642 ||| READING scroll labeled FELAS BUDEX.
 33753 | Snake:3  | 33753 ||| Stepping ~*~*~tactically~*~*~ (hiding).
 33754 | Snake:3  | 33754 ||| Stepping ~*~*~tactically~*~*~ (hiding).
 33755 | Snake:3  | 33755 ||| Waiting for ranged monster.
 33756 | Snake:3  | 33756 ||| Waiting for ranged monster.
 33757 | Snake:3  | 33757 ||| Waiting for ranged monster.
 33758 | Snake:3  | 33758 ||| Waiting for ranged monster.
 33759 | Snake:3  | 33759 ||| Stepping ~*~*~tactically~*~*~ (hiding).
 33762 | Snake:3  | 33762 ||| INVOKING Berserk.
 33981 | Snake:3  | 33981 ||| Stepping ~*~*~tactically~*~*~ (hiding).
 33982 | Snake:3  | 33982 ||| Stepping ~*~*~tactically~*~*~ (hiding).
 33983 | Snake:3  | 33983 ||| Waiting for ranged monster.
 33984 | Snake:3  | 33984 ||| Waiting for ranged monster.
 33985 | Snake:3  | 33985 ||| Waiting for ranged monster.
 33986 | Snake:3  | 33986 ||| Waiting for ranged monster.
 34049 | Snake:3  | Received a gift from Trog
 34082 | Snake:3  | 34082 ||| SWAPPING to runed broad axe {god gift}.
 34083 | Snake:3  | 34083 ||| SWAPPING to +8 broad axe of Trog's Castigation
                  | {chop, +Blink rC- MR++ Str+2}.
 34084 | Snake:3  | 34084 ||| DROPPING +2 broad axe.
 34124 | Snake:3  | 34124 ||| INVOKING Berserk.
 34126 | Snake:3  | Reached skill level 6 in Dodging
 34146 | Snake:3  | 34146 ||| EATING 35 rations.
 34200 | Snake:3  | 34200 ||| Stepping ~*~*~tactically~*~*~ (stealth).
 34202 | Snake:3  | 34202 ||| Stepping ~*~*~tactically~*~*~ (hiding).
 34203 | Snake:3  | 34203 ||| Waiting for ranged monster.
 34204 | Snake:3  | 34204 ||| Waiting for ranged monster.
 34205 | Snake:3  | 34205 ||| Waiting for ranged monster.
 34206 | Snake:3  | 34206 ||| Waiting for ranged monster.
 34207 | Snake:3  | 34207 ||| Waiting for ranged monster.
 34208 | Snake:3  | 34208 ||| Waiting for ranged monster.
 34209 | Snake:3  | 34209 ||| Waiting for ranged monster.
 34283 | Snake:3  | Found Zoexur's Weapon Shoppe.
 34285 | Snake:3  | 34285 ||| Stepping ~*~*~tactically~*~*~ (stealth).
 34288 | Snake:3  | 34288 ||| READING 11 scrolls of identify.
 34288 | Snake:3  | 34288 ||| IDENTIFYING fuming orange potion
 34384 | Snake:3  | 34384 ||| INVOKING Berserk.
 34729 | Snake:3  | 34729 ||| Stepping ~*~*~tactically~*~*~ (hiding).
 34730 | Snake:3  | 34730 ||| Waiting for ranged monster.
 34731 | Snake:3  | 34731 ||| Waiting for ranged monster.
 34732 | Snake:3  | 34732 ||| Stepping ~*~*~tactically~*~*~ (hiding).
 34735 | Snake:3  | 34735 ||| INVOKING Berserk.
 34809 | Snake:3  | 34809 ||| EATING 35 rations.
 34901 | Snake:3  | 34901 ||| DROPPING potion of ambrosia.
 34948 | Snake:4  | Entered Level 4 of the Snake Pit
 34971 | Snake:4  | 34971 ||| Stepping ~*~*~tactically~*~*~ (hiding).
 34972 | Snake:4  | 34972 ||| Waiting for ranged monster.
 34973 | Snake:4  | 34973 ||| Waiting for ranged monster.
 34974 | Snake:4  | 34974 ||| Waiting for ranged monster.
 34975 | Snake:4  | 34975 ||| Stepping ~*~*~tactically~*~*~ (hiding).
 34976 | Snake:4  | 34976 ||| Waiting for ranged monster.
 34977 | Snake:4  | 34977 ||| Waiting for ranged monster.
 34978 | Snake:4  | 34978 ||| Waiting for ranged monster.
 34981 | Snake:4  | 34981 ||| Waiting for ranged monster.
 34982 | Snake:4  | 34982 ||| Waiting for ranged monster.
 34983 | Snake:4  | 34983 ||| Waiting for ranged monster.
 34984 | Snake:4  | 34984 ||| Waiting for ranged monster.
 34985 | Snake:4  | 34985 ||| Stepping ~*~*~tactically~*~*~ (hiding).
 34986 | Snake:4  | 34986 ||| Waiting for ranged monster.
 34987 | Snake:4  | 34987 ||| Waiting for ranged monster.
 34988 | Snake:4  | 34988 ||| Waiting for ranged monster.
 34996 | Snake:4  | Reached skill level 15 in Fighting
 35054 | Snake:4  | 35054 ||| Stepping ~*~*~tactically~*~*~ (hiding).
 35055 | Snake:4  | 35055 ||| Stepping ~*~*~tactically~*~*~ (hiding).
 35061 | Snake:4  | 35061 ||| Stepping ~*~*~tactically~*~*~ (hiding).
 35062 | Snake:4  | 35062 ||| Waiting for ranged monster.
 35063 | Snake:4  | 35063 ||| Waiting for ranged monster.
 35072 | Snake:4  | 35072 ||| Stepping ~*~*~tactically~*~*~ (hiding).
 35073 | Snake:4  | 35073 ||| Waiting for ranged monster.
 35074 | Snake:4  | 35074 ||| Waiting for ranged monster.
 35075 | Snake:4  | 35075 ||| Stepping ~*~*~tactically~*~*~ (hiding).
 35076 | Snake:4  | 35076 ||| Stepping ~*~*~tactically~*~*~ (hiding).
 35077 | Snake:4  | 35077 ||| Stepping ~*~*~tactically~*~*~ (hiding).
 35096 | Snake:4  | 35096 ||| Stepping ~*~*~tactically~*~*~ (hiding).
 35097 | Snake:4  | 35097 ||| Waiting for ranged monster.
 35098 | Snake:4  | 35098 ||| Waiting for ranged monster.
 35099 | Snake:4  | 35099 ||| Waiting for ranged monster.
 35100 | Snake:4  | 35100 ||| Waiting for ranged monster.
 35101 | Snake:4  | 35101 ||| Waiting for ranged monster.
 35102 | Snake:4  | 35102 ||| Waiting for ranged monster.
 35103 | Snake:4  | 35103 ||| Waiting for ranged monster.
 35149 | Snake:4  | 35149 ||| Stepping ~*~*~tactically~*~*~ (hiding).
 35150 | Snake:4  | 35150 ||| Waiting for ranged monster.
 35155 | Snake:4  | 35155 ||| Waiting for ranged monster.
 35156 | Snake:4  | 35156 ||| Waiting for ranged monster.
 35157 | Snake:4  | 35157 ||| Waiting for ranged monster.
 35158 | Snake:4  | 35158 ||| Waiting for ranged monster.
 35216 | Snake:4  | Noticed Bai Suzhen
 35217 | Snake:4  | 35217 ||| INVOKING Brothers in Arms.
 35218 | Snake:4  | 35218 ||| INVOKING Brothers in Arms.
 35220 | Snake:4  | 35220 ||| INVOKING Berserk.
 35243 | Snake:4  | Killed Bai Suzhen
 35261 | Snake:4  | 35261 ||| FLEEEEING.
 35262 | Snake:4  | 35262 ||| STAIRDANCE
 35391 | Snake:4  | 35391 ||| INVOKING Berserk.
 35426 | Snake:4  | 35426 ||| EATING 34 rations.
 35434 | Snake:4  | 35434 ||| Stepping ~*~*~tactically~*~*~ (stealth).
 35462 | Snake:4  | Reached skill level 15 in Shields
 35548 | Snake:4  | 35548 ||| Stepping ~*~*~tactically~*~*~ (stealth).
 35550 | Snake:4  | 35550 ||| Stepping ~*~*~tactically~*~*~ (hiding).
 35551 | Snake:4  | 35551 ||| Waiting for ranged monster.
 35552 | Snake:4  | 35552 ||| Waiting for ranged monster.
 35556 | Snake:4  | 35556 ||| Waiting for ranged monster.
 35557 | Snake:4  | 35557 ||| Waiting for ranged monster.
 35558 | Snake:4  | 35558 ||| Waiting for ranged monster.
 35559 | Snake:4  | 35559 ||| Waiting for ranged monster.
 35625 | Snake:4  | Reached XP level 18. HP: 114/119 MP: 18/18
 35641 | Snake:4  | 35641 ||| Stepping ~*~*~tactically~*~*~ (stealth).
 35646 | Snake:4  | 35646 ||| Stepping ~*~*~tactically~*~*~ (stealth).
 35647 | Snake:4  | 35647 ||| Stepping ~*~*~tactically~*~*~ (stealth).
 35648 | Snake:4  | 35648 ||| Stepping ~*~*~tactically~*~*~ (stealth).
 35671 | Snake:4  | Received a gift from Trog
 35727 | Snake:4  | 35727 ||| DROPPING +1 hand axe of flaming.
 35791 | Snake:4  | 35791 ||| Stepping ~*~*~tactically~*~*~ (hiding).
 35792 | Snake:4  | 35792 ||| Waiting for ranged monster.
 35797 | Snake:4  | 35797 ||| Waiting for ranged monster.
 35798 | Snake:4  | 35798 ||| Waiting for ranged monster.
 35799 | Snake:4  | 35799 ||| Waiting for ranged monster.
 35800 | Snake:4  | 35800 ||| Waiting for ranged monster.
 35808 | Snake:4  | 35808 ||| Stepping ~*~*~tactically~*~*~ (stealth).
 35821 | Snake:4  | 35821 ||| INVOKING Berserk.
 35835 | Snake:4  | 35835 ||| Stepping ~*~*~tactically~*~*~ (hiding).
 35836 | Snake:4  | 35836 ||| Stepping ~*~*~tactically~*~*~ (hiding).
 35837 | Snake:4  | 35837 ||| Waiting for ranged monster.
 35841 | Snake:4  | 35841 ||| Waiting for ranged monster.
 35842 | Snake:4  | 35842 ||| Waiting for ranged monster.
 35843 | Snake:4  | 35843 ||| Waiting for ranged monster.
 35846 | Snake:4  | 35846 ||| READING scroll of teleportation.
 36204 | Snake:4  | 36204 ||| Stepping ~*~*~tactically~*~*~ (hiding).
 36205 | Snake:4  | 36205 ||| Waiting for ranged monster.
 36206 | Snake:4  | 36206 ||| Waiting for ranged monster.
 36207 | Snake:4  | 36207 ||| Stepping ~*~*~tactically~*~*~ (hiding).
 36208 | Snake:4  | 36208 ||| Waiting for ranged monster.
 36209 | Snake:4  | 36209 ||| Waiting for ranged monster.
 36211 | Snake:4  | 36211 ||| INVOKING Berserk.
 36216 | Snake:4  | 36216 ||| EATING 34 rations.
 36276 | Snake:4  | 36276 ||| Stepping ~*~*~tactically~*~*~ (hiding).
 36277 | Snake:4  | 36277 ||| Waiting for ranged monster.
 36278 | Snake:4  | 36278 ||| Waiting for ranged monster.
 36279 | Snake:4  | 36279 ||| Waiting for ranged monster.
 36280 | Snake:4  | 36280 ||| Waiting for ranged monster.
 36294 | Snake:4  | 36294 ||| INVOKING Berserk.
 36304 | Snake:4  | Reached skill level 16 in Fighting
 36337 | Snake:4  | 36337 ||| READING scroll of teleportation.
 36425 | Snake:4  | 36425 ||| Stepping ~*~*~tactically~*~*~ (stealth).
 36427 | Snake:4  | 36427 ||| Stepping ~*~*~tactically~*~*~ (hiding).
 36428 | Snake:4  | 36428 ||| Stepping ~*~*~tactically~*~*~ (hiding).
 36429 | Snake:4  | 36429 ||| Waiting for ranged monster.
 36430 | Snake:4  | 36430 ||| Waiting for ranged monster.
 36431 | Snake:4  | 36431 ||| Waiting for ranged monster.
 36432 | Snake:4  | 36432 ||| Waiting for ranged monster.
 36433 | Snake:4  | 36433 ||| Waiting for ranged monster.
 36442 | Snake:4  | 36442 ||| INVOKING Berserk.
 36450 | Snake:4  | 36450 ||| FLEEEEING.
 36451 | Snake:4  | 36451 ||| FLEEEEING.
 36452 | Snake:4  | 36452 ||| FLEEEEING.
 36453 | Snake:4  | 36453 ||| STILL FLEEEEING.
 36454 | Snake:4  | 36454 ||| STILL FLEEEEING.
 36455 | Snake:4  | 36455 ||| STILL FLEEEEING.
 36456 | Snake:4  | 36456 ||| STILL FLEEEEING.
 36457 | Snake:4  | 36457 ||| FLEEEEING.
 36458 | Snake:4  | 36458 ||| FLEEEEING.
 36459 | Snake:4  | 36459 ||| FLEEEEING.
 36460 | Snake:4  | 36460 ||| STILL FLEEEEING.
 36461 | Snake:4  | 36461 ||| STILL FLEEEEING.
 36462 | Snake:4  | 36462 ||| STILL FLEEEEING.
 36463 | Snake:4  | 36463 ||| STILL FLEEEEING.
 36464 | Snake:4  | 36464 ||| STILL FLEEEEING.
 36465 | Snake:4  | 36465 ||| STILL FLEEEEING.
 36466 | Snake:4  | 36466 ||| STILL FLEEEEING.
 36467 | Snake:4  | 36467 ||| STILL FLEEEEING.
 36468 | Snake:4  | 36468 ||| FLEEEEING.
 36469 | Snake:4  | 36469 ||| FLEEEEING.
 36470 | Snake:4  | 36470 ||| STILL FLEEEEING.
 36471 | Snake:4  | 36471 ||| STILL FLEEEEING.
 36472 | Snake:4  | 36472 ||| STILL FLEEEEING.
 36473 | Snake:4  | 36473 ||| FLEEEEING.
 36474 | Snake:4  | 36474 ||| FLEEEEING.
 36475 | Snake:4  | 36475 ||| STAIRDANCE
 36490 | Snake:4  | 36490 ||| STAIRDANCE
 36577 | Snake:4  | 36577 ||| Stepping ~*~*~tactically~*~*~ (hiding).
 36578 | Snake:4  | 36578 ||| Stepping ~*~*~tactically~*~*~ (hiding).
 36579 | Snake:4  | 36579 ||| Stepping ~*~*~tactically~*~*~ (hiding).
 36580 | Snake:4  | 36580 ||| Waiting for ranged monster.
 36581 | Snake:4  | 36581 ||| Stepping ~*~*~tactically~*~*~ (hiding).
 36582 | Snake:4  | 36582 ||| Stepping ~*~*~tactically~*~*~ (hiding).
 36583 | Snake:4  | 36583 ||| Stepping ~*~*~tactically~*~*~ (hiding).
 36584 | Snake:4  | 36584 ||| Waiting for ranged monster.
 36585 | Snake:4  | 36585 ||| Stepping ~*~*~tactically~*~*~ (hiding).
 36586 | Snake:4  | 36586 ||| Stepping ~*~*~tactically~*~*~ (hiding).
 36587 | Snake:4  | 36587 ||| Stepping ~*~*~tactically~*~*~ (hiding).
 36588 | Snake:4  | 36588 ||| Waiting for ranged monster.
 36589 | Snake:4  | 36589 ||| Stepping ~*~*~tactically~*~*~ (hiding).
 36590 | Snake:4  | 36590 ||| Stepping ~*~*~tactically~*~*~ (hiding).
 36591 | Snake:4  | 36591 ||| Waiting for ranged monster.
 36592 | Snake:4  | 36592 ||| Stepping ~*~*~tactically~*~*~ (hiding).
 36593 | Snake:4  | 36593 ||| Stepping ~*~*~tactically~*~*~ (hiding).
 36594 | Snake:4  | 36594 ||| Waiting for ranged monster.
 36595 | Snake:4  | 36595 ||| Stepping ~*~*~tactically~*~*~ (hiding).
 36596 | Snake:4  | 36596 ||| Stepping ~*~*~tactically~*~*~ (hiding).
 36597 | Snake:4  | 36597 ||| Stepping ~*~*~tactically~*~*~ (hiding).
 36598 | Snake:4  | 36598 ||| Waiting for ranged monster.
 36599 | Snake:4  | 36599 ||| Stepping ~*~*~tactically~*~*~ (hiding).
 36600 | Snake:4  | 36600 ||| Stepping ~*~*~tactically~*~*~ (hiding).
 36601 | Snake:4  | 36601 ||| Waiting for ranged monster.
 36602 | Snake:4  | 36602 ||| Waiting for ranged monster.
 36603 | Snake:4  | 36603 ||| Stepping ~*~*~tactically~*~*~ (hiding).
 36604 | Snake:4  | 36604 ||| Waiting for ranged monster.
 36605 | Snake:4  | 36605 ||| Waiting for ranged monster.
 36606 | Snake:4  | 36606 ||| Stepping ~*~*~tactically~*~*~ (hiding).
 36608 | Snake:4  | 36608 ||| Stepping ~*~*~tactically~*~*~ (hiding).
 36609 | Snake:4  | 36609 ||| Waiting for ranged monster.
 36611 | Snake:4  | 36611 ||| INVOKING Berserk.
 36614 | Snake:4  | 36614 ||| EATING 33 rations.
 36684 | Snake:4  | 36684 ||| Stepping ~*~*~tactically~*~*~ (stealth).
 36685 | Snake:4  | 36685 ||| Stepping ~*~*~tactically~*~*~ (stealth).
 36698 | Snake:4  | 36698 ||| Stepping ~*~*~tactically~*~*~ (hiding).
 36699 | Snake:4  | 36699 ||| Stepping ~*~*~tactically~*~*~ (hiding).
 36710 | Snake:4  | 36710 ||| INVOKING Berserk.
 36718 | Snake:4  | 36718 ||| INVOKING Brothers in Arms.
 36719 | Snake:4  | 36719 ||| INVOKING Brothers in Arms.
 36752 | Snake:4  | HP: 25/120 [stone wall collision (15)]
 36753 | Snake:4  | 36753 ||| DRINKING 3 potions of heal wounds.
 36767 | Snake:4  | Received a gift from Trog
 36768 | Snake:4  | 36768 ||| INVOKING Brothers in Arms.
 36774 | Snake:4  | 36774 ||| INVOKING Berserk.
 36778 | Snake:4  | 36778 ||| EATING 32 rations.
 36921 | Snake:4  | 36921 ||| FLEEEEING.
 36922 | Snake:4  | 36922 ||| STILL FLEEEEING.
 36923 | Snake:4  | 36923 ||| STILL FLEEEEING.
 36925 | Snake:4  | 36925 ||| STILL FLEEEEING.
 36926 | Snake:4  | 36926 ||| STILL FLEEEEING.
 36927 | Snake:4  | 36927 ||| STILL FLEEEEING.
 36928 | Snake:4  | 36928 ||| STILL FLEEEEING.
 36929 | Snake:4  | 36929 ||| STILL FLEEEEING.
 36930 | Snake:4  | 36930 ||| STILL FLEEEEING.
 37030 | Snake:4  | 37030 ||| Stepping ~*~*~tactically~*~*~ (hiding).
 37031 | Snake:4  | 37031 ||| Stepping ~*~*~tactically~*~*~ (hiding).
 37032 | Snake:4  | 37032 ||| Stepping ~*~*~tactically~*~*~ (hiding).
 37033 | Snake:4  | 37033 ||| Stepping ~*~*~tactically~*~*~ (hiding).
 37034 | Snake:4  | 37034 ||| Waiting for ranged monster.
 37035 | Snake:4  | 37035 ||| Stepping ~*~*~tactically~*~*~ (hiding).
 37036 | Snake:4  | 37036 ||| Waiting for ranged monster.
 37037 | Snake:4  | 37037 ||| Waiting for ranged monster.
 37038 | Snake:4  | 37038 ||| Waiting for ranged monster.
 37039 | Snake:4  | 37039 ||| Waiting for ranged monster.
 37134 | Snake:4  | 37134 ||| Stepping ~*~*~tactically~*~*~ (stealth).
 37140 | Snake:4  | 37140 ||| INVOKING Berserk.
 37249 | Snake:4  | Got a serpentine rune of Zot
 37455 | Snake:4  | 37455 ||| EATING 32 rations.
 37905 | Vaults:1 | Entered Level 1 of the Vaults
 37906 | Vaults:1 | 37906 ||| Entered V.
 37956 | Vaults:1 | 37956 ||| Stepping ~*~*~tactically~*~*~ (stealth).
 37957 | Vaults:1 | 37957 ||| Stepping ~*~*~tactically~*~*~ (stealth).
 37958 | Vaults:1 | 37958 ||| Stepping ~*~*~tactically~*~*~ (stealth).
 37960 | Vaults:1 | 37960 ||| Stepping ~*~*~tactically~*~*~ (stealth).
 37992 | Vaults:1 | 37992 ||| Stepping randomly (disturbance).
 38056 | Vaults:1 | 38056 ||| INVOKING Berserk.
 38096 | Vaults:1 | Reached skill level 15 in Armour
 38099 | Vaults:1 | 38099 ||| FLEEEEING.
 38100 | Vaults:1 | 38100 ||| FLEEEEING.
 38101 | Vaults:1 | 38101 ||| FLEEEEING.
 38102 | Vaults:1 | 38102 ||| FLEEEEING.
 38103 | Vaults:1 | 38103 ||| FLEEEEING.
 38104 | Vaults:1 | 38104 ||| FLEEEEING.
 38105 | Vaults:1 | 38105 ||| FLEEEEING.
 38106 | Vaults:1 | 38106 ||| FLEEEEING.
 38107 | Vaults:1 | 38107 ||| FLEEEEING.
 38108 | Vaults:1 | 38108 ||| FLEEEEING.
 38109 | Vaults:1 | 38109 ||| FLEEEEING.
 38110 | Vaults:1 | 38110 ||| FLEEEEING.
 38111 | Vaults:1 | 38111 ||| FLEEEEING.
 38112 | Vaults:1 | 38112 ||| FLEEEEING.
 38113 | Vaults:1 | 38113 ||| FLEEEEING.
 38114 | Vaults:1 | 38114 ||| FLEEEEING.
 38172 | Vaults:1 | 38172 ||| Stepping ~*~*~tactically~*~*~ (stealth).
 38173 | Vaults:1 | 38173 ||| Stepping ~*~*~tactically~*~*~ (stealth).
 38174 | Vaults:1 | 38174 ||| Stepping ~*~*~tactically~*~*~ (stealth).
 38175 | Vaults:1 | 38175 ||| Stepping ~*~*~tactically~*~*~ (stealth).
 38176 | Vaults:1 | 38176 ||| Stepping ~*~*~tactically~*~*~ (stealth).
 38177 | Vaults:1 | 38177 ||| Stepping ~*~*~tactically~*~*~ (stealth).
 38178 | Vaults:1 | 38178 ||| Stepping ~*~*~tactically~*~*~ (stealth).
 38252 | Vaults:1 | 38252 ||| Stepping ~*~*~tactically~*~*~ (stealth).
 38253 | Vaults:1 | 38253 ||| Stepping ~*~*~tactically~*~*~ (stealth).
 38254 | Vaults:1 | 38254 ||| Stepping ~*~*~tactically~*~*~ (stealth).
 38291 | Vaults:1 | 38291 ||| Stepping ~*~*~tactically~*~*~ (stealth).
 38293 | Vaults:1 | 38293 ||| Stepping ~*~*~tactically~*~*~ (stealth).
 38298 | Vaults:1 | 38298 ||| Stepping ~*~*~tactically~*~*~ (hiding).
 38309 | Vaults:1 | 38309 ||| INVOKING Trog's Hand.
 38320 | Vaults:1 | 38320 ||| INVOKING Berserk.
 38474 | Vaults:1 | 38474 ||| Stepping ~*~*~tactically~*~*~ (stealth).
 38478 | Vaults:1 | 38478 ||| INVOKING Berserk.
 38492 | Vaults:1 | 38492 ||| EATING 31 rations.
 38550 | Vaults:1 | 38550 ||| INVOKING Trog's Hand.
 38555 | Vaults:1 | 38555 ||| INVOKING Berserk.
 38705 | Vaults:1 | 38705 ||| Stepping ~*~*~tactically~*~*~ (hiding).
 38808 | Vaults:1 | 38808 ||| Stepping ~*~*~tactically~*~*~ (stealth).
 38810 | Vaults:1 | 38810 ||| Stepping ~*~*~tactically~*~*~ (stealth).
 38812 | Vaults:1 | 38812 ||| INVOKING Trog's Hand.
 38850 | Vaults:1 | 38850 ||| INVOKING Trog's Hand.
 38869 | Vaults:1 | Reached skill level 17 in Fighting
 38869 | Vaults:1 | Reached XP level 19. HP: 122/128 MP: 19/19
 38889 | Vaults:1 | 38889 ||| Stepping ~*~*~tactically~*~*~ (hiding).
 38890 | Vaults:1 | 38890 ||| Stepping ~*~*~tactically~*~*~ (hiding).
 38891 | Vaults:1 | 38891 ||| Waiting for ranged monster.
 38892 | Vaults:1 | 38892 ||| Waiting for ranged monster.
 38909 | Vaults:1 | 38909 ||| Stepping ~*~*~tactically~*~*~ (hiding).
 38914 | Vaults:1 | 38914 ||| Stepping ~*~*~tactically~*~*~ (hiding).
 38921 | Vaults:1 | Received a gift from Trog
 39037 | Vaults:1 | 39037 ||| Stepping randomly (disturbance).
 39053 | Vaults:1 | Found Ekick's Assorted Antiques.
 39065 | Vaults:1 | Bought a scroll of teleportation for 75 gold pieces
 39065 | Vaults:1 | Bought a glowing broad axe for 175 gold pieces
 39065 | Vaults:1 | Bought a scroll of teleportation for 75 gold pieces
 39065 | Vaults:1 | 39065 ||| SWAPPING to glowing broad axe.
 39066 | Vaults:1 | 39066 ||| SWAPPING to +8 broad axe of Trog's Castigation
                  | {chop, +Blink rC- MR++ Str+2}.
 39067 | Vaults:1 | 39067 ||| DROPPING +1 broad axe of flaming.
 39086 | Vaults:1 | 39086 ||| Stepping ~*~*~tactically~*~*~ (stealth).
 39100 | Vaults:1 | 39100 ||| INVOKING Trog's Hand.
 39194 | Vaults:1 | 39194 ||| Stepping ~*~*~tactically~*~*~ (stealth).
 39195 | Vaults:1 | 39195 ||| Stepping ~*~*~tactically~*~*~ (stealth).
 39200 | Vaults:1 | 39200 ||| Stepping ~*~*~tactically~*~*~ (hiding).
 39201 | Vaults:1 | 39201 ||| Stepping ~*~*~tactically~*~*~ (hiding).
 39202 | Vaults:1 | 39202 ||| Stepping ~*~*~tactically~*~*~ (hiding).
 39203 | Vaults:1 | 39203 ||| Stepping ~*~*~tactically~*~*~ (hiding).
 39204 | Vaults:1 | 39204 ||| Stepping ~*~*~tactically~*~*~ (hiding).
 39205 | Vaults:1 | 39205 ||| Stepping ~*~*~tactically~*~*~ (hiding).
 39206 | Vaults:1 | 39206 ||| Stepping ~*~*~tactically~*~*~ (hiding).
 39207 | Vaults:1 | 39207 ||| Stepping ~*~*~tactically~*~*~ (hiding).
 39208 | Vaults:1 | 39208 ||| Stepping ~*~*~tactically~*~*~ (hiding).
 39209 | Vaults:1 | 39209 ||| Stepping ~*~*~tactically~*~*~ (hiding).
 39210 | Vaults:1 | 39210 ||| Stepping ~*~*~tactically~*~*~ (hiding).
 39211 | Vaults:1 | 39211 ||| Waiting for ranged monster.
 39215 | Vaults:1 | 39215 ||| Waiting for ranged monster.
 39216 | Vaults:1 | 39216 ||| INVOKING Trog's Hand.
 39254 | Vaults:1 | 39254 ||| Stepping ~*~*~tactically~*~*~ (stealth).
 39338 | Vaults:1 | 39338 ||| Stepping ~*~*~tactically~*~*~ (hiding).
 39339 | Vaults:1 | 39339 ||| Stepping ~*~*~tactically~*~*~ (hiding).
 39340 | Vaults:1 | 39340 ||| Stepping ~*~*~tactically~*~*~ (hiding).
 39341 | Vaults:1 | 39341 ||| Waiting for ranged monster.
 39348 | Vaults:1 | 39348 ||| Waiting for ranged monster.
 39349 | Vaults:1 | 39349 ||| Waiting for ranged monster.
 39482 | Vaults:1 | 39482 ||| INVOKING Trog's Hand.
 39495 | Vaults:1 | Received a gift from Trog
 39539 | Vaults:1 | 39539 ||| Stepping ~*~*~tactically~*~*~ (stealth).
 39543 | Vaults:1 | 39543 ||| INVOKING Trog's Hand.
 39569 | Vaults:1 | 39569 ||| FLEEEEING.
 39570 | Vaults:1 | 39570 ||| FLEEEEING.
 39571 | Vaults:1 | 39571 ||| STILL FLEEEEING.
 39572 | Vaults:1 | 39572 ||| STILL FLEEEEING.
 39573 | Vaults:1 | 39573 ||| STILL FLEEEEING.
 39574 | Vaults:1 | 39574 ||| STILL FLEEEEING.
 39575 | Vaults:1 | 39575 ||| STILL FLEEEEING.
 39576 | Vaults:1 | 39576 ||| STILL FLEEEEING.
 39577 | Vaults:1 | 39577 ||| STILL FLEEEEING.
 39578 | Vaults:1 | 39578 ||| STILL FLEEEEING.
 39579 | Vaults:1 | 39579 ||| STILL FLEEEEING.
 39814 | Vaults:1 | Found Doelihon's Jewellery Boutique.
 39822 | Vaults:1 | Bought an uncursed ring of protection from cold for 400
                  | gold pieces
 39822 | Vaults:1 | 39822 ||| SHOPLISTING amulet of regeneration (480 gold,
                  | have 461).
 39822 | Vaults:1 | 39822 ||| SHOPLISTING amulet of faith (640 gold, have 461).
 39822 | Vaults:1 | 39822 ||| Stepping ~*~*~tactically~*~*~ (stealth).
 39823 | Vaults:1 | 39823 ||| Stepping ~*~*~tactically~*~*~ (hiding).
 39823 | Vaults:1 | Found Jithim's Antique Armour Shop.
 39824 | Vaults:1 | 39824 ||| Waiting for ranged monster.
 39825 | Vaults:1 | 39825 ||| Stepping ~*~*~tactically~*~*~ (hiding).
 39826 | Vaults:1 | 39826 ||| Waiting for ranged monster.
 39856 | Vaults:1 | Bought a pair of slimy gloves for 275 gold pieces
 39856 | Vaults:1 | 39856 ||| SHOPLISTING pair of runed boots (217 gold, have
                  | 186).
 39961 | Vaults:1 | 39961 ||| Stepping ~*~*~tactically~*~*~ (stealth).
 39993 | Vaults:1 | 39993 ||| Invisible monster not found???
 40001 | Vaults:1 | 40001 ||| Stepping ~*~*~tactically~*~*~ (stealth).
 40002 | Vaults:1 | 40002 ||| Stepping ~*~*~tactically~*~*~ (stealth).
 40003 | Vaults:1 | 40003 ||| Stepping ~*~*~tactically~*~*~ (stealth).
 40308 | Vaults:1 | 40308 ||| UPGRADING to pair of slimy gloves.
 40318 | Vaults:1 | Identified the +2 pair of gloves of Untruth {rC++ Str+3
                  | Int+4} (You bought it in a shop on level 1 of the Vaults)
 40318 | Vaults:1 | 40318 ||| DROPPING +2 pair of gloves.
 40319 | Vaults:1 | 40319 ||| READING 13 scrolls of identify.
 40319 | Vaults:1 | 40319 ||| IDENTIFYING metallic yellow potion
 40320 | Vaults:1 | 40320 ||| DROPPING potion of lignification.
 40350 | Vaults:2 | 40350 ||| Stepping ~*~*~tactically~*~*~ (hiding).
 40351 | Vaults:2 | 40351 ||| Waiting for ranged monster.
 40352 | Vaults:2 | 40352 ||| Waiting for ranged monster.
 40356 | Vaults:2 | 40356 ||| Waiting for ranged monster.
 40357 | Vaults:2 | 40357 ||| Waiting for ranged monster.
 40358 | Vaults:2 | 40358 ||| Waiting for ranged monster.
 40359 | Vaults:2 | 40359 ||| Waiting for ranged monster.
 40380 | Vaults:2 | 40380 ||| Stepping ~*~*~tactically~*~*~ (hiding).
 40381 | Vaults:2 | 40381 ||| Waiting for ranged monster.
 40382 | Vaults:2 | 40382 ||| Waiting for ranged monster.
 40383 | Vaults:2 | 40383 ||| Waiting for ranged monster.
 40384 | Vaults:2 | 40384 ||| Waiting for ranged monster.
 40386 | Vaults:2 | 40386 ||| INVOKING Berserk.
 40410 | Vaults:2 | 40410 ||| EATING 30 rations.
 40478 | Vaults:2 | 40478 ||| Stepping ~*~*~tactically~*~*~ (hiding).
 40479 | Vaults:2 | 40479 ||| Waiting for ranged monster.
 40485 | Vaults:2 | 40485 ||| Waiting for ranged monster.
 40486 | Vaults:2 | 40486 ||| Waiting for ranged monster.
 40487 | Vaults:2 | 40487 ||| Waiting for ranged monster.
 40514 | Vaults:2 | Found a staircase to the Crypt.
 40514 | Vaults:2 | Found a basalt altar of Yredelemnul.
 40515 | Vaults:2 | Found an ancient bone altar of Kikubaaqudgha.
 40539 | Vaults:2 | 40539 ||| Stepping ~*~*~tactically~*~*~ (stealth).
 40541 | Vaults:2 | 40541 ||| Stepping ~*~*~tactically~*~*~ (stealth).
 40543 | Vaults:2 | 40543 ||| Stepping ~*~*~tactically~*~*~ (hiding).
 40544 | Vaults:2 | 40544 ||| Waiting for ranged monster.
 40547 | Vaults:2 | 40547 ||| Waiting for ranged monster.
 40548 | Vaults:2 | 40548 ||| Waiting for ranged monster.
 40549 | Vaults:2 | 40549 ||| INVOKING Trog's Hand.
 40632 | Vaults:2 | You are sucked into a shaft and drop 1 floor!
 40633 | Vaults:3 | 40633 ||| Shafted from Vaults:2 to Vaults:3.
 40642 | Vaults:3 | 40642 ||| Stepping ~*~*~tactically~*~*~ (hiding).
 40643 | Vaults:3 | 40643 ||| Waiting for ranged monster.
 40644 | Vaults:3 | 40644 ||| Waiting for ranged monster.
 40645 | Vaults:3 | 40645 ||| Waiting for ranged monster.
 40646 | Vaults:3 | 40646 ||| Waiting for ranged monster.
 40647 | Vaults:3 | 40647 ||| Waiting for ranged monster.
 40648 | Vaults:3 | 40648 ||| Waiting for ranged monster.
 40698 | Vaults:3 | 40698 ||| Stepping ~*~*~tactically~*~*~ (stealth).
 40700 | Vaults:3 | 40700 ||| Stepping ~*~*~tactically~*~*~ (stealth).
 40701 | Vaults:3 | 40701 ||| Stepping ~*~*~tactically~*~*~ (stealth).
 40710 | Vaults:3 | 40710 ||| Stepping ~*~*~tactically~*~*~ (stealth).
 40711 | Vaults:3 | Reached skill level 18 in Fighting
 40713 | Vaults:3 | 40713 ||| Stepping ~*~*~tactically~*~*~ (stealth).
 40714 | Vaults:3 | 40714 ||| Stepping ~*~*~tactically~*~*~ (stealth).
 40717 | Vaults:3 | 40717 ||| Stepping ~*~*~tactically~*~*~ (hiding).
 40718 | Vaults:3 | 40718 ||| Stepping ~*~*~tactically~*~*~ (hiding).
 40719 | Vaults:3 | 40719 ||| Stepping ~*~*~tactically~*~*~ (hiding).
 40720 | Vaults:3 | 40720 ||| Stepping ~*~*~tactically~*~*~ (hiding).
 40721 | Vaults:3 | 40721 ||| Stepping ~*~*~tactically~*~*~ (hiding).
 40722 | Vaults:3 | 40722 ||| Stepping ~*~*~tactically~*~*~ (hiding).
 40723 | Vaults:3 | 40723 ||| Stepping ~*~*~tactically~*~*~ (hiding).
 40724 | Vaults:3 | 40724 ||| INVOKING Trog's Hand.
 40730 | Vaults:3 | Received a gift from Trog
 40731 | Vaults:3 | 40731 ||| Waiting for ranged monster.
 40732 | Vaults:3 | 40732 ||| Waiting for ranged monster.
 40765 | Vaults:3 | 40765 ||| INVOKING Brothers in Arms.
 40767 | Vaults:3 | 40767 ||| INVOKING Berserk.
 40927 | Vaults:3 | 40927 ||| Stepping ~*~*~tactically~*~*~ (hiding).
 40928 | Vaults:3 | 40928 ||| Waiting for ranged monster.
 40929 | Vaults:3 | 40929 ||| Waiting for ranged monster.
 40930 | Vaults:3 | 40930 ||| INVOKING Trog's Hand.
 40931 | Vaults:3 | 40931 ||| Waiting for ranged monster.
 41012 | Vaults:3 | 41012 ||| Stepping ~*~*~tactically~*~*~ (hiding).
 41013 | Vaults:3 | 41013 ||| Stepping ~*~*~tactically~*~*~ (hiding).
 41014 | Vaults:3 | 41014 ||| Stepping ~*~*~tactically~*~*~ (hiding).
 41015 | Vaults:3 | 41015 ||| Stepping ~*~*~tactically~*~*~ (hiding).
 41016 | Vaults:3 | 41016 ||| Stepping ~*~*~tactically~*~*~ (hiding).
 41181 | Vaults:3 | 41181 ||| Stepping ~*~*~tactically~*~*~ (hiding).
 41182 | Vaults:3 | 41182 ||| Waiting for ranged monster.
 41183 | Vaults:3 | 41183 ||| Waiting for ranged monster.
 41184 | Vaults:3 | 41184 ||| Waiting for ranged monster.
 41185 | Vaults:3 | 41185 ||| Waiting for ranged monster.
 41186 | Vaults:3 | 41186 ||| Waiting for ranged monster.
 41187 | Vaults:3 | 41187 ||| INVOKING Trog's Hand.
 41198 | Vaults:3 | 41198 ||| Stepping ~*~*~tactically~*~*~ (hiding).
 41199 | Vaults:3 | 41199 ||| Waiting for ranged monster.
 41200 | Vaults:3 | 41200 ||| Waiting for ranged monster.
 41201 | Vaults:3 | 41201 ||| Waiting for ranged monster.
 41235 | Vaults:3 | 41235 ||| INVOKING Trog's Hand.
 41264 | Vaults:3 | 41264 ||| INVOKING Berserk.
 41276 | Vaults:3 | Reached XP level 20. HP: 136/136 MP: 20/20
 41279 | Vaults:3 | Reached skill level 18 in Shields
 41288 | Vaults:3 | 41288 ||| INVOKING Trog's Hand.
 41357 | Vaults:3 | 41357 ||| READING scroll of enchant armour.
 41357 | Vaults:3 | 41357 ||| ENCHANTING +4 plate armour of cold resistance.
 41478 | Vaults:2 | 41478 ||| Successfully unshafted to Vaults:2.
 41541 | Vaults:2 | Received a gift from Trog
 41554 | Vaults:2 | 41554 ||| Stepping ~*~*~tactically~*~*~ (hiding).
 41555 | Vaults:2 | 41555 ||| Waiting for ranged monster.
 41556 | Vaults:2 | 41556 ||| Waiting for ranged monster.
 41603 | Vaults:2 | 41603 ||| Stepping ~*~*~tactically~*~*~ (hiding).
 41604 | Vaults:2 | 41604 ||| Stepping ~*~*~tactically~*~*~ (hiding).
 41605 | Vaults:2 | 41605 ||| Waiting for ranged monster.
 41606 | Vaults:2 | 41606 ||| Waiting for ranged monster.
 41607 | Vaults:2 | 41607 ||| Waiting for ranged monster.
 41608 | Vaults:2 | 41608 ||| Waiting for ranged monster.
 41743 | Vaults:2 | 41743 ||| Stepping ~*~*~tactically~*~*~ (hiding).
 41744 | Vaults:2 | 41744 ||| Waiting for ranged monster.
 41752 | Vaults:2 | 41752 ||| Waiting for ranged monster.
 41978 | Vaults:2 | 41978 ||| Stepping ~*~*~tactically~*~*~ (hiding).
 41979 | Vaults:2 | 41979 ||| Waiting for ranged monster.
 41980 | Vaults:2 | 41980 ||| Waiting for ranged monster.
 41981 | Vaults:2 | 41981 ||| Waiting for ranged monster.
 42021 | Vaults:2 | 42021 ||| INVOKING Trog's Hand.
 42132 | Vaults:2 | 42132 ||| Stepping ~*~*~tactically~*~*~ (stealth).
 42174 | Vaults:2 | 42174 ||| INVOKING Trog's Hand.
 42227 | Vaults:2 | 42227 ||| Stepping ~*~*~tactically~*~*~ (hiding).
 42228 | Vaults:2 | 42228 ||| Waiting for ranged monster.
 42229 | Vaults:2 | 42229 ||| Waiting for ranged monster.
 42230 | Vaults:2 | 42230 ||| Waiting for ranged monster.
 42231 | Vaults:2 | 42231 ||| INVOKING Trog's Hand.
 42524 | Vaults:2 | Found a runed translucent gate.
 42524 | Vaults:2 | Found a runed translucent gate.
 42524 | Vaults:2 | Found a runed translucent gate.
 42525 | Vaults:2 | 42525 ||| EATING 35 rations.
 42527 | Vaults:2 | Noticed Kuqudo's ghost (adept DDFi)
 42528 | Vaults:2 | Found an iron altar of Okawaru.
 42529 | Vaults:2 | 42529 ||| INVOKING Berserk.
 42533 | Vaults:2 | 42533 ||| FLEEEEING.
 42534 | Vaults:2 | 42534 ||| FLEEEEING.
 42535 | Vaults:2 | 42535 ||| FLEEEEING.
 42536 | Vaults:2 | 42536 ||| FLEEEEING.
 42537 | Vaults:2 | 42537 ||| STILL FLEEEEING.
 42538 | Vaults:2 | 42538 ||| STILL FLEEEEING.
 42539 | Vaults:2 | 42539 ||| STILL FLEEEEING.
 42540 | Vaults:2 | 42540 ||| STILL FLEEEEING.
 42541 | Vaults:2 | 42541 ||| STILL FLEEEEING.
 42542 | Vaults:2 | 42542 ||| STILL FLEEEEING.
 42543 | Vaults:2 | 42543 ||| STILL FLEEEEING.
 42544 | Vaults:2 | 42544 ||| STILL FLEEEEING.
 42545 | Vaults:2 | 42545 ||| STILL FLEEEEING.
 42584 | Vaults:2 | 42584 ||| INVOKING Berserk.
 42588 | Vaults:2 | 42588 ||| FLEEEEING.
 42589 | Vaults:2 | 42589 ||| FLEEEEING.
 42590 | Vaults:2 | 42590 ||| FLEEEEING.
 42591 | Vaults:2 | 42591 ||| FLEEEEING.
 42592 | Vaults:2 | 42592 ||| STILL FLEEEEING.
 42593 | Vaults:2 | 42593 ||| STILL FLEEEEING.
 42594 | Vaults:2 | 42594 ||| STILL FLEEEEING.
 42595 | Vaults:2 | 42595 ||| STILL FLEEEEING.
 42596 | Vaults:2 | 42596 ||| STILL FLEEEEING.
 42597 | Vaults:2 | 42597 ||| STILL FLEEEEING.
 42598 | Vaults:2 | 42598 ||| STILL FLEEEEING.
 42599 | Vaults:2 | 42599 ||| STILL FLEEEEING.
 42600 | Vaults:2 | 42600 ||| STILL FLEEEEING.
 42625 | Vaults:2 | 42625 ||| READING scroll labeled ABREYRUICI.
 42625 | Vaults:2 | Identified a scroll of acquirement
 42626 | Vaults:2 | 42626 ||| READING 2 scrolls labeled CYCWIA QADWAINAT.
 42718 | Vaults:2 | 42718 ||| DROPPING scroll of torment.
 42794 | Vaults:3 | 42794 ||| Stepping ~*~*~tactically~*~*~ (stealth).
 42795 | Vaults:3 | 42795 ||| Stepping ~*~*~tactically~*~*~ (stealth).
 42796 | Vaults:3 | 42796 ||| Stepping ~*~*~tactically~*~*~ (stealth).
 42797 | Vaults:3 | 42797 ||| Stepping ~*~*~tactically~*~*~ (stealth).
 42798 | Vaults:3 | 42798 ||| Stepping ~*~*~tactically~*~*~ (stealth).
 42799 | Vaults:3 | 42799 ||| Stepping ~*~*~tactically~*~*~ (stealth).
 42800 | Vaults:3 | 42800 ||| Stepping ~*~*~tactically~*~*~ (stealth).
 42801 | Vaults:3 | 42801 ||| Stepping ~*~*~tactically~*~*~ (stealth).
 42802 | Vaults:3 | 42802 ||| Stepping ~*~*~tactically~*~*~ (stealth).
 42803 | Vaults:3 | 42803 ||| Stepping ~*~*~tactically~*~*~ (stealth).
 42848 | Vaults:3 | 42848 ||| Stepping ~*~*~tactically~*~*~ (hiding).
 42849 | Vaults:3 | 42849 ||| Waiting for ranged monster.
 42850 | Vaults:3 | 42850 ||| Stepping ~*~*~tactically~*~*~ (hiding).
 42851 | Vaults:3 | 42851 ||| Waiting for ranged monster.
 42853 | Vaults:3 | 42853 ||| INVOKING Berserk.
 42858 | Vaults:3 | 42858 ||| EATING 34 rations.
 42910 | Vaults:3 | 42910 ||| READING scroll of acquirement.
 42911 | Vaults:3 | 42911 ||| READING scroll of acquirement.
 42912 | Vaults:3 | 42912 ||| READING scroll of acquirement.
 42913 | Vaults:3 | 42913 ||| READING scroll of acquirement.
 42914 | Vaults:3 | 42914 ||| READING scroll of acquirement.
 42915 | Vaults:3 | 42915 ||| READING scroll of acquirement.
 42916 | Vaults:3 | 42916 ||| READING scroll of acquirement.
 43138 | Vaults:3 | 43138 ||| INVOKING Trog's Hand.
 43147 | Vaults:3 | 43147 ||| READING scroll of acquirement.
 43148 | Vaults:3 | 43148 ||| READING scroll of acquirement.
 43149 | Vaults:3 | 43149 ||| READING scroll of acquirement.
 43150 | Vaults:3 | 43150 ||| READING scroll of acquirement.
 43151 | Vaults:3 | 43151 ||| READING scroll of acquirement.
 43152 | Vaults:3 | 43152 ||| READING scroll of acquirement.
 43153 | Vaults:3 | 43153 ||| READING scroll of acquirement.
 43162 | Vaults:3 | 43162 ||| READING scroll of acquirement.
 43165 | Vaults:3 | Got a pitted bronze ring
 43226 | Vaults:3 | 43226 ||| FLEEEEING.
 43227 | Vaults:3 | 43227 ||| FLEEEEING.
 43228 | Vaults:3 | 43228 ||| FLEEEEING.
 43229 | Vaults:3 | 43229 ||| FLEEEEING.
 43230 | Vaults:3 | 43230 ||| FLEEEEING.
 43231 | Vaults:3 | 43231 ||| STILL FLEEEEING.
 43232 | Vaults:3 | 43232 ||| STILL FLEEEEING.
 43233 | Vaults:3 | 43233 ||| STAIRDANCE
 43298 | Vaults:2 | 43298 ||| UPGRADING to pitted bronze ring.
 43299 | Vaults:2 | Identified the ring "Fuesiash" {rF+ rN++ Str+3} (You
                  | acquired it on level 3 of the Vaults)
 43300 | Vaults:2 | 43300 ||| DROPPING +3 ring of dexterity.
 43304 | Vaults:3 | 43304 ||| Stepping ~*~*~tactically~*~*~ (hiding).
 43305 | Vaults:3 | 43305 ||| Waiting for ranged monster.
 43306 | Vaults:3 | 43306 ||| Waiting for ranged monster.
 43307 | Vaults:3 | 43307 ||| Waiting for ranged monster.
 43542 | Vaults:3 | Noticed Mennas
 43560 | Vaults:3 | 43560 ||| INVOKING Berserk.
 43584 | Vaults:3 | 43584 ||| READING 8 scrolls of teleportation.
 43588 | Vaults:3 | 43588 ||| EATING 34 rations.
 43666 | Vaults:3 | Found Kyuso's Distillery.
 43675 | Vaults:3 | Bought 2 potions of haste for 340 gold pieces
 43675 | Vaults:3 | 43675 ||| SHOPLISTING potion of cancellation (136 gold,
                  | have 59).
 43675 | Vaults:3 | 43675 ||| SHOPLISTING potion of heal wounds (85 gold, have
                  | 59).
 43675 | Vaults:3 | Bought a potion of curing for 51 gold pieces
 43675 | Vaults:3 | 43675 ||| SHOPLISTING potion of curing (51 gold, have 8).
 43695 | Vaults:3 | 43695 ||| INVOKING Trog's Hand.
 43828 | Vaults:3 | 43828 ||| INVOKING Berserk.
 43858 | Vaults:3 | 43858 ||| READING 7 scrolls of teleportation.
 44008 | Vaults:3 | 44008 ||| INVOKING Berserk.
 44028 | Vaults:3 | Killed Mennas
 44028 | Vaults:3 | Received a gift from Trog
 44029 | Vaults:3 | Found the +8 mithril axe "Arga" {speed, MR+}
 44029 | Vaults:3 | 44029 ||| EATING 33 rations.
 44073 | Vaults:3 | 44073 ||| SWAPPING to +8 mithril axe "Arga" {speed, MR+}.
 44074 | Vaults:3 | 44074 ||| DROPPING +8 broad axe of Trog's Castigation
                  | {chop, +Blink rC- MR++ Str+2}.
 44182 | Vaults:4 | 44182 ||| Stepping ~*~*~tactically~*~*~ (stealth).
 44194 | Vaults:4 | 44194 ||| Stepping ~*~*~tactically~*~*~ (hiding).
 44197 | Vaults:4 | 44197 ||| Stepping ~*~*~tactically~*~*~ (hiding).
 44308 | Vaults:4 | 44308 ||| Stepping ~*~*~tactically~*~*~ (stealth).
 44309 | Vaults:4 | 44309 ||| Stepping ~*~*~tactically~*~*~ (stealth).
 44330 | Vaults:4 | 44330 ||| Stepping ~*~*~tactically~*~*~ (stealth).
 44331 | Vaults:4 | 44331 ||| Stepping ~*~*~tactically~*~*~ (stealth).
 44332 | Vaults:4 | 44332 ||| Stepping ~*~*~tactically~*~*~ (stealth).
 44333 | Vaults:4 | 44333 ||| Stepping ~*~*~tactically~*~*~ (stealth).
 44334 | Vaults:4 | 44334 ||| Stepping ~*~*~tactically~*~*~ (stealth).
 44335 | Vaults:4 | 44335 ||| Stepping ~*~*~tactically~*~*~ (stealth).
 44337 | Vaults:4 | 44337 ||| INVOKING Trog's Hand.
 44367 | Vaults:4 | 44367 ||| INVOKING Trog's Hand.
 44390 | Vaults:4 | Reached skill level 19 in Fighting
 44450 | Vaults:4 | Found Jax Homa's Food Shop.
 44573 | Vaults:4 | 44573 ||| Stepping ~*~*~tactically~*~*~ (hiding).
 44574 | Vaults:4 | 44574 ||| Waiting for ranged monster.
 44575 | Vaults:4 | 44575 ||| Waiting for ranged monster.
 44576 | Vaults:4 | 44576 ||| Waiting for ranged monster.
 44577 | Vaults:4 | 44577 ||| Waiting for ranged monster.
 44583 | Vaults:4 | 44583 ||| Stepping ~*~*~tactically~*~*~ (hiding).
 44659 | Vaults:4 | 44659 ||| Stepping ~*~*~tactically~*~*~ (hiding).
 44660 | Vaults:4 | 44660 ||| Waiting for ranged monster.
 44661 | Vaults:4 | 44661 ||| Waiting for ranged monster.
 44662 | Vaults:4 | 44662 ||| Waiting for ranged monster.
 44663 | Vaults:4 | 44663 ||| Waiting for ranged monster.
 44720 | Vaults:4 | Identified the +5 flail of Amorality {antimagic, rN+ MR+
                  | Stlth+}
 44721 | Vaults:4 | 44721 ||| Stepping ~*~*~tactically~*~*~ (hiding).
 44722 | Vaults:4 | 44722 ||| Stepping ~*~*~tactically~*~*~ (hiding).
 44723 | Vaults:4 | 44723 ||| Stepping ~*~*~tactically~*~*~ (hiding).
 44724 | Vaults:4 | 44724 ||| Stepping ~*~*~tactically~*~*~ (hiding).
 44725 | Vaults:4 | 44725 ||| Stepping ~*~*~tactically~*~*~ (hiding).
 44726 | Vaults:4 | 44726 ||| Stepping ~*~*~tactically~*~*~ (hiding).
 44727 | Vaults:4 | 44727 ||| Stepping ~*~*~tactically~*~*~ (hiding).
 44728 | Vaults:4 | 44728 ||| Stepping ~*~*~tactically~*~*~ (hiding).
 44729 | Vaults:4 | 44729 ||| Stepping ~*~*~tactically~*~*~ (hiding).
 44730 | Vaults:4 | 44730 ||| Stepping ~*~*~tactically~*~*~ (hiding).
 44731 | Vaults:4 | 44731 ||| Stepping ~*~*~tactically~*~*~ (hiding).
 44732 | Vaults:4 | 44732 ||| Stepping ~*~*~tactically~*~*~ (hiding).
 44733 | Vaults:4 | 44733 ||| Stepping ~*~*~tactically~*~*~ (hiding).
 44734 | Vaults:4 | 44734 ||| Stepping ~*~*~tactically~*~*~ (hiding).
 44735 | Vaults:4 | 44735 ||| Stepping ~*~*~tactically~*~*~ (hiding).
 44736 | Vaults:4 | 44736 ||| Stepping ~*~*~tactically~*~*~ (hiding).
 44737 | Vaults:4 | 44737 ||| Stepping ~*~*~tactically~*~*~ (hiding).
 44738 | Vaults:4 | 44738 ||| Stepping ~*~*~tactically~*~*~ (hiding).
 44739 | Vaults:4 | 44739 ||| Stepping ~*~*~tactically~*~*~ (hiding).
 44740 | Vaults:4 | 44740 ||| Stepping ~*~*~tactically~*~*~ (hiding).
 44741 | Vaults:4 | 44741 ||| Stepping ~*~*~tactically~*~*~ (hiding).
 44742 | Vaults:4 | 44742 ||| Stepping ~*~*~tactically~*~*~ (hiding).
 44743 | Vaults:4 | 44743 ||| Stepping ~*~*~tactically~*~*~ (hiding).
 44744 | Vaults:4 | 44744 ||| Stepping ~*~*~tactically~*~*~ (hiding).
 44745 | Vaults:4 | 44745 ||| Stepping ~*~*~tactically~*~*~ (hiding).
 44746 | Vaults:4 | 44746 ||| Stepping ~*~*~tactically~*~*~ (hiding).
 44747 | Vaults:4 | 44747 ||| Stepping ~*~*~tactically~*~*~ (hiding).
 44748 | Vaults:4 | 44748 ||| Stepping ~*~*~tactically~*~*~ (hiding).
 44749 | Vaults:4 | 44749 ||| Stepping ~*~*~tactically~*~*~ (hiding).
 44750 | Vaults:4 | 44750 ||| Stepping ~*~*~tactically~*~*~ (hiding).
 44751 | Vaults:4 | 44751 ||| Stepping ~*~*~tactically~*~*~ (hiding).
 44752 | Vaults:4 | 44752 ||| Stepping ~*~*~tactically~*~*~ (hiding).
 44753 | Vaults:4 | 44753 ||| Stepping ~*~*~tactically~*~*~ (hiding).
 44754 | Vaults:4 | 44754 ||| Stepping ~*~*~tactically~*~*~ (hiding).
 44755 | Vaults:4 | 44755 ||| Stepping ~*~*~tactically~*~*~ (hiding).
 44756 | Vaults:4 | 44756 ||| Stepping ~*~*~tactically~*~*~ (hiding).
 44757 | Vaults:4 | 44757 ||| Stepping ~*~*~tactically~*~*~ (hiding).
 44758 | Vaults:4 | 44758 ||| Stepping ~*~*~tactically~*~*~ (hiding).
 44759 | Vaults:4 | 44759 ||| Stepping ~*~*~tactically~*~*~ (hiding).
 44760 | Vaults:4 | 44760 ||| Waiting for ranged monster.
 44761 | Vaults:4 | 44761 ||| Waiting for ranged monster.
 44762 | Vaults:4 | 44762 ||| Waiting for ranged monster.
 44763 | Vaults:4 | 44763 ||| Waiting for ranged monster.
 44764 | Vaults:4 | 44764 ||| Waiting for ranged monster.
 44765 | Vaults:4 | 44765 ||| Waiting for ranged monster.
 44766 | Vaults:4 | 44766 ||| INVOKING Trog's Hand.
 44843 | Vaults:4 | 44843 ||| Stepping ~*~*~tactically~*~*~ (stealth).
 44931 | Vaults:4 | 44931 ||| Stepping ~*~*~tactically~*~*~ (stealth).
 44934 | Vaults:4 | 44934 ||| Stepping ~*~*~tactically~*~*~ (hiding).
 44935 | Vaults:4 | 44935 ||| Stepping ~*~*~tactically~*~*~ (hiding).
 44936 | Vaults:4 | 44936 ||| Stepping ~*~*~tactically~*~*~ (hiding).
 44937 | Vaults:4 | 44937 ||| Stepping ~*~*~tactically~*~*~ (hiding).
 44938 | Vaults:4 | 44938 ||| Stepping ~*~*~tactically~*~*~ (hiding).
 44939 | Vaults:4 | 44939 ||| Stepping ~*~*~tactically~*~*~ (hiding).
 44940 | Vaults:4 | 44940 ||| Stepping ~*~*~tactically~*~*~ (hiding).
 44941 | Vaults:4 | 44941 ||| Stepping ~*~*~tactically~*~*~ (hiding).
 44942 | Vaults:4 | 44942 ||| Stepping ~*~*~tactically~*~*~ (hiding).
 44943 | Vaults:4 | 44943 ||| Stepping ~*~*~tactically~*~*~ (hiding).
 44944 | Vaults:4 | 44944 ||| Stepping ~*~*~tactically~*~*~ (hiding).
 44945 | Vaults:4 | 44945 ||| Stepping ~*~*~tactically~*~*~ (hiding).
 44946 | Vaults:4 | 44946 ||| Stepping ~*~*~tactically~*~*~ (hiding).
 44947 | Vaults:4 | 44947 ||| Stepping ~*~*~tactically~*~*~ (hiding).
 44948 | Vaults:4 | 44948 ||| Stepping ~*~*~tactically~*~*~ (hiding).
 44949 | Vaults:4 | 44949 ||| Stepping ~*~*~tactically~*~*~ (hiding).
 44950 | Vaults:4 | 44950 ||| Stepping ~*~*~tactically~*~*~ (hiding).
 44951 | Vaults:4 | 44951 ||| Stepping ~*~*~tactically~*~*~ (hiding).
 44952 | Vaults:4 | 44952 ||| Stepping ~*~*~tactically~*~*~ (hiding).
 44953 | Vaults:4 | 44953 ||| Stepping ~*~*~tactically~*~*~ (hiding).
 44954 | Vaults:4 | 44954 ||| Stepping ~*~*~tactically~*~*~ (hiding).
 44955 | Vaults:4 | 44955 ||| Stepping ~*~*~tactically~*~*~ (hiding).
 44956 | Vaults:4 | 44956 ||| Stepping ~*~*~tactically~*~*~ (hiding).
 44957 | Vaults:4 | 44957 ||| Stepping ~*~*~tactically~*~*~ (hiding).
 44958 | Vaults:4 | 44958 ||| Waiting for ranged monster.
 44959 | Vaults:4 | 44959 ||| Waiting for ranged monster.
 44960 | Vaults:4 | 44960 ||| Waiting for ranged monster.
 44961 | Vaults:4 | 44961 ||| Stepping ~*~*~tactically~*~*~ (hiding).
 44962 | Vaults:4 | 44962 ||| Waiting for ranged monster.
 44963 | Vaults:4 | 44963 ||| Waiting for ranged monster.
 44969 | Vaults:4 | 44969 ||| Waiting for ranged monster.
 44970 | Vaults:4 | 44970 ||| Waiting for ranged monster.
 45045 | Vaults:4 | 45045 ||| Stepping ~*~*~tactically~*~*~ (stealth).
 45085 | Vaults:4 | 45085 ||| Stepping ~*~*~tactically~*~*~ (hiding).
 45086 | Vaults:4 | 45086 ||| Stepping ~*~*~tactically~*~*~ (hiding).
 45087 | Vaults:4 | 45087 ||| Stepping ~*~*~tactically~*~*~ (hiding).
 45088 | Vaults:4 | 45088 ||| Stepping ~*~*~tactically~*~*~ (hiding).
 45089 | Vaults:4 | 45089 ||| Stepping ~*~*~tactically~*~*~ (hiding).
 45090 | Vaults:4 | 45090 ||| Stepping ~*~*~tactically~*~*~ (hiding).
 45091 | Vaults:4 | 45091 ||| Stepping ~*~*~tactically~*~*~ (hiding).
 45092 | Vaults:4 | 45092 ||| Stepping ~*~*~tactically~*~*~ (hiding).
 45093 | Vaults:4 | 45093 ||| Stepping ~*~*~tactically~*~*~ (hiding).
 45094 | Vaults:4 | 45094 ||| Waiting for ranged monster.
 45095 | Vaults:4 | 45095 ||| Waiting for ranged monster.
 45096 | Vaults:4 | 45096 ||| Waiting for ranged monster.
 45097 | Vaults:4 | 45097 ||| Waiting for ranged monster.
 45098 | Vaults:4 | 45098 ||| Waiting for ranged monster.
 45099 | Vaults:4 | 45099 ||| Waiting for ranged monster.
 45114 | Vaults:4 | 45114 ||| Stepping ~*~*~tactically~*~*~ (hiding).
 45115 | Vaults:4 | 45115 ||| Stepping ~*~*~tactically~*~*~ (hiding).
 45116 | Vaults:4 | 45116 ||| Stepping ~*~*~tactically~*~*~ (hiding).
 45117 | Vaults:4 | 45117 ||| Waiting for ranged monster.
 45118 | Vaults:4 | 45118 ||| Stepping ~*~*~tactically~*~*~ (hiding).
 45119 | Vaults:4 | 45119 ||| Stepping ~*~*~tactically~*~*~ (hiding).
 45120 | Vaults:4 | 45120 ||| Stepping ~*~*~tactically~*~*~ (hiding).
 45121 | Vaults:4 | 45121 ||| Stepping ~*~*~tactically~*~*~ (hiding).
 45122 | Vaults:4 | 45122 ||| Waiting for ranged monster.
 45123 | Vaults:4 | 45123 ||| Waiting for ranged monster.
 45124 | Vaults:4 | 45124 ||| Waiting for ranged monster.
 45125 | Vaults:4 | 45125 ||| Waiting for ranged monster.
 45126 | Vaults:4 | 45126 ||| Waiting for ranged monster.
 45128 | Vaults:4 | 45128 ||| INVOKING Trog's Hand.
 45219 | Vaults:4 | 45219 ||| Stepping ~*~*~tactically~*~*~ (stealth).
 45221 | Vaults:4 | 45221 ||| INVOKING Trog's Hand.
 45263 | Vaults:4 | 45263 ||| INVOKING Trog's Hand.
 45278 | Vaults:4 | Received a gift from Trog
 45281 | Vaults:4 | 45281 ||| Stepping ~*~*~tactically~*~*~ (stealth).
 45296 | Vaults:4 | 45296 ||| Stepping ~*~*~tactically~*~*~ (hiding).
 45297 | Vaults:4 | 45297 ||| Waiting for ranged monster.
 45298 | Vaults:4 | 45298 ||| Waiting for ranged monster.
 45301 | Vaults:4 | Reached XP level 21. HP: 144/144 MP: 21/21
 45302 | Vaults:4 | 45302 ||| Stepping ~*~*~tactically~*~*~ (hiding).
 45304 | Vaults:4 | 45304 ||| FLEEEEING.
 45305 | Vaults:4 | 45305 ||| STILL FLEEEEING.
 45306 | Vaults:4 | 45306 ||| STILL FLEEEEING.
 45307 | Vaults:4 | 45307 ||| INVOKING Trog's Hand.
 45315 | Vaults:4 | 45315 ||| FLEEEEING.
 45316 | Vaults:4 | 45316 ||| FLEEEEING.
 45317 | Vaults:4 | 45317 ||| FLEEEEING.
 45318 | Vaults:4 | 45318 ||| FLEEEEING.
 45319 | Vaults:4 | 45319 ||| FLEEEEING.
 45320 | Vaults:4 | 45320 ||| FLEEEEING.
 45321 | Vaults:4 | 45321 ||| FLEEEEING.
 45322 | Vaults:4 | 45322 ||| FLEEEEING.
 45323 | Vaults:4 | 45323 ||| FLEEEEING.
 45324 | Vaults:4 | 45324 ||| FLEEEEING.
 45325 | Vaults:4 | 45325 ||| FLEEEEING.
 45326 | Vaults:4 | 45326 ||| FLEEEEING.
 45327 | Vaults:4 | 45327 ||| FLEEEEING.
 45328 | Vaults:4 | 45328 ||| FLEEEEING.
 45329 | Vaults:4 | 45329 ||| FLEEEEING.
 45330 | Vaults:4 | 45330 ||| FLEEEEING.
 45331 | Vaults:4 | 45331 ||| FLEEEEING.
 45332 | Vaults:4 | 45332 ||| FLEEEEING.
 45333 | Vaults:4 | 45333 ||| FLEEEEING.
 45334 | Vaults:4 | 45334 ||| FLEEEEING.
 45335 | Vaults:4 | 45335 ||| FLEEEEING.
 45336 | Vaults:4 | 45336 ||| FLEEEEING.
 45337 | Vaults:4 | 45337 ||| FLEEEEING.
 45338 | Vaults:4 | 45338 ||| FLEEEEING.
 45339 | Vaults:4 | 45339 ||| FLEEEEING.
 45340 | Vaults:4 | 45340 ||| FLEEEEING.
 45341 | Vaults:4 | 45341 ||| FLEEEEING.
 45344 | Vaults:4 | 45344 ||| FLEEEEING.
 45345 | Vaults:4 | 45345 ||| FLEEEEING.
 45346 | Vaults:4 | 45346 ||| FLEEEEING.
 45347 | Vaults:4 | 45347 ||| FLEEEEING.
 45348 | Vaults:4 | 45348 ||| FLEEEEING.
 45349 | Vaults:4 | 45349 ||| FLEEEEING.
 45350 | Vaults:4 | 45350 ||| FLEEEEING.
 45351 | Vaults:4 | 45351 ||| FLEEEEING.
 45352 | Vaults:4 | 45352 ||| FLEEEEING.
 45353 | Vaults:4 | 45353 ||| FLEEEEING.
 45354 | Vaults:4 | 45354 ||| FLEEEEING.
 45355 | Vaults:4 | 45355 ||| FLEEEEING.
 45356 | Vaults:4 | 45356 ||| FLEEEEING.
 45357 | Vaults:4 | 45357 ||| FLEEEEING.
 45358 | Vaults:4 | 45358 ||| FLEEEEING.
 45359 | Vaults:4 | 45359 ||| FLEEEEING.
 45360 | Vaults:4 | 45360 ||| FLEEEEING.
 45361 | Vaults:4 | 45361 ||| FLEEEEING.
 45362 | Vaults:4 | 45362 ||| FLEEEEING.
 45363 | Vaults:4 | 45363 ||| FLEEEEING.
 45364 | Vaults:4 | 45364 ||| FLEEEEING.
 45365 | Vaults:4 | 45365 ||| FLEEEEING.
 45366 | Vaults:4 | 45366 ||| FLEEEEING.
 45367 | Vaults:4 | 45367 ||| FLEEEEING.
 45368 | Vaults:4 | 45368 ||| FLEEEEING.
 45369 | Vaults:4 | 45369 ||| FLEEEEING.
 45370 | Vaults:4 | 45370 ||| FLEEEEING.
 45371 | Vaults:4 | 45371 ||| FLEEEEING.
 45372 | Vaults:4 | 45372 ||| FLEEEEING.
 45373 | Vaults:4 | 45373 ||| FLEEEEING.
 45374 | Vaults:4 | 45374 ||| FLEEEEING.
 45375 | Vaults:4 | 45375 ||| FLEEEEING.
 45376 | Vaults:4 | 45376 ||| FLEEEEING.
 45377 | Vaults:4 | 45377 ||| FLEEEEING.
 45378 | Vaults:4 | 45378 ||| FLEEEEING.
 45379 | Vaults:4 | 45379 ||| FLEEEEING.
 45380 | Vaults:4 | 45380 ||| FLEEEEING.
 45381 | Vaults:4 | 45381 ||| FLEEEEING.
 45382 | Vaults:4 | 45382 ||| FLEEEEING.
 45383 | Vaults:4 | 45383 ||| STAIRDANCE
 45385 | Vaults:3 | 45385 ||| FLEEEEING.
 45386 | Vaults:3 | 45386 ||| FLEEEEING.
 45387 | Vaults:3 | 45387 ||| FLEEEEING.
 45388 | Vaults:3 | 45388 ||| FLEEEEING.
 45389 | Vaults:3 | 45389 ||| FLEEEEING.
 45390 | Vaults:3 | 45390 ||| FLEEEEING.
 45436 | Vaults:3 | 45436 ||| UPGRADING to large malachite amulet.
 45437 | Vaults:3 | 45437 ||| DROPPING 4 javelins.
 45438 | Vaults:3 | 45438 ||| DROPPING 6 silver javelins.
 45447 | Vaults:4 | 45447 ||| STAIRDANCE
 45461 | Vaults:4 | 45461 ||| STAIRDANCE
 45495 | Vaults:4 | 45495 ||| Stepping ~*~*~tactically~*~*~ (hiding).
 45497 | Vaults:4 | 45497 ||| Waiting for ranged monster.
 45498 | Vaults:4 | 45498 ||| Stepping ~*~*~tactically~*~*~ (hiding).
 45509 | Vaults:4 | 45509 ||| Stepping ~*~*~tactically~*~*~ (hiding).
 45510 | Vaults:4 | 45510 ||| Waiting for ranged monster.
 45511 | Vaults:4 | 45511 ||| Stepping ~*~*~tactically~*~*~ (hiding).
 45512 | Vaults:4 | 45512 ||| Waiting for ranged monster.
 45520 | Vaults:4 | 45520 ||| Waiting for ranged monster.
 45600 | Vaults:4 | 45600 ||| Stepping ~*~*~tactically~*~*~ (stealth).
 45602 | Vaults:4 | 45602 ||| Stepping ~*~*~tactically~*~*~ (hiding).
 45603 | Vaults:4 | 45603 ||| Stepping ~*~*~tactically~*~*~ (hiding).
 45604 | Vaults:4 | 45604 ||| Stepping ~*~*~tactically~*~*~ (hiding).
 45774 | Vaults:4 | 45774 ||| Stepping ~*~*~tactically~*~*~ (stealth).
 45776 | Vaults:4 | 45776 ||| Stepping ~*~*~tactically~*~*~ (stealth).
 45777 | Vaults:4 | 45777 ||| Stepping ~*~*~tactically~*~*~ (stealth).
 45778 | Vaults:4 | 45778 ||| Stepping ~*~*~tactically~*~*~ (stealth).
 45780 | Vaults:4 | 45780 ||| Stepping ~*~*~tactically~*~*~ (hiding).
 45781 | Vaults:4 | 45781 ||| Stepping ~*~*~tactically~*~*~ (hiding).
 45782 | Vaults:4 | 45782 ||| Waiting for ranged monster.
 45783 | Vaults:4 | 45783 ||| Waiting for ranged monster.
 45784 | Vaults:4 | 45784 ||| Waiting for ranged monster.
 45785 | Vaults:4 | 45785 ||| Waiting for ranged monster.
 45786 | Vaults:4 | 45786 ||| INVOKING Trog's Hand.
 45790 | Vaults:4 | 45790 ||| Waiting for ranged monster.
 45841 | Vaults:4 | 45841 ||| Stepping ~*~*~tactically~*~*~ (stealth).
 45904 | Vaults:4 | 45904 ||| DROPPING javelin.
 46314 | D:10     | 46314 ||| EATING 36 rations.
 46512 | Shoals:1 | Entered Level 1 of the Shoals
 46513 | Shoals:1 | 46513 ||| Entered A.
 46513 | Shoals:1 | 46513 ||| Stepping ~*~*~tactically~*~*~ (hiding).
 46514 | Shoals:1 | 46514 ||| Waiting for ranged monster.
 46515 | Shoals:1 | 46515 ||| Stepping ~*~*~tactically~*~*~ (hiding).
 46516 | Shoals:1 | 46516 ||| Stepping ~*~*~tactically~*~*~ (hiding).
 46517 | Shoals:1 | 46517 ||| Stepping ~*~*~tactically~*~*~ (hiding).
 46544 | Shoals:1 | 46544 ||| Stepping ~*~*~tactically~*~*~ (hiding).
 46703 | Shoals:1 | 46703 ||| INVOKING Trog's Hand.
 46910 | Shoals:1 | 46910 ||| Stepping ~*~*~tactically~*~*~ (hiding).
 46911 | Shoals:1 | 46911 ||| Stepping ~*~*~tactically~*~*~ (hiding).
 46912 | Shoals:1 | 46912 ||| Waiting for ranged monster.
 46913 | Shoals:1 | 46913 ||| INVOKING Trog's Hand.
 47020 | Shoals:1 | 47020 ||| Stepping ~*~*~tactically~*~*~ (hiding).
 47021 | Shoals:1 | 47021 ||| Waiting for ranged monster.
 47022 | Shoals:1 | 47022 ||| Waiting for ranged monster.
 47023 | Shoals:1 | 47023 ||| Waiting for ranged monster.
 47028 | Shoals:1 | 47028 ||| Waiting for ranged monster.
 47029 | Shoals:1 | 47029 ||| Waiting for ranged monster.
 47290 | Shoals:1 | 47290 ||| UPGRADING to knobbly garnet ring.
 47292 | Shoals:1 | 47292 ||| UPGRADING to ring "Fuesiash" {rF+ rN++ Str+3}.
 47309 | Shoals:2 | 47309 ||| STAIRDANCE
 47338 | Shoals:2 | Noticed Polyphemus
 47339 | Shoals:2 | 47339 ||| STAIRDANCE
 47349 | Shoals:2 | 47349 ||| STAIRDANCE
 47360 | Shoals:2 | 47360 ||| STAIRDANCE
 47383 | Shoals:2 | Noticed Ilsuiw
 47385 | Shoals:2 | Reached skill level 18 in Armour
 47390 | Shoals:2 | Killed Polyphemus
 47521 | Shoals:2 | Received a gift from Trog
 47530 | Shoals:2 | Killed Ilsuiw
 47536 | Shoals:2 | 47536 ||| INVOKING Brothers in Arms.
 47549 | Shoals:2 | 47549 ||| INVOKING Berserk.
 47560 | Shoals:2 | 47560 ||| EATING 37 rations.
 47751 | Shoals:2 | 47751 ||| Stepping ~*~*~tactically~*~*~ (stealth).
 47762 | Shoals:2 | 47762 ||| Stepping ~*~*~tactically~*~*~ (stealth).
 47865 | Shoals:2 | 47865 ||| Stepping ~*~*~tactically~*~*~ (stealth).
 47909 | Shoals:2 | 47909 ||| Stepping ~*~*~tactically~*~*~ (hiding).
 47910 | Shoals:2 | 47910 ||| Stepping ~*~*~tactically~*~*~ (hiding).
 47911 | Shoals:2 | 47911 ||| Stepping ~*~*~tactically~*~*~ (hiding).
 47912 | Shoals:2 | 47912 ||| Stepping ~*~*~tactically~*~*~ (hiding).
 47921 | Shoals:2 | 47921 ||| Waiting for ranged monster.
 47924 | Shoals:2 | 47924 ||| Stepping ~*~*~tactically~*~*~ (stealth).
 47939 | Shoals:2 | 47939 ||| Stepping ~*~*~tactically~*~*~ (hiding).
 47940 | Shoals:2 | 47940 ||| Stepping ~*~*~tactically~*~*~ (hiding).
 47941 | Shoals:2 | 47941 ||| Waiting for ranged monster.
 47942 | Shoals:2 | 47942 ||| Stepping ~*~*~tactically~*~*~ (hiding).
 47943 | Shoals:2 | 47943 ||| Waiting for ranged monster.
 47944 | Shoals:2 | 47944 ||| Waiting for ranged monster.
 47945 | Shoals:2 | 47945 ||| Stepping ~*~*~tactically~*~*~ (hiding).
 47946 | Shoals:2 | 47946 ||| Stepping ~*~*~tactically~*~*~ (hiding).
 47947 | Shoals:2 | 47947 ||| Waiting for ranged monster.
 47948 | Shoals:2 | 47948 ||| Stepping ~*~*~tactically~*~*~ (hiding).
 47949 | Shoals:2 | 47949 ||| Waiting for ranged monster.
 48028 | Shoals:2 | 48028 ||| Stepping ~*~*~tactically~*~*~ (stealth).
 48448 | Shoals:2 | 48448 ||| EATING 41 rations.
 48524 | Shoals:2 | 48524 ||| READING scroll labeled VUNERU TIWECUO.
 48565 | Shoals:3 | 48565 ||| INVOKING Trog's Hand.
 48673 | Shoals:3 | 48673 ||| Stepping ~*~*~tactically~*~*~ (stealth).
 48857 | Shoals:3 | 48857 ||| Stepping ~*~*~tactically~*~*~ (hiding).
 48858 | Shoals:3 | 48858 ||| Stepping ~*~*~tactically~*~*~ (hiding).
 48859 | Shoals:3 | 48859 ||| Waiting for ranged monster.
 48860 | Shoals:3 | 48860 ||| Waiting for ranged monster.
 48861 | Shoals:3 | 48861 ||| Waiting for ranged monster.
 48862 | Shoals:3 | 48862 ||| Waiting for ranged monster.
 48895 | Shoals:3 | 48895 ||| Stepping ~*~*~tactically~*~*~ (hiding).
 48896 | Shoals:3 | 48896 ||| Stepping ~*~*~tactically~*~*~ (hiding).
 48897 | Shoals:3 | 48897 ||| Stepping ~*~*~tactically~*~*~ (hiding).
 48898 | Shoals:3 | 48898 ||| Waiting for ranged monster.
 48899 | Shoals:3 | 48899 ||| Waiting for ranged monster.
 48900 | Shoals:3 | 48900 ||| Waiting for ranged monster.
 48901 | Shoals:3 | 48901 ||| Waiting for ranged monster.
 48902 | Shoals:3 | 48902 ||| Waiting for ranged monster.
 48903 | Shoals:3 | 48903 ||| Waiting for ranged monster.
 48959 | Shoals:3 | 48959 ||| Stepping ~*~*~tactically~*~*~ (stealth).
 48960 | Shoals:3 | 48960 ||| Stepping ~*~*~tactically~*~*~ (stealth).
 48961 | Shoals:3 | 48961 ||| Stepping ~*~*~tactically~*~*~ (stealth).
 48963 | Shoals:3 | 48963 ||| Stepping ~*~*~tactically~*~*~ (hiding).
 48964 | Shoals:3 | 48964 ||| Stepping ~*~*~tactically~*~*~ (hiding).
 48966 | Shoals:3 | 48966 ||| Stepping ~*~*~tactically~*~*~ (hiding).
 48967 | Shoals:3 | 48967 ||| Stepping ~*~*~tactically~*~*~ (hiding).
 48969 | Shoals:3 | 48969 ||| Stepping ~*~*~tactically~*~*~ (hiding).
 48970 | Shoals:3 | 48970 ||| Stepping ~*~*~tactically~*~*~ (hiding).
 48972 | Shoals:3 | 48972 ||| Stepping ~*~*~tactically~*~*~ (hiding).
 48973 | Shoals:3 | 48973 ||| Stepping ~*~*~tactically~*~*~ (hiding).
 48974 | Shoals:3 | 48974 ||| Stepping ~*~*~tactically~*~*~ (hiding).
 48976 | Shoals:3 | 48976 ||| Stepping ~*~*~tactically~*~*~ (hiding).
 48977 | Shoals:3 | 48977 ||| Stepping ~*~*~tactically~*~*~ (hiding).
 48978 | Shoals:3 | 48978 ||| Stepping ~*~*~tactically~*~*~ (hiding).
 48979 | Shoals:3 | 48979 ||| Waiting for ranged monster.
 48985 | Shoals:3 | 48985 ||| Stepping ~*~*~tactically~*~*~ (hiding).
 49145 | Shoals:3 | 49145 ||| Stepping ~*~*~tactically~*~*~ (hiding).
 49146 | Shoals:3 | 49146 ||| Waiting for ranged monster.
 49147 | Shoals:3 | 49147 ||| Waiting for ranged monster.
 49148 | Shoals:3 | 49148 ||| Waiting for ranged monster.
 49241 | Shoals:3 | Reached skill level 20 in Fighting
 49356 | Shoals:3 | Received a gift from Trog
 49357 | Shoals:3 | 49357 ||| Stepping ~*~*~tactically~*~*~ (hiding).
 49358 | Shoals:3 | 49358 ||| Waiting for ranged monster.
 49359 | Shoals:3 | 49359 ||| Stepping ~*~*~tactically~*~*~ (hiding).
 49360 | Shoals:3 | 49360 ||| Stepping ~*~*~tactically~*~*~ (hiding).
 49361 | Shoals:3 | 49361 ||| Stepping ~*~*~tactically~*~*~ (hiding).
 49362 | Shoals:3 | 49362 ||| Stepping ~*~*~tactically~*~*~ (hiding).
 49363 | Shoals:3 | 49363 ||| Stepping ~*~*~tactically~*~*~ (hiding).
 49364 | Shoals:3 | 49364 ||| Stepping ~*~*~tactically~*~*~ (hiding).
 49365 | Shoals:3 | 49365 ||| Stepping ~*~*~tactically~*~*~ (hiding).
 49366 | Shoals:3 | 49366 ||| Stepping ~*~*~tactically~*~*~ (hiding).
 49367 | Shoals:3 | 49367 ||| Stepping ~*~*~tactically~*~*~ (hiding).
 49368 | Shoals:3 | 49368 ||| Stepping ~*~*~tactically~*~*~ (hiding).
 49369 | Shoals:3 | 49369 ||| Stepping ~*~*~tactically~*~*~ (hiding).
 49370 | Shoals:3 | 49370 ||| Stepping ~*~*~tactically~*~*~ (hiding).
 49371 | Shoals:3 | 49371 ||| Waiting for ranged monster.
 49372 | Shoals:3 | 49372 ||| Stepping ~*~*~tactically~*~*~ (hiding).
 49373 | Shoals:3 | 49373 ||| Stepping ~*~*~tactically~*~*~ (hiding).
 49374 | Shoals:3 | 49374 ||| Stepping ~*~*~tactically~*~*~ (hiding).
 49375 | Shoals:3 | 49375 ||| Stepping ~*~*~tactically~*~*~ (hiding).
 49376 | Shoals:3 | 49376 ||| Stepping ~*~*~tactically~*~*~ (hiding).
 49377 | Shoals:3 | 49377 ||| Stepping ~*~*~tactically~*~*~ (hiding).
 49378 | Shoals:3 | 49378 ||| Stepping ~*~*~tactically~*~*~ (hiding).
 49379 | Shoals:3 | 49379 ||| Stepping ~*~*~tactically~*~*~ (hiding).
 49380 | Shoals:3 | 49380 ||| Waiting for ranged monster.
 49381 | Shoals:3 | 49381 ||| Stepping ~*~*~tactically~*~*~ (hiding).
 49382 | Shoals:3 | 49382 ||| Stepping ~*~*~tactically~*~*~ (hiding).
 49383 | Shoals:3 | 49383 ||| Waiting for ranged monster.
 49384 | Shoals:3 | 49384 ||| Stepping ~*~*~tactically~*~*~ (hiding).
 49424 | Shoals:3 | 49424 ||| Stepping ~*~*~tactically~*~*~ (hiding).
 49425 | Shoals:3 | 49425 ||| INVOKING Trog's Hand.
 49608 | Shoals:3 | 49608 ||| UPGRADING to scratched agate ring.
 49610 | Shoals:3 | 49610 ||| REMOVING ring of stealth.
 49611 | Shoals:3 | 49611 ||| UPGRADING to ring of see invisible.
 49612 | Shoals:3 | 49612 ||| DROPPING ring of stealth.
 49613 | Shoals:3 | 49613 ||| UPGRADING to ring "Fuesiash" {rF+ rN++ Str+3}.
 49637 | Shoals:4 | Entered Level 4 of the Shoals
 49638 | Shoals:4 | 49638 ||| Stepping ~*~*~tactically~*~*~ (hiding).
 49639 | Shoals:4 | 49639 ||| Stepping ~*~*~tactically~*~*~ (hiding).
 49640 | Shoals:4 | 49640 ||| Waiting for ranged monster.
 49641 | Shoals:4 | 49641 ||| Waiting for ranged monster.
 49642 | Shoals:4 | 49642 ||| Waiting for ranged monster.
 49643 | Shoals:4 | 49643 ||| Waiting for ranged monster.
 49646 | Shoals:4 | 49646 ||| INVOKING Trog's Hand.
 49679 | Shoals:4 | 49679 ||| Stepping ~*~*~tactically~*~*~ (hiding).
 49680 | Shoals:4 | 49680 ||| Stepping ~*~*~tactically~*~*~ (hiding).
 49681 | Shoals:4 | 49681 ||| Waiting for ranged monster.
 49682 | Shoals:4 | Identified the amulet of the Suburbs {+Rage rPois Int+4}
 49688 | Shoals:4 | 49688 ||| INVOKING Berserk.
 49736 | Shoals:4 | 49736 ||| Stepping ~*~*~tactically~*~*~ (hiding).
 49743 | Shoals:4 | 49743 ||| Waiting for ranged monster.
 49744 | Shoals:4 | 49744 ||| Stepping ~*~*~tactically~*~*~ (stealth).
 49745 | Shoals:4 | 49745 ||| Stepping ~*~*~tactically~*~*~ (stealth).
 49746 | Shoals:4 | 49746 ||| Stepping ~*~*~tactically~*~*~ (stealth).
 49747 | Shoals:4 | 49747 ||| Stepping ~*~*~tactically~*~*~ (stealth).
 49748 | Shoals:4 | 49748 ||| Stepping ~*~*~tactically~*~*~ (stealth).
 49767 | Shoals:4 | 49767 ||| Stepping ~*~*~tactically~*~*~ (stealth).
 49774 | Shoals:4 | 49774 ||| Stepping ~*~*~tactically~*~*~ (stealth).
 49776 | Shoals:4 | 49776 ||| Stepping ~*~*~tactically~*~*~ (stealth).
 49777 | Shoals:4 | 49777 ||| Stepping ~*~*~tactically~*~*~ (stealth).
 49779 | Shoals:4 | 49779 ||| Stepping ~*~*~tactically~*~*~ (hiding).
 49780 | Shoals:4 | 49780 ||| Waiting for ranged monster.
 49781 | Shoals:4 | 49781 ||| Stepping ~*~*~tactically~*~*~ (hiding).
 49782 | Shoals:4 | 49782 ||| Waiting for ranged monster.
 49783 | Shoals:4 | 49783 ||| Stepping ~*~*~tactically~*~*~ (hiding).
 49784 | Shoals:4 | 49784 ||| Waiting for ranged monster.
 49798 | Shoals:4 | 49798 ||| INVOKING Trog's Hand.
 49916 | Shoals:4 | 49916 ||| Stepping ~*~*~tactically~*~*~ (stealth).
 49917 | Shoals:4 | 49917 ||| Stepping ~*~*~tactically~*~*~ (stealth).
 49919 | Shoals:4 | 49919 ||| Stepping ~*~*~tactically~*~*~ (hiding).
 49937 | Shoals:4 | 49937 ||| Stepping ~*~*~tactically~*~*~ (hiding).
 49938 | Shoals:4 | 49938 ||| Stepping ~*~*~tactically~*~*~ (hiding).
 49939 | Shoals:4 | 49939 ||| Stepping ~*~*~tactically~*~*~ (hiding).
 49965 | Shoals:4 | 49965 ||| STAIRDANCE
 50103 | Shoals:4 | Identified the cursed +0 chain mail of Nihilism {rCorr
                  | Int+5}
 50161 | Shoals:4 | 50161 ||| Stepping ~*~*~tactically~*~*~ (stealth).
 50162 | Shoals:4 | 50162 ||| Stepping ~*~*~tactically~*~*~ (stealth).
 50163 | Shoals:4 | 50163 ||| Stepping ~*~*~tactically~*~*~ (stealth).
 50164 | Shoals:4 | 50164 ||| Stepping ~*~*~tactically~*~*~ (stealth).
 50165 | Shoals:4 | 50165 ||| Stepping ~*~*~tactically~*~*~ (stealth).
 50166 | Shoals:4 | 50166 ||| Stepping ~*~*~tactically~*~*~ (stealth).
 50167 | Shoals:4 | 50167 ||| Stepping ~*~*~tactically~*~*~ (stealth).
 50170 | Shoals:4 | 50170 ||| Stepping ~*~*~tactically~*~*~ (stealth).
 50172 | Shoals:4 | 50172 ||| Stepping ~*~*~tactically~*~*~ (hiding).
 50173 | Shoals:4 | 50173 ||| Stepping ~*~*~tactically~*~*~ (hiding).
 50174 | Shoals:4 | 50174 ||| Stepping ~*~*~tactically~*~*~ (hiding).
 50175 | Shoals:4 | 50175 ||| Stepping ~*~*~tactically~*~*~ (hiding).
 50182 | Shoals:4 | 50182 ||| STAIRDANCE
 50200 | Shoals:4 | Received a gift from Trog
 50240 | Shoals:4 | 50240 ||| Stepping ~*~*~tactically~*~*~ (stealth).
 50241 | Shoals:4 | 50241 ||| Stepping ~*~*~tactically~*~*~ (stealth).
 50242 | Shoals:4 | 50242 ||| Stepping ~*~*~tactically~*~*~ (stealth).
 50390 | Shoals:4 | Identified the ring of Qytesh {Ice Str+4 Stlth+}
 50395 | Shoals:4 | 50395 ||| INVOKING Berserk.
 50416 | Shoals:4 | 50416 ||| READING 6 scrolls of teleportation.
 50418 | Shoals:4 | 50418 ||| READING 5 scrolls of teleportation.
 50459 | Shoals:4 | 50459 ||| FLEEEEING.
 50460 | Shoals:4 | 50460 ||| FLEEEEING.
 50461 | Shoals:4 | 50461 ||| FLEEEEING.
 50462 | Shoals:4 | 50462 ||| FLEEEEING.
 50463 | Shoals:4 | 50463 ||| FLEEEEING.
 50464 | Shoals:4 | 50464 ||| FLEEEEING.
 50465 | Shoals:4 | 50465 ||| FLEEEEING.
 50466 | Shoals:4 | 50466 ||| FLEEEEING.
 50467 | Shoals:4 | 50467 ||| FLEEEEING.
 50468 | Shoals:4 | 50468 ||| FLEEEEING.
 50469 | Shoals:4 | 50469 ||| FLEEEEING.
 50470 | Shoals:4 | 50470 ||| FLEEEEING.
 50471 | Shoals:4 | 50471 ||| FLEEEEING.
 50472 | Shoals:4 | 50472 ||| FLEEEEING.
 50473 | Shoals:4 | 50473 ||| FLEEEEING.
 50474 | Shoals:4 | 50474 ||| FLEEEEING.
 50477 | Shoals:4 | 50477 ||| STAIRDANCE
 50642 | Shoals:4 | 50642 ||| Stepping ~*~*~tactically~*~*~ (stealth).
 50643 | Shoals:4 | 50643 ||| Stepping ~*~*~tactically~*~*~ (stealth).
 50647 | Shoals:4 | 50647 ||| Stepping ~*~*~tactically~*~*~ (stealth).
 50648 | Shoals:4 | 50648 ||| Stepping ~*~*~tactically~*~*~ (stealth).
 50649 | Shoals:4 | 50649 ||| Stepping ~*~*~tactically~*~*~ (stealth).
 50650 | Shoals:4 | 50650 ||| Stepping ~*~*~tactically~*~*~ (stealth).
 50652 | Shoals:4 | 50652 ||| Stepping ~*~*~tactically~*~*~ (hiding).
 50653 | Shoals:4 | 50653 ||| Stepping ~*~*~tactically~*~*~ (hiding).
 50654 | Shoals:4 | 50654 ||| Stepping ~*~*~tactically~*~*~ (hiding).
 50655 | Shoals:4 | 50655 ||| Waiting for ranged monster.
 50656 | Shoals:4 | 50656 ||| Stepping ~*~*~tactically~*~*~ (hiding).
 50657 | Shoals:4 | 50657 ||| Waiting for ranged monster.
 50658 | Shoals:4 | 50658 ||| Stepping ~*~*~tactically~*~*~ (hiding).
 50659 | Shoals:4 | 50659 ||| Stepping ~*~*~tactically~*~*~ (hiding).
 50660 | Shoals:4 | 50660 ||| Stepping ~*~*~tactically~*~*~ (hiding).
 50793 | Shoals:4 | 50793 ||| INVOKING Trog's Hand.
 50876 | Shoals:4 | Got a barnacled rune of Zot
 50980 | Shoals:4 | Reached XP level 22. HP: 152/152 MP: 22/22
 50981 | Shoals:4 | 50981 ||| Stepping ~*~*~tactically~*~*~ (hiding).
 50982 | Shoals:4 | 50982 ||| Stepping ~*~*~tactically~*~*~ (hiding).
 50983 | Shoals:4 | 50983 ||| Stepping ~*~*~tactically~*~*~ (hiding).
 50984 | Shoals:4 | 50984 ||| Stepping ~*~*~tactically~*~*~ (hiding).
 50985 | Shoals:4 | 50985 ||| Stepping ~*~*~tactically~*~*~ (hiding).
 50998 | Shoals:4 | Received a gift from Trog
 51087 | Shoals:4 | 51087 ||| EATING 42 rations.
 51114 | Shoals:4 | 51114 ||| Stepping ~*~*~tactically~*~*~ (hiding).
 51732 | Depths:1 | Entered Level 1 of the Depths
 51733 | Depths:1 | 51733 ||| Entered U.
 51733 | Depths:1 | 51733 ||| STAIRDANCE
 51745 | Depths:1 | 51745 ||| STAIRDANCE
 51755 | Depths:1 | 51755 ||| STAIRDANCE
 51764 | Depths:1 | 51764 ||| STAIRDANCE
 51799 | Depths:1 | 51799 ||| STAIRDANCE
 51801 | D:15     | 51801 ||| INVOKING Trog's Hand.
 51810 | Depths:1 | 51810 ||| STAIRDANCE
 51821 | Depths:1 | Found a gateway to Hell.
 51829 | Depths:1 | Noticed Mara
 51829 | Depths:1 | 51829 ||| INVOKING Brothers in Arms.
 51840 | Depths:1 | 51840 ||| INVOKING Berserk.
 51842 | Depths:1 | Noticed Caramio's illusion
 51897 | Depths:1 | 51897 ||| READING 4 scrolls of teleportation.
 51898 | Depths:1 | Noticed Caramio's illusion
 51902 | Depths:1 | 51902 ||| EATING 41 rations.
 52158 | Depths:1 | Noticed Nikola
 52159 | Depths:1 | 52159 ||| Stepping ~*~*~tactically~*~*~ (hiding).
 52169 | Depths:1 | 52169 ||| Stepping ~*~*~tactically~*~*~ (hiding).
 52178 | Depths:1 | 52178 ||| Waiting for ranged monster.
 52196 | Depths:1 | Killed Nikola
 52212 | Depths:1 | Received a gift from Trog
 52368 | Depths:1 | 52368 ||| Stepping ~*~*~tactically~*~*~ (hiding).
 52369 | Depths:1 | 52369 ||| Stepping ~*~*~tactically~*~*~ (hiding).
 52370 | Depths:1 | 52370 ||| Waiting for ranged monster.
 52371 | Depths:1 | 52371 ||| Waiting for ranged monster.
 52372 | Depths:1 | 52372 ||| Waiting for ranged monster.
 52373 | Depths:1 | 52373 ||| Stepping ~*~*~tactically~*~*~ (hiding).
 52374 | Depths:1 | 52374 ||| Waiting for ranged monster.
 52375 | Depths:1 | 52375 ||| Waiting for ranged monster.
 52427 | Depths:1 | 52427 ||| INVOKING Brothers in Arms.
 52428 | Depths:1 | 52428 ||| INVOKING Berserk.
 52436 | Depths:1 | Noticed Caramio's illusion
 52443 | Depths:1 | Killed Mara
 52538 | Depths:1 | 52538 ||| Stepping ~*~*~tactically~*~*~ (stealth).
 52539 | Depths:1 | 52539 ||| Stepping ~*~*~tactically~*~*~ (stealth).
 52540 | Depths:1 | 52540 ||| Stepping ~*~*~tactically~*~*~ (stealth).
 52544 | Depths:1 | 52544 ||| Stepping ~*~*~tactically~*~*~ (stealth).
 52545 | Depths:1 | 52545 ||| Stepping ~*~*~tactically~*~*~ (stealth).
 52548 | Depths:1 | 52548 ||| Stepping ~*~*~tactically~*~*~ (stealth).
 52549 | Depths:1 | 52549 ||| Stepping ~*~*~tactically~*~*~ (stealth).
 52640 | Depths:1 | 52640 ||| Stepping ~*~*~tactically~*~*~ (hiding).
 52641 | Depths:1 | 52641 ||| Waiting for ranged monster.
 52642 | Depths:1 | 52642 ||| Waiting for ranged monster.
 52643 | Depths:1 | 52643 ||| Waiting for ranged monster.
 52647 | Depths:1 | 52647 ||| Waiting for ranged monster.
 52648 | Depths:1 | 52648 ||| Waiting for ranged monster.
 52649 | Depths:1 | 52649 ||| Waiting for ranged monster.
 52828 | Depths:1 | 52828 ||| Stepping ~*~*~tactically~*~*~ (stealth).
 52831 | Depths:1 | 52831 ||| Stepping ~*~*~tactically~*~*~ (hiding).
 52835 | Depths:1 | 52835 ||| Waiting for ranged monster.
 52848 | Depths:1 | 52848 ||| Stepping ~*~*~tactically~*~*~ (hiding).
 52849 | Depths:1 | 52849 ||| Stepping ~*~*~tactically~*~*~ (hiding).
 52856 | Depths:1 | 52856 ||| FLEEEEING.
 52857 | Depths:1 | 52857 ||| FLEEEEING.
 52858 | Depths:1 | 52858 ||| FLEEEEING.
 52859 | Depths:1 | 52859 ||| FLEEEEING.
 52860 | Depths:1 | 52860 ||| FLEEEEING.
 52861 | Depths:1 | 52861 ||| FLEEEEING.
 52862 | Depths:1 | 52862 ||| FLEEEEING.
 52863 | Depths:1 | 52863 ||| FLEEEEING.
 52864 | Depths:1 | 52864 ||| FLEEEEING.
 52865 | Depths:1 | 52865 ||| FLEEEEING.
 52866 | Depths:1 | 52866 ||| FLEEEEING.
 52867 | Depths:1 | 52867 ||| FLEEEEING.
 52868 | Depths:1 | 52868 ||| FLEEEEING.
 52869 | Depths:1 | 52869 ||| FLEEEEING.
 52870 | Depths:1 | 52870 ||| FLEEEEING.
 52871 | Depths:1 | 52871 ||| FLEEEEING.
 52872 | Depths:1 | 52872 ||| FLEEEEING.
 52873 | Depths:1 | 52873 ||| FLEEEEING.
 52874 | Depths:1 | 52874 ||| FLEEEEING.
 52875 | Depths:1 | 52875 ||| FLEEEEING.
 52876 | Depths:1 | 52876 ||| FLEEEEING.
 52877 | Depths:1 | 52877 ||| FLEEEEING.
 52878 | Depths:1 | 52878 ||| FLEEEEING.
 52879 | Depths:1 | 52879 ||| FLEEEEING.
 52880 | Depths:1 | 52880 ||| FLEEEEING.
 52881 | Depths:1 | 52881 ||| FLEEEEING.
 52882 | Depths:1 | 52882 ||| FLEEEEING.
 52883 | Depths:1 | 52883 ||| FLEEEEING.
 52884 | Depths:1 | 52884 ||| FLEEEEING.
 52885 | Depths:1 | 52885 ||| FLEEEEING.
 52886 | Depths:1 | 52886 ||| STAIRDANCE
 52933 | Depths:1 | 52933 ||| STAIRDANCE
 52999 | Depths:1 | 52999 ||| STAIRDANCE
 53038 | Depths:1 | 53038 ||| Stepping ~*~*~tactically~*~*~ (stealth).
 53078 | Depths:1 | 53078 ||| Stepping ~*~*~tactically~*~*~ (stealth).
 53079 | Depths:1 | 53079 ||| Stepping ~*~*~tactically~*~*~ (stealth).
 53080 | Depths:1 | 53080 ||| Stepping ~*~*~tactically~*~*~ (stealth).
 53082 | Depths:1 | Found a runed translucent gate.
 53082 | Depths:1 | Found a runed translucent gate.
 53082 | Depths:1 | Found a runed translucent gate.
 53083 | Depths:1 | Identified the ring "Noph" {+Fly rElec rN++ MR+}
 53084 | Depths:1 | Noticed Caudar's ghost (adept GrMo)
 53085 | Depths:1 | 53085 ||| INVOKING Berserk.
 53090 | Depths:1 | 53090 ||| FLEEEEING.
 53091 | Depths:1 | 53091 ||| FLEEEEING.
 53092 | Depths:1 | 53092 ||| FLEEEEING.
 53093 | Depths:1 | 53093 ||| FLEEEEING.
 53094 | Depths:1 | 53094 ||| STILL FLEEEEING.
 53095 | Depths:1 | 53095 ||| STILL FLEEEEING.
 53096 | Depths:1 | 53096 ||| STILL FLEEEEING.
 53097 | Depths:1 | 53097 ||| STILL FLEEEEING.
 53098 | Depths:1 | 53098 ||| STILL FLEEEEING.
 53099 | Depths:1 | 53099 ||| STILL FLEEEEING.
 53100 | Depths:1 | 53100 ||| STILL FLEEEEING.
 53101 | Depths:1 | 53101 ||| STILL FLEEEEING.
 53102 | Depths:1 | 53102 ||| STILL FLEEEEING.
 53252 | Depths:1 | Found a glowing golden altar of the Shining One.
 53255 | Depths:1 | 53255 ||| Stepping ~*~*~tactically~*~*~ (hiding).
 53257 | Depths:1 | 53257 ||| INVOKING Trog's Hand.
 53534 | Depths:1 | 53534 ||| UPGRADING to +2 cloak of magic resistance.
 53544 | Depths:1 | 53544 ||| DROPPING scarf of repulsion.
 53553 | Depths:1 | 53553 ||| EATING 41 rations.
 53909 | Depths:2 | 53909 ||| Stepping ~*~*~tactically~*~*~ (stealth).
 53913 | Depths:2 | Found a one-way gate to the infinite horrors of the Abyss.
 53924 | Depths:2 | 53924 ||| Stepping ~*~*~tactically~*~*~ (stealth).
 53926 | Depths:2 | 53926 ||| Stepping ~*~*~tactically~*~*~ (stealth).
 53927 | Depths:2 | 53927 ||| Stepping ~*~*~tactically~*~*~ (stealth).
 53928 | Depths:2 | 53928 ||| Stepping ~*~*~tactically~*~*~ (stealth).
 54005 | Depths:2 | 54005 ||| Stepping ~*~*~tactically~*~*~ (stealth).
 54114 | Depths:2 | 54114 ||| Stepping ~*~*~tactically~*~*~ (stealth).
 54115 | Depths:2 | 54115 ||| Stepping ~*~*~tactically~*~*~ (stealth).
 54139 | Depths:2 | 54139 ||| Stepping ~*~*~tactically~*~*~ (stealth).
 54270 | Depths:2 | 54270 ||| Stepping ~*~*~tactically~*~*~ (hiding).
 54271 | Depths:2 | 54271 ||| Waiting for ranged monster.
 54279 | Depths:2 | 54279 ||| Waiting for ranged monster.
 54289 | Depths:2 | 54289 ||| Stepping ~*~*~tactically~*~*~ (hiding).
 54290 | Depths:2 | 54290 ||| Waiting for ranged monster.
 54291 | Depths:2 | 54291 ||| Waiting for ranged monster.
 54292 | Depths:2 | 54292 ||| INVOKING Trog's Hand.
 54363 | Depths:2 | Noticed a greater mummy
 54365 | Depths:2 | 54365 ||| INVOKING Berserk.
 54379 | Depths:2 | Killed a greater mummy
 54379 | Depths:2 | Received a gift from Trog
 54401 | Depths:2 | Reached skill level 21 in Fighting
 54584 | Depths:2 | Found the amulet of Vitality {Regen+ HP+15}
 54585 | Depths:2 | 54585 ||| Stepping ~*~*~tactically~*~*~ (hiding).
 54813 | Depths:2 | Noticed a greater mummy
 54814 | Depths:2 | 54814 ||| INVOKING Brothers in Arms.
 54815 | Depths:2 | 54815 ||| INVOKING Brothers in Arms.
 54816 | Depths:2 | 54816 ||| INVOKING Brothers in Arms.
 54821 | Depths:2 | Killed a greater mummy
 54826 | Depths:2 | 54826 ||| EATING 43 rations.
 55028 | Depths:2 | 55028 ||| READING scroll of acquirement.
 55117 | Depths:2 | 55117 ||| Stepping ~*~*~tactically~*~*~ (hiding).
 55118 | Depths:2 | 55118 ||| Stepping ~*~*~tactically~*~*~ (hiding).
 55119 | Depths:2 | 55119 ||| Waiting for ranged monster.
 55364 | Depths:2 | 55364 ||| Stepping ~*~*~tactically~*~*~ (stealth).
 55365 | Depths:2 | 55365 ||| Stepping ~*~*~tactically~*~*~ (stealth).
 55368 | Depths:2 | 55368 ||| Stepping ~*~*~tactically~*~*~ (stealth).
 55477 | Depths:3 | 55477 ||| STAIRDANCE
 55503 | Depths:3 | 55503 ||| STAIRDANCE
 55516 | Depths:3 | 55516 ||| STAIRDANCE
 55556 | Depths:3 | 55556 ||| Stepping ~*~*~tactically~*~*~ (hiding).
 55565 | Depths:3 | 55565 ||| INVOKING Trog's Hand.
 55579 | Depths:3 | Reached XP level 23. HP: 160/160 MP: 23/23
 55628 | Depths:3 | 55628 ||| FLEEEEING.
 55629 | Depths:3 | 55629 ||| STILL FLEEEEING.
 55630 | Depths:3 | 55630 ||| STILL FLEEEEING.
 55631 | Depths:3 | 55631 ||| STILL FLEEEEING.
 55632 | Depths:3 | 55632 ||| STILL FLEEEEING.
 55633 | Depths:3 | 55633 ||| FLEEEEING.
 55634 | Depths:3 | 55634 ||| FLEEEEING.
 55635 | Depths:3 | 55635 ||| FLEEEEING.
 55636 | Depths:3 | 55636 ||| FLEEEEING.
 55637 | Depths:3 | 55637 ||| STAIRDANCE
 55770 | Depths:3 | 55770 ||| INVOKING Trog's Hand.
 55915 | Depths:3 | 55915 ||| Stepping ~*~*~tactically~*~*~ (stealth).
 55916 | Depths:3 | 55916 ||| Stepping ~*~*~tactically~*~*~ (stealth).
 55917 | Depths:3 | 55917 ||| Stepping ~*~*~tactically~*~*~ (hiding).
 55918 | Depths:3 | 55918 ||| INVOKING Trog's Hand.
 55922 | Depths:3 | 55922 ||| INVOKING Berserk.
 55932 | Depths:3 | 55932 ||| FLEEEEING.
 55933 | Depths:3 | 55933 ||| FLEEEEING.
 55934 | Depths:3 | 55934 ||| FLEEEEING.
 55937 | Depths:3 | 55937 ||| STILL FLEEEEING.
 55938 | Depths:3 | 55938 ||| STILL FLEEEEING.
 55939 | Depths:3 | 55939 ||| STILL FLEEEEING.
 55940 | Depths:3 | 55940 ||| FLEEEEING.
 55941 | Depths:3 | 55941 ||| Stepping ~*~*~tactically~*~*~ (hiding).
 55942 | Depths:3 | 55942 ||| STILL FLEEEEING.
 55944 | Depths:3 | 55944 ||| STILL FLEEEEING.
 55945 | Depths:3 | 55945 ||| STILL FLEEEEING.
 55947 | Depths:3 | 55947 ||| STILL FLEEEEING.
 55948 | Depths:3 | 55948 ||| STILL FLEEEEING.
 55949 | Depths:3 | 55949 ||| STILL FLEEEEING.
 56097 | Depths:3 | 56097 ||| Stepping ~*~*~tactically~*~*~ (stealth).
 56099 | Depths:3 | 56099 ||| Stepping ~*~*~tactically~*~*~ (hiding).
 56100 | Depths:3 | 56100 ||| Waiting for ranged monster.
 56101 | Depths:3 | 56101 ||| Waiting for ranged monster.
 56114 | Depths:3 | Reached skill level 21 in Shields
 56116 | Depths:3 | 56116 ||| Stepping ~*~*~tactically~*~*~ (hiding).
 56117 | Depths:3 | 56117 ||| Waiting for ranged monster.
 56118 | Depths:3 | 56118 ||| Waiting for ranged monster.
 56237 | Depths:3 | 56237 ||| Stepping ~*~*~tactically~*~*~ (stealth).
 56241 | Depths:3 | 56241 ||| Stepping ~*~*~tactically~*~*~ (hiding).
 56243 | Depths:3 | 56243 ||| INVOKING Trog's Hand.
 56247 | Depths:3 | 56247 ||| INVOKING Berserk.
 56280 | Depths:3 | 56280 ||| INVOKING Trog's Hand.
 56299 | Depths:3 | Received a gift from Trog
 56311 | Depths:3 | 56311 ||| READING 5 scrolls of teleportation.
 56319 | Depths:3 | 56319 ||| INVOKING Brothers in Arms.
 56320 | Depths:3 | 56320 ||| EATING 44 rations.
 56334 | Depths:3 | 56334 ||| READING 4 scrolls of teleportation.
 56343 | Depths:3 | 56343 ||| Stepping ~*~*~tactically~*~*~ (hiding).
 56344 | Depths:3 | 56344 ||| Stepping ~*~*~tactically~*~*~ (hiding).
 56347 | Depths:3 | 56347 ||| READING 3 scrolls of teleportation.
 56472 | Depths:3 | 56472 ||| Stepping ~*~*~tactically~*~*~ (stealth).
 56492 | Depths:3 | 56492 ||| INVOKING Trog's Hand.
 56518 | Depths:3 | 56518 ||| Stepping ~*~*~tactically~*~*~ (hiding).
 56520 | Depths:3 | 56520 ||| Waiting for ranged monster.
 56525 | Depths:3 | 56525 ||| Waiting for ranged monster.
 56526 | Depths:3 | 56526 ||| Waiting for ranged monster.
 56527 | Depths:3 | 56527 ||| Waiting for ranged monster.
 56574 | Depths:3 | 56574 ||| Stepping ~*~*~tactically~*~*~ (hiding).
 56575 | Depths:3 | 56575 ||| Waiting for ranged monster.
 56576 | Depths:3 | 56576 ||| Waiting for ranged monster.
 56577 | Depths:3 | 56577 ||| Waiting for ranged monster.
 56578 | Depths:3 | 56578 ||| Waiting for ranged monster.
 56579 | Depths:3 | 56579 ||| Waiting for ranged monster.
 56585 | Depths:3 | 56585 ||| INVOKING Berserk.
 56653 | Depths:3 | 56653 ||| Stepping ~*~*~tactically~*~*~ (stealth).
 56654 | Depths:3 | 56654 ||| Stepping ~*~*~tactically~*~*~ (stealth).
 56655 | Depths:3 | 56655 ||| Stepping ~*~*~tactically~*~*~ (stealth).
 56663 | Depths:3 | 56663 ||| Stepping ~*~*~tactically~*~*~ (hiding).
 56664 | Depths:3 | 56664 ||| Waiting for ranged monster.
 56692 | Depths:3 | 56692 ||| Stepping ~*~*~tactically~*~*~ (hiding).
 56693 | Depths:3 | 56693 ||| Waiting for ranged monster.
 56694 | Depths:3 | 56694 ||| Waiting for ranged monster.
 56695 | Depths:3 | 56695 ||| Waiting for ranged monster.
 56729 | Depths:3 | 56729 ||| Stepping ~*~*~tactically~*~*~ (stealth).
 56748 | Depths:3 | Found a gateway to a ziggurat.
 56779 | Depths:3 | Found a one-way gate leading to the halls of Pandemonium.
 56780 | Depths:3 | 56780 ||| Stepping ~*~*~tactically~*~*~ (stealth).
 56788 | Depths:3 | 56788 ||| Stepping ~*~*~tactically~*~*~ (hiding).
 56789 | Depths:3 | 56789 ||| Stepping ~*~*~tactically~*~*~ (hiding).
 56790 | Depths:3 | 56790 ||| Stepping ~*~*~tactically~*~*~ (hiding).
 56791 | Depths:3 | 56791 ||| Stepping ~*~*~tactically~*~*~ (hiding).
 56792 | Depths:3 | 56792 ||| Stepping ~*~*~tactically~*~*~ (hiding).
 56793 | Depths:3 | 56793 ||| Waiting for ranged monster.
 56794 | Depths:3 | 56794 ||| Waiting for ranged monster.
 56795 | Depths:3 | 56795 ||| Waiting for ranged monster.
 56940 | Depths:3 | Reached skill level 21 in Armour
 57132 | Depths:3 | 57132 ||| Stepping ~*~*~tactically~*~*~ (hiding).
 57133 | Depths:3 | 57133 ||| Waiting for ranged monster.
 57134 | Depths:3 | 57134 ||| Waiting for ranged monster.
 57135 | Depths:3 | 57135 ||| Waiting for ranged monster.
 57146 | Depths:3 | 57146 ||| Stepping ~*~*~tactically~*~*~ (hiding).
 57147 | Depths:3 | 57147 ||| Stepping ~*~*~tactically~*~*~ (hiding).
 57149 | Depths:3 | 57149 ||| READING scroll labeled FOPUYN NACA.
 57150 | Depths:3 | 57150 ||| READING 24 scrolls of identify.
 57150 | Depths:3 | 57150 ||| IDENTIFYING murky dark potion
 57151 | Depths:3 | 57151 ||| DROPPING potion of magic.
 57219 | Depths:3 | 57219 ||| Stepping ~*~*~tactically~*~*~ (hiding).
 57226 | Depths:3 | 57226 ||| Waiting for ranged monster.
 57227 | Depths:3 | 57227 ||| Waiting for ranged monster.
 57228 | Depths:3 | 57228 ||| Waiting for ranged monster.
 57236 | Depths:3 | 57236 ||| READING scroll of enchant armour.
 57236 | Depths:3 | 57236 ||| ENCHANTING +5 plate armour of cold resistance.
 57373 | Depths:4 | Reached skill level 9 in Dodging
 57486 | Depths:4 | Received a gift from Trog
 57505 | Depths:4 | 57505 ||| INVOKING Berserk.
 57788 | Depths:4 | 57788 ||| INVOKING Brothers in Arms.
 57790 | Depths:4 | 57790 ||| INVOKING Berserk.
 57807 | Depths:4 | 57807 ||| EATING 46 rations.
 58007 | Depths:4 | Received a gift from Trog
 58082 | Depths:4 | 58082 ||| INVOKING Trog's Hand.
 58084 | Depths:4 | 58084 ||| INVOKING Brothers in Arms.
 58088 | Depths:4 | 58088 ||| INVOKING Berserk.
 58091 | Depths:4 | Reached skill level 22 in Fighting
 58101 | Depths:4 | Reached XP level 24. HP: 168/168 MP: 23/23
 58160 | Depths:4 | 58160 ||| INVOKING Trog's Hand.
 58396 | Depths:4 | 58396 ||| Stepping ~*~*~tactically~*~*~ (stealth).
 58402 | Depths:4 | 58402 ||| Stepping ~*~*~tactically~*~*~ (stealth).
 58404 | Depths:4 | 58404 ||| Stepping ~*~*~tactically~*~*~ (stealth).
 58406 | Depths:4 | 58406 ||| Stepping ~*~*~tactically~*~*~ (stealth).
 58409 | Depths:4 | 58409 ||| Stepping ~*~*~tactically~*~*~ (stealth).
 58410 | Depths:4 | 58410 ||| Stepping ~*~*~tactically~*~*~ (stealth).
 58411 | Depths:4 | 58411 ||| Stepping ~*~*~tactically~*~*~ (stealth).
 58412 | Depths:4 | 58412 ||| INVOKING Trog's Hand.
 58479 | Depths:4 | 58479 ||| DRINKING potion of experience.
 58479 | Depths:4 | Reached XP level 25. HP: 173/173 MP: 23/23
 58550 | Depths:4 | 58550 ||| Stepping ~*~*~tactically~*~*~ (hiding).
 58551 | Depths:4 | 58551 ||| Waiting for ranged monster.
 58578 | Depths:4 | 58578 ||| Stepping ~*~*~tactically~*~*~ (hiding).
 58579 | Depths:4 | 58579 ||| Waiting for ranged monster.
 58581 | Depths:4 | 58581 ||| INVOKING Trog's Hand.
 58583 | Depths:4 | 58583 ||| INVOKING Berserk.
 58618 | Depths:4 | 58618 ||| Stepping ~*~*~tactically~*~*~ (stealth).
 58626 | Depths:4 | 58626 ||| FLEEEEING.
 58630 | Depths:4 | 58630 ||| Stepping ~*~*~tactically~*~*~ (stealth).
 58743 | Depths:4 | 58743 ||| Stepping ~*~*~tactically~*~*~ (hiding).
 58744 | Depths:4 | 58744 ||| Waiting for ranged monster.
 58745 | Depths:4 | 58745 ||| Waiting for ranged monster.
 58746 | Depths:4 | 58746 ||| Stepping ~*~*~tactically~*~*~ (hiding).
 58755 | Depths:4 | 58755 ||| Waiting for ranged monster.
 58770 | Depths:4 | 58770 ||| Stepping ~*~*~tactically~*~*~ (stealth).
 58771 | Depths:4 | 58771 ||| Stepping ~*~*~tactically~*~*~ (stealth).
 58772 | Depths:4 | 58772 ||| Stepping ~*~*~tactically~*~*~ (stealth).
 58773 | Depths:4 | 58773 ||| Stepping ~*~*~tactically~*~*~ (stealth).
 58776 | Depths:4 | 58776 ||| Stepping ~*~*~tactically~*~*~ (hiding).
 58781 | Depths:4 | 58781 ||| Stepping ~*~*~tactically~*~*~ (hiding).
 58782 | Depths:4 | 58782 ||| Waiting for ranged monster.
 58783 | Depths:4 | 58783 ||| Stepping ~*~*~tactically~*~*~ (hiding).
 58784 | Depths:4 | 58784 ||| Stepping ~*~*~tactically~*~*~ (hiding).
 58785 | Depths:4 | 58785 ||| Waiting for ranged monster.
 58786 | Depths:4 | 58786 ||| Waiting for ranged monster.
 58787 | Depths:4 | 58787 ||| Waiting for ranged monster.
 58788 | Depths:4 | 58788 ||| Waiting for ranged monster.
 58789 | Depths:4 | 58789 ||| Waiting for ranged monster.
 58790 | Depths:4 | 58790 ||| Waiting for ranged monster.
 58791 | Depths:4 | 58791 ||| Waiting for ranged monster.
 58792 | Depths:4 | 58792 ||| Waiting for ranged monster.
 58793 | Depths:4 | 58793 ||| Waiting for ranged monster.
 58826 | Depths:4 | 58826 ||| INVOKING Trog's Hand.
 58836 | Depths:4 | Received a gift from Trog
 58872 | Depths:4 | 58872 ||| Stepping ~*~*~tactically~*~*~ (stealth).
 58874 | Depths:4 | 58874 ||| Stepping ~*~*~tactically~*~*~ (stealth).
 58875 | Depths:4 | 58875 ||| Stepping ~*~*~tactically~*~*~ (stealth).
 59123 | Depths:5 | Entered Level 5 of the Depths
 59147 | Depths:5 | 59147 ||| INVOKING Brothers in Arms.
 59148 | Depths:5 | 59148 ||| INVOKING Brothers in Arms.
 59245 | Depths:5 | 59245 ||| Stepping ~*~*~tactically~*~*~ (hiding).
 59246 | Depths:5 | 59246 ||| Waiting for ranged monster.
 59247 | Depths:5 | 59247 ||| Waiting for ranged monster.
 59248 | Depths:5 | 59248 ||| Waiting for ranged monster.
 59284 | Depths:5 | 59284 ||| Stepping ~*~*~tactically~*~*~ (stealth).
 59286 | Depths:5 | 59286 ||| INVOKING Trog's Hand.
 59307 | Depths:5 | 59307 ||| EATING 48 rations.
 59337 | Depths:5 | 59337 ||| Stepping ~*~*~tactically~*~*~ (stealth).
 59433 | Depths:5 | 59433 ||| Stepping ~*~*~tactically~*~*~ (hiding).
 59434 | Depths:5 | 59434 ||| Stepping ~*~*~tactically~*~*~ (hiding).
 59435 | Depths:5 | 59435 ||| INVOKING Berserk.
 59463 | Depths:5 | 59463 ||| INVOKING Trog's Hand.
 59572 | Depths:5 | Found a gate to the Realm of Zot.
 59649 | Depths:5 | Found a basalt altar of Yredelemnul.
 59650 | Depths:5 | Found a burning altar of Makhleb.
 59650 | Depths:5 | Found a blossoming altar of Fedhas.
 59668 | Depths:5 | 59668 ||| INVOKING Berserk.
 59810 | Depths:5 | 59810 ||| Stepping ~*~*~tactically~*~*~ (stealth).
 59813 | Depths:5 | 59813 ||| INVOKING Berserk.
 59818 | Depths:5 | Noticed a juggernaut
 59832 | Depths:5 | Killed a juggernaut
 59841 | Depths:5 | 59841 ||| FLEEEEING.
 59842 | Depths:5 | 59842 ||| FLEEEEING.
 59847 | Depths:5 | 59847 ||| STILL FLEEEEING.
 59848 | Depths:5 | 59848 ||| STILL FLEEEEING.
 59849 | Depths:5 | 59849 ||| STILL FLEEEEING.
 59850 | Depths:5 | 59850 ||| STILL FLEEEEING.
 59851 | Depths:5 | 59851 ||| STILL FLEEEEING.
 59898 | Depths:5 | 59898 ||| Stepping ~*~*~tactically~*~*~ (hiding).
 59899 | Depths:5 | 59899 ||| Waiting for ranged monster.
 59900 | Depths:5 | 59900 ||| Waiting for ranged monster.
 59901 | Depths:5 | 59901 ||| Waiting for ranged monster.
 59904 | Depths:5 | 59904 ||| Waiting for ranged monster.
 59961 | Depths:5 | 59961 ||| INVOKING Berserk.
 60019 | Depths:5 | 60019 ||| Stepping ~*~*~tactically~*~*~ (hiding).
 60021 | Depths:5 | 60021 ||| Waiting for ranged monster.
 60032 | Depths:5 | Reached skill level 23 in Fighting
 60051 | Depths:5 | 60051 ||| Stepping ~*~*~tactically~*~*~ (hiding).
 60052 | Depths:5 | 60052 ||| Waiting for ranged monster.
 60053 | Depths:5 | 60053 ||| Waiting for ranged monster.
 60054 | Depths:5 | 60054 ||| Waiting for ranged monster.
 60055 | Depths:5 | 60055 ||| Waiting for ranged monster.
 60056 | Depths:5 | 60056 ||| INVOKING Trog's Hand.
 60088 | Depths:5 | 60088 ||| Stepping ~*~*~tactically~*~*~ (stealth).
 60089 | Depths:5 | 60089 ||| Stepping ~*~*~tactically~*~*~ (stealth).
 60091 | Depths:5 | 60091 ||| Stepping ~*~*~tactically~*~*~ (stealth).
 60092 | Depths:5 | 60092 ||| Stepping ~*~*~tactically~*~*~ (stealth).
 60095 | Depths:5 | 60095 ||| Stepping ~*~*~tactically~*~*~ (hiding).
 60096 | Depths:5 | 60096 ||| Stepping ~*~*~tactically~*~*~ (hiding).
 60097 | Depths:5 | 60097 ||| Waiting for ranged monster.
 60098 | Depths:5 | 60098 ||| Stepping ~*~*~tactically~*~*~ (hiding).
 60099 | Depths:5 | 60099 ||| Stepping ~*~*~tactically~*~*~ (hiding).
 60121 | Depths:5 | 60121 ||| INVOKING Berserk.
 60124 | Depths:5 | Received a gift from Trog
 60136 | Depths:5 | 60136 ||| INVOKING Trog's Hand.
 60138 | Depths:5 | 60138 ||| Stepping ~*~*~tactically~*~*~ (hiding).
 60154 | Depths:5 | 60154 ||| READING 4 scrolls of teleportation.
 60211 | Depths:5 | 60211 ||| Stepping ~*~*~tactically~*~*~ (stealth).
 60213 | Depths:5 | 60213 ||| Stepping ~*~*~tactically~*~*~ (hiding).
 60214 | Depths:5 | 60214 ||| Waiting for ranged monster.
 60215 | Depths:5 | 60215 ||| Stepping ~*~*~tactically~*~*~ (hiding).
 60216 | Depths:5 | 60216 ||| Waiting for ranged monster.
 60217 | Depths:5 | 60217 ||| Waiting for ranged monster.
 60233 | Depths:5 | 60233 ||| Stepping ~*~*~tactically~*~*~ (hiding).
 60234 | Depths:5 | 60234 ||| Waiting for ranged monster.
 60235 | Depths:5 | 60235 ||| Waiting for ranged monster.
 60236 | Depths:5 | 60236 ||| Waiting for ranged monster.
 60248 | Depths:5 | Noticed a juggernaut
 60249 | Depths:5 | 60249 ||| INVOKING Brothers in Arms.
 60251 | Depths:5 | 60251 ||| INVOKING Berserk.
 60265 | Depths:5 | Killed a juggernaut
 60323 | Depths:5 | 60323 ||| Stepping ~*~*~tactically~*~*~ (stealth).
 60330 | Depths:5 | 60330 ||| INVOKING Trog's Hand.
 60352 | Depths:5 | Reached XP level 26. HP: 170/182 MP: 23/23
 60358 | Depths:5 | 60358 ||| INVOKING Trog's Hand.
 60362 | Depths:5 | 60362 ||| FLEEEEING.
 60363 | Depths:5 | 60363 ||| FLEEEEING.
 60364 | Depths:5 | 60364 ||| FLEEEEING.
 60365 | Depths:5 | 60365 ||| Stepping ~*~*~tactically~*~*~ (hiding).
 60366 | Depths:5 | 60366 ||| Stepping ~*~*~tactically~*~*~ (hiding).
 60367 | Depths:5 | 60367 ||| FLEEEEING.
 60368 | Depths:5 | 60368 ||| FLEEEEING.
 60375 | Depths:5 | 60375 ||| STILL FLEEEEING.
 60376 | Depths:5 | 60376 ||| STILL FLEEEEING.
 60377 | Depths:5 | 60377 ||| STILL FLEEEEING.
 60409 | Depths:5 | 60409 ||| INVOKING Trog's Hand.
 60458 | Depths:5 | Got a bound turquoise ring
 60463 | Depths:5 | Got a bound bronze ring
 60511 | Depths:5 | 60511 ||| Stepping ~*~*~tactically~*~*~ (hiding).
 60512 | Depths:5 | 60512 ||| Waiting for ranged monster.
 60513 | Depths:5 | 60513 ||| Waiting for ranged monster.
 60514 | Depths:5 | 60514 ||| Waiting for ranged monster.
 60515 | Depths:5 | 60515 ||| Waiting for ranged monster.
 60526 | Depths:5 | 60526 ||| Stepping ~*~*~tactically~*~*~ (hiding).
 60527 | Depths:5 | 60527 ||| Waiting for ranged monster.
 60528 | Depths:5 | 60528 ||| Waiting for ranged monster.
 60582 | Depths:5 | 60582 ||| Stepping ~*~*~tactically~*~*~ (hiding).
 60583 | Depths:5 | 60583 ||| Waiting for ranged monster.
 60584 | Depths:5 | 60584 ||| INVOKING Trog's Hand.
 60603 | Depths:5 | 60603 ||| Stepping ~*~*~tactically~*~*~ (hiding).
 60603 | Depths:5 | Noticed a juggernaut
 60604 | Depths:5 | 60604 ||| INVOKING Berserk.
 60616 | Depths:5 | Killed a juggernaut
 60636 | Depths:5 | 60636 ||| Stepping ~*~*~tactically~*~*~ (stealth).
 60641 | Depths:5 | 60641 ||| Stepping ~*~*~tactically~*~*~ (stealth).
 60765 | Depths:5 | 60765 ||| Stepping ~*~*~tactically~*~*~ (hiding).
 60816 | Depths:5 | 60816 ||| Stepping ~*~*~tactically~*~*~ (stealth).
 60848 | Depths:5 | 60848 ||| Stepping ~*~*~tactically~*~*~ (hiding).
 60849 | Depths:5 | 60849 ||| Waiting for ranged monster.
 60851 | Depths:5 | 60851 ||| INVOKING Berserk.
 61047 | Depths:5 | 61047 ||| UPGRADING to bound turquoise ring.
 61048 | Depths:5 | Identified the ring "Azafedy" {+Fly rPois MR+ Dex+2} (You
                  | found it on level 5 of the Depths)
 61049 | Depths:5 | 61049 ||| UPGRADING to ring of fire.
 61051 | Depths:5 | 61051 ||| UPGRADING to ring of see invisible.
 61053 | Depths:5 | 61053 ||| UPGRADING to ring "Fuesiash" {rF+ rN++ Str+3}.
 61055 | Depths:5 | 61055 ||| UPGRADING to onyx ring.
 61057 | Depths:5 | 61057 ||| READING 17 scrolls of remove curse.
 61058 | Depths:5 | 61058 ||| REMOVING ring of teleportation.
 61059 | Depths:5 | 61059 ||| UPGRADING to ring "Azafedy" {+Fly rPois MR+
                  | Dex+2}.
 61060 | Depths:5 | 61060 ||| UPGRADING to ring of fire.
 61062 | Depths:5 | 61062 ||| UPGRADING to ring "Fuesiash" {rF+ rN++ Str+3}.
 61064 | Depths:5 | 61064 ||| DROPPING ring of teleportation.
 61065 | Depths:5 | 61065 ||| UPGRADING to bound bronze ring.
 61066 | Depths:5 | Identified the ring "Ywuerigg" {+Inv rElec MR+ MP+9 Stlth-}
                  | (You found it on level 5 of the Depths)
 61067 | Depths:5 | 61067 ||| REMOVING ring "Ywuerigg" {+Inv rElec MR+ MP+9
                  | Stlth-}.
 61068 | Depths:5 | 61068 ||| UPGRADING to ring of fire.
 61069 | Depths:5 | 61069 ||| UPGRADING to ring of see invisible.
 61071 | Depths:5 | 61071 ||| UPGRADING to ring "Fuesiash" {rF+ rN++ Str+3}.
 61073 | Depths:5 | 61073 ||| DROPPING ring "Ywuerigg" {+Inv rElec MR+ MP+9
                  | Stlth-}.
 61441 | Vaults:5 | Entered Level 5 of the Vaults
 61442 | Vaults:5 | 61442 ||| INVOKING Trog's Hand.
 61443 | Vaults:5 | 61443 ||| STAIRDANCE
 61456 | Vaults:4 | 61456 ||| EATING 50 rations.
 61467 | Vaults:5 | 61467 ||| STAIRDANCE
 61510 | Vaults:5 | 61510 ||| STAIRDANCE
 61517 | Vaults:4 | Received a gift from Trog
 61544 | Vaults:5 | 61544 ||| STAIRDANCE
 61546 | Vaults:4 | 61546 ||| INVOKING Trog's Hand.
 61580 | Vaults:5 | 61580 ||| STAIRDANCE
 61598 | Vaults:5 | 61598 ||| STAIRDANCE
 61606 | Vaults:5 | 61606 ||| STAIRDANCE
 61639 | Vaults:5 | 61639 ||| INVOKING Trog's Hand.
 61648 | Vaults:5 | 61648 ||| STAIRDANCE
 61667 | Vaults:5 | 61667 ||| STAIRDANCE
 61669 | Vaults:4 | 61669 ||| INVOKING Trog's Hand.
 61670 | Vaults:4 | 61670 ||| INVOKING Berserk.
 61718 | Vaults:5 | 61718 ||| STAIRDANCE
 61727 | Vaults:5 | 61727 ||| STAIRDANCE
 61733 | Vaults:5 | 61733 ||| STAIRDANCE
 61748 | Vaults:5 | 61748 ||| STAIRDANCE
 61750 | Vaults:4 | 61750 ||| FLEEEEING.
 61827 | Vaults:5 | 61827 ||| INVOKING Trog's Hand.
 61880 | Vaults:5 | 61880 ||| Stepping ~*~*~tactically~*~*~ (stealth).
 61882 | Vaults:5 | 61882 ||| Stepping ~*~*~tactically~*~*~ (hiding).
 61883 | Vaults:5 | 61883 ||| Stepping ~*~*~tactically~*~*~ (hiding).
 61884 | Vaults:5 | 61884 ||| Stepping ~*~*~tactically~*~*~ (hiding).
 61885 | Vaults:5 | 61885 ||| Stepping ~*~*~tactically~*~*~ (hiding).
 61886 | Vaults:5 | 61886 ||| Stepping ~*~*~tactically~*~*~ (hiding).
 61887 | Vaults:5 | 61887 ||| Stepping ~*~*~tactically~*~*~ (hiding).
 61888 | Vaults:5 | 61888 ||| Stepping ~*~*~tactically~*~*~ (hiding).
 61889 | Vaults:5 | 61889 ||| Stepping ~*~*~tactically~*~*~ (hiding).
 61890 | Vaults:5 | 61890 ||| Stepping ~*~*~tactically~*~*~ (hiding).
 61898 | Vaults:5 | Reached skill level 24 in Fighting
 61903 | Vaults:5 | 61903 ||| INVOKING Trog's Hand.
 61951 | Vaults:5 | Received a gift from Trog
 61970 | Vaults:5 | 61970 ||| FLEEEEING.
 61971 | Vaults:5 | 61971 ||| FLEEEEING.
 61972 | Vaults:5 | 61972 ||| FLEEEEING.
 61973 | Vaults:5 | 61973 ||| FLEEEEING.
 61974 | Vaults:5 | 61974 ||| Stepping ~*~*~tactically~*~*~ (stealth).
 61975 | Vaults:5 | 61975 ||| Stepping ~*~*~tactically~*~*~ (stealth).
 61976 | Vaults:5 | 61976 ||| FLEEEEING.
 61977 | Vaults:5 | 61977 ||| FLEEEEING.
 62010 | Vaults:5 | 62010 ||| FLEEEEING.
 62011 | Vaults:5 | 62011 ||| FLEEEEING.
 62012 | Vaults:5 | 62012 ||| FLEEEEING.
 62013 | Vaults:5 | 62013 ||| FLEEEEING.
 62014 | Vaults:5 | 62014 ||| FLEEEEING.
 62015 | Vaults:5 | 62015 ||| FLEEEEING.
 62016 | Vaults:5 | 62016 ||| STAIRDANCE
 62079 | Vaults:5 | 62079 ||| Stepping ~*~*~tactically~*~*~ (hiding).
 62080 | Vaults:5 | 62080 ||| Waiting for ranged monster.
 62081 | Vaults:5 | 62081 ||| Waiting for ranged monster.
 62082 | Vaults:5 | 62082 ||| Waiting for ranged monster.
 62083 | Vaults:5 | 62083 ||| Waiting for ranged monster.
 62206 | Vaults:5 | 62206 ||| Stepping ~*~*~tactically~*~*~ (stealth).
 62207 | Vaults:5 | 62207 ||| Stepping ~*~*~tactically~*~*~ (stealth).
 62208 | Vaults:5 | 62208 ||| Stepping ~*~*~tactically~*~*~ (stealth).
 62238 | Vaults:5 | 62238 ||| INVOKING Trog's Hand.
 62255 | Vaults:5 | 62255 ||| Stepping ~*~*~tactically~*~*~ (hiding).
 62256 | Vaults:5 | 62256 ||| Stepping ~*~*~tactically~*~*~ (hiding).
 62264 | Vaults:5 | 62264 ||| INVOKING Trog's Hand.
 62265 | Vaults:5 | 62265 ||| INVOKING Berserk.
 62286 | Vaults:5 | 62286 ||| EATING 49 rations.
 62400 | Vaults:5 | 62400 ||| Stepping ~*~*~tactically~*~*~ (hiding).
 62401 | Vaults:5 | 62401 ||| Waiting for ranged monster.
 62402 | Vaults:5 | 62402 ||| Waiting for ranged monster.
 62403 | Vaults:5 | 62403 ||| Waiting for ranged monster.
 62409 | Vaults:5 | 62409 ||| Waiting for ranged monster.
 62425 | Vaults:5 | 62425 ||| Stepping ~*~*~tactically~*~*~ (hiding).
 62426 | Vaults:5 | 62426 ||| Waiting for ranged monster.
 62427 | Vaults:5 | 62427 ||| Waiting for ranged monster.
 62428 | Vaults:5 | 62428 ||| Waiting for ranged monster.
 62430 | Vaults:5 | 62430 ||| INVOKING Trog's Hand.
 62431 | Vaults:5 | 62431 ||| INVOKING Berserk.
 62441 | Vaults:5 | Reached XP level 27. HP: 190/190 MP: 23/23
 62446 | Vaults:5 | Reached skill level 24 in Shields
 62446 | Vaults:5 | Received a gift from Trog
 62447 | Vaults:5 | Identified the ring of Bodily Harmony {rElec rC+ rN+ MR+
                  | Str-3 Int+4}
 62525 | Vaults:5 | 62525 ||| Stepping ~*~*~tactically~*~*~ (stealth).
 62568 | Vaults:5 | Got a silver rune of Zot
 62685 | Vaults:5 | 62685 ||| INVOKING Trog's Hand.
 62719 | Vaults:5 | 62719 ||| Stepping ~*~*~tactically~*~*~ (hiding).
 62720 | Vaults:5 | 62720 ||| Stepping ~*~*~tactically~*~*~ (hiding).
 62721 | Vaults:5 | 62721 ||| Stepping ~*~*~tactically~*~*~ (hiding).
 62722 | Vaults:5 | 62722 ||| Stepping ~*~*~tactically~*~*~ (hiding).
 62723 | Vaults:5 | 62723 ||| Stepping ~*~*~tactically~*~*~ (hiding).
 62724 | Vaults:5 | 62724 ||| Stepping ~*~*~tactically~*~*~ (hiding).
 62725 | Vaults:5 | 62725 ||| Waiting for ranged monster.
 62726 | Vaults:5 | 62726 ||| Waiting for ranged monster.
 62727 | Vaults:5 | 62727 ||| Waiting for ranged monster.
 62728 | Vaults:5 | 62728 ||| Waiting for ranged monster.
 62729 | Vaults:5 | 62729 ||| Waiting for ranged monster.
 62730 | Vaults:5 | 62730 ||| Waiting for ranged monster.
 62731 | Vaults:5 | 62731 ||| INVOKING Berserk.
 62755 | Vaults:5 | 62755 ||| Stepping ~*~*~tactically~*~*~ (stealth).
 62773 | Vaults:5 | 62773 ||| INVOKING Trog's Hand.
 62779 | Vaults:5 | 62779 ||| Stepping ~*~*~tactically~*~*~ (hiding).
 62780 | Vaults:5 | 62780 ||| Stepping ~*~*~tactically~*~*~ (hiding).
 62781 | Vaults:5 | 62781 ||| Stepping ~*~*~tactically~*~*~ (hiding).
 62783 | Vaults:5 | 62783 ||| Stepping ~*~*~tactically~*~*~ (hiding).
 62784 | Vaults:5 | 62784 ||| Stepping ~*~*~tactically~*~*~ (hiding).
 62785 | Vaults:5 | 62785 ||| Stepping ~*~*~tactically~*~*~ (hiding).
 62786 | Vaults:5 | 62786 ||| Stepping ~*~*~tactically~*~*~ (hiding).
 62787 | Vaults:5 | 62787 ||| Stepping ~*~*~tactically~*~*~ (hiding).
 62788 | Vaults:5 | 62788 ||| Stepping ~*~*~tactically~*~*~ (hiding).
 62789 | Vaults:5 | 62789 ||| Stepping ~*~*~tactically~*~*~ (hiding).
 62790 | Vaults:5 | 62790 ||| Stepping ~*~*~tactically~*~*~ (hiding).
 62799 | Vaults:5 | 62799 ||| Waiting for ranged monster.
 62907 | Vaults:5 | 62907 ||| Stepping ~*~*~tactically~*~*~ (hiding).
 62908 | Vaults:5 | 62908 ||| Waiting for ranged monster.
 62909 | Vaults:5 | 62909 ||| Waiting for ranged monster.
 62910 | Vaults:5 | 62910 ||| Waiting for ranged monster.
 62911 | Vaults:5 | 62911 ||| INVOKING Trog's Hand.
 62936 | Vaults:5 | 62936 ||| Stepping ~*~*~tactically~*~*~ (stealth).
 62941 | Vaults:5 | 62941 ||| Stepping ~*~*~tactically~*~*~ (hiding).
 62942 | Vaults:5 | 62942 ||| Waiting for ranged monster.
 62943 | Vaults:5 | 62943 ||| Stepping ~*~*~tactically~*~*~ (hiding).
 62944 | Vaults:5 | 62944 ||| Waiting for ranged monster.
 62945 | Vaults:5 | 62945 ||| Waiting for ranged monster.
 62946 | Vaults:5 | 62946 ||| Waiting for ranged monster.
 62947 | Vaults:5 | 62947 ||| INVOKING Trog's Hand.
 62966 | Vaults:5 | 62966 ||| Stepping ~*~*~tactically~*~*~ (hiding).
 62967 | Vaults:5 | 62967 ||| Waiting for ranged monster.
 62968 | Vaults:5 | 62968 ||| Waiting for ranged monster.
 62969 | Vaults:5 | 62969 ||| Stepping ~*~*~tactically~*~*~ (hiding).
 62970 | Vaults:5 | 62970 ||| Stepping ~*~*~tactically~*~*~ (hiding).
 62987 | Vaults:5 | 62987 ||| Stepping ~*~*~tactically~*~*~ (stealth).
 62988 | Vaults:5 | 62988 ||| Stepping ~*~*~tactically~*~*~ (stealth).
 62989 | Vaults:5 | 62989 ||| Stepping ~*~*~tactically~*~*~ (stealth).
 63028 | Vaults:5 | 63028 ||| Stepping ~*~*~tactically~*~*~ (hiding).
 63029 | Vaults:5 | 63029 ||| Waiting for ranged monster.
 63030 | Vaults:5 | 63030 ||| Waiting for ranged monster.
 63031 | Vaults:5 | 63031 ||| Waiting for ranged monster.
 63262 | Vaults:5 | 63262 ||| Stepping ~*~*~tactically~*~*~ (hiding).
 63279 | Vaults:5 | Noticed Frederick
 63280 | Vaults:5 | 63280 ||| Stepping ~*~*~tactically~*~*~ (hiding).
 63281 | Vaults:5 | 63281 ||| Waiting for ranged monster.
 63282 | Vaults:5 | 63282 ||| Waiting for ranged monster.
 63283 | Vaults:5 | 63283 ||| INVOKING Berserk.
 63291 | Vaults:5 | Killed Frederick
 63319 | Vaults:5 | 63319 ||| Stepping ~*~*~tactically~*~*~ (stealth).
 63357 | Vaults:5 | 63357 ||| Stepping ~*~*~tactically~*~*~ (hiding).
 63358 | Vaults:5 | 63358 ||| Waiting for ranged monster.
 63359 | Vaults:5 | 63359 ||| Waiting for ranged monster.
 63360 | Vaults:5 | 63360 ||| Waiting for ranged monster.
 63361 | Vaults:5 | 63361 ||| Waiting for ranged monster.
 63362 | Vaults:5 | 63362 ||| Waiting for ranged monster.
 63418 | Vaults:5 | 63418 ||| INVOKING Berserk.
 63556 | Vaults:5 | 63556 ||| Stepping ~*~*~tactically~*~*~ (stealth).
 63567 | Vaults:5 | 63567 ||| Stepping ~*~*~tactically~*~*~ (stealth).
 63568 | Vaults:5 | 63568 ||| Stepping ~*~*~tactically~*~*~ (stealth).
 63814 | Vaults:5 | 63814 ||| UPGRADING to glowing scarf.
 63824 | Vaults:5 | 63824 ||| UPGRADING to +2 cloak of magic resistance.
 63834 | Vaults:5 | 63834 ||| DROPPING scarf of repulsion.
 63835 | Vaults:5 | 63835 ||| DROPPING ring of fire.
 63836 | Vaults:5 | 63836 ||| UPGRADING to twisted agate ring.
 63838 | Vaults:5 | 63838 ||| REMOVING ring of ice.
 63839 | Vaults:5 | 63839 ||| UPGRADING to ring of see invisible.
 63840 | Vaults:5 | 63840 ||| DROPPING ring of ice.
 63841 | Vaults:5 | 63841 ||| UPGRADING to ring "Fuesiash" {rF+ rN++ Str+3}.
 63843 | Vaults:5 | 63843 ||| READING 2 scrolls labeled ISTISY YFIM.
 63867 | Vaults:5 | 63867 ||| DROPPING scroll of silence.
 63913 | Vaults:5 | Identified the +8 flail of an ice cave {distort, *Corrode
                  | rF+ rC+ MR+}
 63914 | Vaults:5 | 63914 ||| Stepping ~*~*~tactically~*~*~ (hiding).
 63915 | Vaults:5 | 63915 ||| Stepping ~*~*~tactically~*~*~ (hiding).
 63916 | Vaults:5 | 63916 ||| INVOKING Trog's Hand.
 63918 | Vaults:5 | 63918 ||| READING 4 scrolls of teleportation.
 63921 | Vaults:5 | 63921 ||| EATING 57 rations.
 63922 | Vaults:5 | 63922 ||| Waiting for ranged monster.
 63923 | Vaults:5 | 63923 ||| Waiting for ranged monster.
 63924 | Vaults:5 | 63924 ||| Waiting for ranged monster.
 63936 | Vaults:5 | 63936 ||| INVOKING Berserk.
 64133 | D:13     | 64133 ||| SHOPPING SPREE
 64261 | Vaults:3 | Bought a potion of cancellation for 136 gold pieces
 64261 | Vaults:3 | Bought a potion of heal wounds for 85 gold pieces
 64261 | Vaults:3 | Bought a potion of curing for 51 gold pieces
 64261 | Vaults:3 | 64261 ||| SHOPPING SPREE
 64506 | D:8      | Bought 2 potions of cancellation for 240 gold pieces
 64506 | D:8      | Bought a potion of mutation for 120 gold pieces
 64506 | D:8      | 64506 ||| SHOPPING SPREE
 64528 | D:8      | 64528 ||| SHOPPING SPREE
 64614 | D:6      | Bought a runed helmet for 165 gold pieces
 64614 | D:6      | Bought a shiny large shield for 165 gold pieces
 64614 | D:6      | 64614 ||| UPGRADING to runed helmet.
 64624 | D:6      | 64624 ||| UPGRADING to +2 helmet.
 64634 | D:6      | 64634 ||| DROPPING +1 helmet.
 64635 | D:6      | 64635 ||| UPGRADING to shiny large shield.
 64645 | D:6      | 64645 ||| DROPPING +0 large shield.
 64646 | D:6      | 64646 ||| SHOPPING SPREE
 64704 | D:8      | 64704 ||| EATING 56 rations.
 64705 | D:8      | 64705 ||| SHOPPING SPREE
 64879 | Vaults:1 | Bought a pair of runed boots for 217 gold pieces
 64879 | Vaults:1 | 64879 ||| UPGRADING to pair of runed boots.
 64889 | Vaults:1 | 64889 ||| DROPPING +2 pair of boots.
 64890 | Vaults:1 | 64890 ||| SHOPPING SPREE
 65312 | Zot:1    | Entered Level 1 of the Realm of Zot
 65313 | Zot:1    | 65313 ||| Entered Z.
 65313 | Zot:1    | 65313 ||| EATING 55 rations.
 65314 | Zot:1    | 65314 ||| EATING 54 rations.
 65330 | Zot:1    | 65330 ||| Stepping ~*~*~tactically~*~*~ (hiding).
 65331 | Zot:1    | 65331 ||| Waiting for ranged monster.
 65332 | Zot:1    | 65332 ||| Waiting for ranged monster.
 65357 | Zot:1    | 65357 ||| INVOKING Berserk.
 65366 | Zot:1    | 65366 ||| FLEEEEING.
 65367 | Zot:1    | 65367 ||| FLEEEEING.
 65368 | Zot:1    | 65368 ||| FLEEEEING.
 65369 | Zot:1    | 65369 ||| FLEEEEING.
 65370 | Zot:1    | 65370 ||| FLEEEEING.
 65371 | Zot:1    | 65371 ||| STAIRDANCE
 65443 | Zot:1    | 65443 ||| Stepping ~*~*~tactically~*~*~ (hiding).
 65444 | Zot:1    | 65444 ||| Waiting for ranged monster.
 65445 | Zot:1    | 65445 ||| Waiting for ranged monster.
 65446 | Zot:1    | 65446 ||| Waiting for ranged monster.
 65447 | Zot:1    | 65447 ||| Stepping ~*~*~tactically~*~*~ (hiding).
 65448 | Zot:1    | 65448 ||| EATING 53 rations.
 65449 | Zot:1    | 65449 ||| Waiting for ranged monster.
 65450 | Zot:1    | 65450 ||| Waiting for ranged monster.
 65451 | Zot:1    | 65451 ||| INVOKING Berserk.
 65730 | Zot:1    | 65730 ||| Stepping ~*~*~tactically~*~*~ (hiding).
 65731 | Zot:1    | 65731 ||| Waiting for ranged monster.
 65732 | Zot:1    | 65732 ||| Waiting for ranged monster.
 65733 | Zot:1    | 65733 ||| Waiting for ranged monster.
 65734 | Zot:1    | 65734 ||| Waiting for ranged monster.
 66050 | Zot:1    | 66050 ||| READING scroll of enchant armour.
 66050 | Zot:1    | 66050 ||| ENCHANTING +6 plate armour of cold resistance.
 66093 | Zot:1    | 66093 ||| EATING 52 rations.
 66129 | Zot:1    | Received a gift from Trog
 66133 | Zot:1    | Reached skill level 24 in Armour
 66251 | Zot:2    | 66251 ||| Stepping ~*~*~tactically~*~*~ (hiding).
 66266 | Zot:2    | Noticed an orb of fire
 66267 | Zot:2    | 66267 ||| DRINKING 6 potions of resistance.
 66268 | Zot:2    | 66268 ||| INVOKING Brothers in Arms.
 66268 | Zot:2    | Gained mutation: Your body sometimes deteriorates upon
                  | taking damage. [an orb of fire]
 66269 | Zot:2    | 66269 ||| INVOKING Berserk.
 66282 | Zot:2    | Gained mutation: Scrolls take you a little longer to read.
                  | [an orb of fire]
 66284 | Zot:2    | Killed an orb of fire
 66346 | Zot:2    | 66346 ||| DRINKING 7 potions of mutation.
 66347 | Zot:2    | 66347 ||| DRINKING 7 potions of mutation.
 66348 | Zot:2    | 66348 ||| DRINKING 7 potions of mutation.
 66348 | Zot:2    | Lost mutation: Scrolls take you a little longer to read.
                  | [potion of mutation]
 66348 | Zot:2    | Lost mutation: Your body sometimes deteriorates upon taking
                  | damage. [potion of mutation]
 66348 | Zot:2    | Gained mutation: You are frail. (-10% HP) [potion of
                  | mutation]
 66348 | Zot:2    | Gained mutation: You occasionally shout uncontrollably at
                  | your foes. [potion of mutation]
 66348 | Zot:2    | Gained mutation: You are weak. (Str -2) [potion of
                  | mutation]
 66348 | Zot:2    | Gained mutation: You are agile. (Dex +2) [potion of
                  | mutation]
 66349 | Zot:2    | 66349 ||| DRINKING 6 potions of mutation.
 66349 | Zot:2    | Lost mutation: You are weak. (Str -2) [potion of mutation]
 66349 | Zot:2    | Lost mutation: You occasionally shout uncontrollably at
                  | your foes. [potion of mutation]
 66349 | Zot:2    | Gained mutation: Your muscles are strong. (Str +2) [potion
                  | of mutation]
 66350 | Zot:2    | 66350 ||| DRINKING 5 potions of mutation.
 66350 | Zot:2    | Lost mutation: You are agile. (Dex +2) [potion of mutation]
 66350 | Zot:2    | Lost mutation: You are frail. (-10% HP) [potion of
                  | mutation]
 66350 | Zot:2    | Lost mutation: Your muscles are strong. (Str +2) [potion of
                  | mutation]
 66350 | Zot:2    | Gained mutation: Your spells are a little harder to cast,
                  | but a little more powerful. [potion of mutation]
 66350 | Zot:2    | Gained mutation: Your muscles are strong. (Str +2) [potion
                  | of mutation]
 66350 | Zot:2    | Gained mutation: You have a pair of small horns on your
                  | head. [potion of mutation]
 66514 | Zot:2    | 66514 ||| INVOKING Berserk.
 66537 | Zot:2    | Reached skill level 25 in Fighting
 66565 | Zot:2    | 66565 ||| READING 5 scrolls of teleportation.
 66580 | Zot:2    | 66580 ||| EATING 51 rations.
 66589 | Zot:2    | 66589 ||| READING 4 scrolls of teleportation.
 67307 | Zot:2    | 67307 ||| DROPPING +2 helmet.
 67326 | Zot:3    | 67326 ||| Stepping ~*~*~tactically~*~*~ (hiding).
 67327 | Zot:3    | 67327 ||| Stepping ~*~*~tactically~*~*~ (hiding).
 67328 | Zot:3    | 67328 ||| Stepping ~*~*~tactically~*~*~ (hiding).
 67329 | Zot:3    | 67329 ||| Stepping ~*~*~tactically~*~*~ (hiding).
 67351 | Zot:3    | 67351 ||| EATING 51 rations.
 67389 | Zot:3    | 67389 ||| Stepping ~*~*~tactically~*~*~ (hiding).
 67390 | Zot:3    | 67390 ||| Waiting for ranged monster.
 67391 | Zot:3    | 67391 ||| Stepping ~*~*~tactically~*~*~ (hiding).
 67392 | Zot:3    | 67392 ||| Waiting for ranged monster.
 67393 | Zot:3    | 67393 ||| Waiting for ranged monster.
 67402 | Zot:3    | 67402 ||| Stepping ~*~*~tactically~*~*~ (hiding).
 67403 | Zot:3    | 67403 ||| Waiting for ranged monster.
 67404 | Zot:3    | 67404 ||| FLEEEEING.
 67445 | Zot:3    | Received a gift from Trog
 67667 | Zot:3    | 67667 ||| READING scroll of enchant armour.
 67667 | Zot:3    | 67667 ||| ENCHANTING +7 plate armour of cold resistance.
 67671 | Zot:3    | 67671 ||| READING scroll of enchant armour.
 67671 | Zot:3    | 67671 ||| ENCHANTING +8 plate armour of cold resistance.
 67676 | Zot:3    | 67676 ||| Stepping ~*~*~tactically~*~*~ (hiding).
 67677 | Zot:3    | 67677 ||| Waiting for ranged monster.
 67678 | Zot:3    | 67678 ||| Waiting for ranged monster.
 67718 | Zot:3    | 67718 ||| READING scroll of enchant armour.
 67718 | Zot:3    | 67718 ||| ENCHANTING +9 plate armour of cold resistance.
 67794 | Zot:3    | 67794 ||| Stepping ~*~*~tactically~*~*~ (hiding).
 67795 | Zot:3    | 67795 ||| Waiting for ranged monster.
 67796 | Zot:3    | 67796 ||| Waiting for ranged monster.
 67800 | Zot:3    | 67800 ||| Waiting for ranged monster.
 67801 | Zot:3    | 67801 ||| Waiting for ranged monster.
 67802 | Zot:3    | 67802 ||| Stepping ~*~*~tactically~*~*~ (stealth).
 67803 | Zot:3    | 67803 ||| Waiting for ranged monster.
 67821 | Zot:3    | 67821 ||| INVOKING Berserk.
 67829 | Zot:3    | 67829 ||| Stepping ~*~*~tactically~*~*~ (hiding).
 67837 | Zot:3    | 67837 ||| Waiting for ranged monster.
 67838 | Zot:3    | 67838 ||| Waiting for ranged monster.
 67930 | Zot:3    | 67930 ||| INVOKING Berserk.
 67941 | Zot:3    | 67941 ||| EATING 50 rations.
 68200 | Zot:3    | 68200 ||| DROPPING +0 gold dragon scales.
 68201 | Zot:3    | 68201 ||| DROPPING +0 fire dragon scales.
 68235 | Zot:4    | 68235 ||| STAIRDANCE
 68247 | Zot:4    | 68247 ||| INVOKING Berserk.
 68260 | Zot:4    | 68260 ||| STAIRDANCE
 68304 | Zot:4    | 68304 ||| Stepping ~*~*~tactically~*~*~ (hiding).
 68305 | Zot:4    | 68305 ||| Waiting for ranged monster.
 68306 | Zot:4    | 68306 ||| Stepping ~*~*~tactically~*~*~ (hiding).
 68307 | Zot:4    | 68307 ||| Waiting for ranged monster.
 68326 | Zot:4    | 68326 ||| INVOKING Berserk.
 68343 | Zot:4    | 68343 ||| EATING 49 rations.
 68345 | Zot:4    | 68345 ||| Stepping ~*~*~tactically~*~*~ (hiding).
 68346 | Zot:4    | 68346 ||| Stepping ~*~*~tactically~*~*~ (hiding).
 68511 | Zot:4    | Noticed an orb of fire
 68512 | Zot:4    | 68512 ||| Stepping ~*~*~tactically~*~*~ (hiding).
 68513 | Zot:4    | 68513 ||| Stepping ~*~*~tactically~*~*~ (hiding).
 68514 | Zot:4    | 68514 ||| Stepping ~*~*~tactically~*~*~ (hiding).
 68515 | Zot:4    | 68515 ||| DRINKING 5 potions of resistance.
 68516 | Zot:4    | 68516 ||| INVOKING Brothers in Arms.
 68518 | Zot:4    | 68518 ||| INVOKING Berserk.
 68526 | Zot:4    | Killed an orb of fire
 68546 | Zot:4    | 68546 ||| Stepping ~*~*~tactically~*~*~ (cloud).
 68575 | Zot:4    | Reached skill level 26 in Fighting
 68581 | Zot:4    | Received a gift from Trog
 68736 | Zot:4    | 68736 ||| EATING 49 rations.
 69142 | Zot:4    | 69142 ||| Stepping ~*~*~tactically~*~*~ (hiding).
 69143 | Zot:4    | 69143 ||| Waiting for ranged monster.
 69144 | Zot:4    | 69144 ||| Waiting for ranged monster.
 69145 | Zot:4    | 69145 ||| Waiting for ranged monster.
 69341 | Zot:5    | Entered Level 5 of the Realm of Zot
 69415 | Zot:5    | 69415 ||| Stepping ~*~*~tactically~*~*~ (hiding).
 69416 | Zot:5    | 69416 ||| Stepping ~*~*~tactically~*~*~ (hiding).
 69417 | Zot:5    | 69417 ||| Stepping ~*~*~tactically~*~*~ (hiding).
 69418 | Zot:5    | 69418 ||| Stepping ~*~*~tactically~*~*~ (hiding).
 69419 | Zot:5    | 69419 ||| Stepping ~*~*~tactically~*~*~ (hiding).
 69460 | Zot:5    | 69460 ||| Stepping ~*~*~tactically~*~*~ (stealth).
 69461 | Zot:5    | 69461 ||| Stepping ~*~*~tactically~*~*~ (stealth).
 69480 | Zot:5    | 69480 ||| Stepping ~*~*~tactically~*~*~ (stealth).
 69481 | Zot:5    | 69481 ||| Stepping ~*~*~tactically~*~*~ (stealth).
 69482 | Zot:5    | 69482 ||| Stepping ~*~*~tactically~*~*~ (stealth).
 69483 | Zot:5    | 69483 ||| Stepping ~*~*~tactically~*~*~ (stealth).
 69484 | Zot:5    | 69484 ||| Stepping ~*~*~tactically~*~*~ (stealth).
 69485 | Zot:5    | 69485 ||| Stepping ~*~*~tactically~*~*~ (stealth).
 69488 | Zot:5    | 69488 ||| Stepping ~*~*~tactically~*~*~ (stealth).
 69493 | Zot:5    | 69493 ||| Stepping ~*~*~tactically~*~*~ (hiding).
 69497 | Zot:5    | 69497 ||| INVOKING Berserk.
 69507 | Zot:5    | 69507 ||| EATING 50 rations.
 69607 | Zot:5    | 69607 ||| Stepping ~*~*~tactically~*~*~ (hiding).
 69608 | Zot:5    | 69608 ||| Waiting for ranged monster.
 69609 | Zot:5    | 69609 ||| Waiting for ranged monster.
 69610 | Zot:5    | 69610 ||| Waiting for ranged monster.
 69611 | Zot:5    | 69611 ||| Waiting for ranged monster.
 69612 | Zot:5    | 69612 ||| Waiting for ranged monster.
 69613 | Zot:5    | 69613 ||| Waiting for ranged monster.
 69614 | Zot:5    | 69614 ||| Waiting for ranged monster.
 69615 | Zot:5    | 69615 ||| Waiting for ranged monster.
 69616 | Zot:5    | 69616 ||| Waiting for ranged monster.
 69857 | Zot:5    | 69857 ||| Stepping ~*~*~tactically~*~*~ (hiding).
 69858 | Zot:5    | 69858 ||| Stepping ~*~*~tactically~*~*~ (hiding).
 69872 | Zot:5    | Reached skill level 1 in Evocations
 69891 | Zot:5    | Reached skill level 3 in Evocations
 69895 | Zot:5    | Noticed an orb of fire
 69896 | Zot:5    | 69896 ||| DRINKING 4 potions of resistance.
 69897 | Zot:5    | 69897 ||| INVOKING Brothers in Arms.
 69897 | Zot:5    | Noticed an orb of fire
 69897 | Zot:5    | Noticed an orb of fire
 69899 | Zot:5    | Noticed an orb of fire
 69900 | Zot:5    | 69900 ||| INVOKING Berserk.
 69905 | Zot:5    | Noticed an orb of fire
 69906 | Zot:5    | Killed an orb of fire
 69906 | Zot:5    | Noticed an ancient lich
 69911 | Zot:5    | Killed an orb of fire
 69911 | Zot:5    | Received a gift from Trog
 69918 | Zot:5    | Gained mutation: You are frail. (-10% HP) [an orb of fire]
 69919 | Zot:5    | Gained mutation: Armour fits poorly on your strangely
                  | shaped body. [an orb of fire]
 69922 | Zot:5    | Killed an orb of fire
 69922 | Zot:5    | Reached skill level 27 in Fighting
 69924 | Zot:5    | Gained mutation: Your body sometimes deteriorates upon
                  | taking damage. [an orb of fire]
 69927 | Zot:5    | 69927 ||| READING 3 scrolls of teleportation.
 69927 | Zot:5    | Gained mutation: Your body often deteriorates upon taking
                  | damage. [an orb of fire]
 69928 | Zot:5    | HP: 38/179 [??? (7)]
 69929 | Zot:5    | 69929 ||| DRINKING 12 potions of heal wounds.
 69929 | Zot:5    | Gained mutation: Scrolls take you a little longer to read.
                  | [an orb of fire]
 69929 | Zot:5    | Gained mutation: You are very frail. (-20% HP) [an orb of
                  | fire]
 69931 | Zot:5    | 69931 ||| DRINKING 11 potions of heal wounds.
 69931 | Zot:5    | Gained mutation: Scrolls take you longer to read. [an orb
                  | of fire]
 69931 | Zot:5    | Gained mutation: Your spells are harder to cast, but more
                  | powerful. [an orb of fire]
 69933 | Zot:5    | HP: 7/159 [orb of fire/bolt of fire (40)]
 69934 | Zot:5    | 69934 ||| DRINKING 10 potions of heal wounds.
 69934 | Zot:5    | Killed from afar by an ancient lich

Levels and vault maps discovered:
D:1:      zaba_arrival_water, layout_loops_cross, serial_forest,
          infiniplex_forest_lined_3, infiniplex_forest_straight_4,
          infiniplex_forest_lined_room_2, infiniplex_forest_clump_long,
          infiniplex_forest_corner_1, infiniplex_forest_end_3,
          infiniplex_forest_corner_1, st_stairs_14, hangedman_decor_growths,
          minmay_cupped
D:2:      layout_basic, grunt_dithmenos_smoke_and_mirrors,
          chequers_ecumenical_altar_island, minmay_tripent
D:3:      kennysheep_the_goblin_king, layout_loops_ring,
          lemuel_coloured_pillars_altar, zin_academy, ebering_ghost_inner_flame
D:4:      layout_loops_cross, grunt_temple_overflow_octagram
D:5:      layout_loops_ring, first_ration, hangedman_abyss_or_decor_lesser_grid
D:6:      layout_basic, minmay_temple_entry_steel_oval, serial_shops,
          nicolae_shop_trees
D:7:      cheibrodos_steamvent, layout_cave_pods, uniq_prince_ribbit1,
          uniq_duvessa
D:8:      layout_basic, serial_shops, nicolae_shop_crystal, nicolae_shop_stone
D:9:      layout_long_grid, grunt_livestock, minmay_gold_behind_fungi
D:10:     layout_cave_pods, lair_entry_dummy, serial_shops, nicolae_shop_stone,
          gammafunk_ghost_cemetery, uniq_erica
D:11:     kb_forest_paths, layout_layer_cave
D:12:     layout_loops_ring, uniq_sonja, uniq_frances, uniq_erolcha
D:13:     layout_rooms, lightli_vaults_fourway_checkpoint, uniq_urug,
          uniq_nessos
D:14:     layout_basic, minmay_staircase_statues, enter_trove_3
D:15:     grunt_enter_depths_giant_problem, layout_stronghold,
          grunt_gozag_breadcrumbs
Lair:1:   layout_chaotic_city, nicolae_volcano_entry_batcave, minivault_24,
          fungi_pond_lemuel, lemuel_old_faithful
Lair:2:   layout_chaotic_city, basic_altar, tgw_fedhas, lemuel_fruit_fields,
          minmay_lair_oklob_chamber, grunt_megastairs_3
Lair:3:   layout_chaotic_city, elwin_shoals_entry_stream,
          minmay_snake_entry_spellcaster
Lair:4:   mu_elephants_graveyard, layout_layer_cave,
          chequers_serial_rivers_micro_d
Lair:5:   layout_long_grid
Lair:6:   minmay_lair_end_enchanted_forest, layout_long_grid,
          dpeg_slime_entry_corner, grunt_megastairs_4
Shoals:1: layout_shoals, nicolae_shoals_cliffside_cave
Shoals:2: layout_shoals, uniq_ilsuiw, uniq_polyphemus
Shoals:3: layout_shoals
Shoals:4: shoals_end_grunt_garden, layout_shoals, nicolae_shoals_drake_roost
Snake:1:  layout_layer_cave, serial_shops, shop, ebering_ghost_disaster_area,
          lemuel_fruit_tree, uniq_aizul
Snake:2:  layout_honeycomb, serial_shops, shop
Snake:3:  layout_honeycomb, serial_shops, shop
Snake:4:  snake_pit, layout_chambers, uniq_bai_suzhen
Orc:1:    giant_chief_lemuel, layout_caves, guppyfry_library_mini, uniq_maurice,
          uniq_snorg, uniq_nergalle
Orc:2:    pubby_orc_utopia, serial_shops, uniq_saint_roka, uniq_donald
Vaults:1: v_misc_1, nicolae_vaults_c_with_doors, v_alt_pattern_1,
          vaults_room_pools, vaults_room_stairs_pillars, ontoclasm_vaults_chip,
          vaults_mumra_hex, layout_vaults_chaotic_city, serial_shops,
          nicolae_shop_crystal, nicolae_shop_crystal, shop_statue
Vaults:2: gammafunk_vaults_ghost_fury_of_okawaru, minmay_crypt_entry_necro_gods,
          nicolae_vaults_network_square, ontoclasm_vaults_gateway,
          nicolae_vaults_network_s, vaults_room_pools, v_alt_pattern_3,
          v_misc_5, vaults_dpeg_cross, v_misc_8, vaults_room_stairs_pillars,
          vaults_dpeg_encased_lava, nicolae_vaults_network_periphery,
          st_lattice, nicolae_vaults_little_squares_4,
          ontoclasm_vaults_ligature, v_misc_32, vaults_room_boxed,
          layout_vaults_omnibox
Vaults:3: grunt_vaults_swirl, nicolae_vaults_alarming, st_diamondy, v_misc_18,
          nicolae_vaults_asterisk, nicolae_vaults_big_ls, v_rooms_5,
          ontoclasm_vaults_decontamination, ontoclasm_vaults_pinch, v_misc_24,
          dpeg_vaults_monster_box, ontoclasm_vaults_claustrophobia,
          nicolae_vaults_little_squares_1, nicolae_vaults_rhombus_5,
          nicolae_vaults_asterisk, grunt_vaults_hallway_short,
          layout_vaults_ring, serial_shops, shop, uniq_mennas
Vaults:4: nicolae_vaults_little_squares_4, hangedman_vaults_impose, v_pattern_1,
          nicolae_vaults_little_squares_1, st_eye, layout_vaults_quadrants,
          serial_shops, shop
Vaults:5: serial_shops, uniq_frederick
Depths:1: layout_forbidden_donut, gammafunk_ghost_split, hellmouth_3,
          serial_co_window_serial, co_window_corner_a, co_window_corner_a,
          co_window_corner_a, co_window_of_opportunity_a, co_window_paths_b,
          co_window_paths_a, co_window_paths_a, co_window_broadway_c,
          co_window_2corner, co_window_corner_cb, co_window_unsneaky_path_c,
          glass_columns_a, glass_columns_a, glass_columns_b, glass_columns_b,
          glass_columns_b, lemuel_round_altar, minivault_22,
          grunt_decor_fettered, grunt_ministairs_12, statue_in_the_mist_lemuel,
          uniq_mara, uniq_nikola
Depths:2: ragdoll_tomb_raider, layout_basic, abyss_entry_crystal, hell_entry,
          minmay_misc_feat_pillars, library_closet,
          infiniplex_staircase_squiggle, serial_bayou_shore_b,
          serial_bayou_shore_b, serial_bayou_shore_a
Depths:3: minmay_swirls_squares, layout_basic, enter_ziggurat_b,
          rand_demon_pan_entry_3, hell_entry, serial_bayou_lagoon_a
Depths:4: lemuel_castle_with_subvaults [lemuel_castle_interior_original],
          layout_gridlike, hangedman_geh_valley, abyss_entry,
          hangedman_decor_points, kennysheep_two_boxes
Depths:5: hangedman_slaughterboxes, pan_entry, hell_entry, serial_shops
Zot:1:    layout_basic
Zot:2:    layout_basic
Zot:3:    layout_misc_corridors, hangedman_hellfire_club
Zot:4:    layout_concentric_octagons
Zot:5:    layout_onion

Skill      XL: |  1  2  3  4  5  6  7  8  9 10 11 12 13 14 15 16 17 18 19 20 21 22 23 24 25 26 27 |
---------------+----------------------------------------------------------------------------------+-----
Axes           | 3 4 5 6 7 9 10 11 12 14 15 17 18 | 18.0
Fighting       | 4 5 6 7 9 10 11 12 13 14 15 17 18 19 20 21 22 23 24 27 | 27.0
Armour         | 3 4 6 8 10 12 13 14 15 16 17 18 20 21 22 23 24 | 24.0
Dodging        | 2 3 4 5 6 7 8 9 11 | 11.0
Shields        | 5 12 14 15 16 17 19 20 21 22 23 25 | 25.0
Evocations     | 5 |  5.9

Action                   |  1- 3 |  4- 6 |  7- 9 | 10-12 | 13-15 | 16-18 | 19-21 | 22-24 | 25-27 || total
-------------------------+-------+-------+-------+-------+-------+-------+-------+-------+-------++-------
Melee: Hand axe          |   162 |    47 |       |       |       |       |       |       |       ||   209
       War axe           |       |   167 |   376 |   289 |       |       |       |       |       ||   832
       Broad axe         |       |       |       |   241 |  1344 |  1283 |  1786 |  1231 |  1887 ||  7772
       Eveningstar       |       |       |       |       |     5 |       |       |       |       ||     5
       Headbutt          |       |       |       |       |       |       |       |       |   196 ||   196
Throw: Javelin           |       |       |       |    89 |   109 |    41 |    40 |       |       ||   279
Invok: Berserk           |     1 |     4 |     6 |    13 |    23 |    45 |    12 |    10 |    27 ||   141
       Brothers in Arms  |       |       |       |     1 |     5 |     4 |     2 |     6 |     5 ||    23
       Trog's Hand       |       |       |       |       |     2 |    10 |    30 |    12 |    24 ||    78
 Abil: Fly               |       |       |       |       |     1 |       |       |       |       ||     1
  Use: Scroll            |     2 |     2 |     9 |    14 |    14 |    11 |    10 |     8 |    11 ||    81
       Potion            |       |     2 |       |     1 |     3 |     1 |       |     1 |     9 ||    17
 Stab: Sleeping          |     1 |       |       |       |       |       |       |       |       ||     1
       Distracted        |       |       |       |       |       |     2 |       |       |     1 ||     3
  Eat: Chunk             |     4 |     9 |     8 |    22 |    41 |    38 |    36 |    24 |    30 ||   212
       Ration            |       |       |     4 |     3 |     7 |    14 |     8 |     5 |    15 ||    56
Armor: Animal skin       |    44 |       |       |       |       |       |       |       |       ||    44
       Ring mail         |     9 |    24 |       |       |       |       |       |       |       ||    33
       Scale mail        |       |    45 |       |       |       |       |       |       |       ||    45
       Chain mail        |       |    31 |   272 |   160 |       |       |       |       |       ||   463
       Plate armour      |       |       |       |   173 |   729 |   332 |   509 |   288 |   494 ||  2525
Dodge: Dodged            |   116 |    93 |   159 |   207 |   412 |   229 |   392 |   236 |   386 ||  2230
       Deflected         |       |       |     2 |     3 |    17 |    60 |    55 |     7 |       ||   144
Block: Buckler           |       |       |       |    65 |   224 |       |       |       |       ||   289
       Large shield      |       |       |       |       |   203 |   942 |  1489 |   822 |  1290 ||  4746

Table legend:
 A = Non-vault XP
 B = Vault XP
 C = Vault XP percentage of total XP
 D = Non-vault monster count
 E = Vault monster count
 F = Vault count percentage of total count
                 A         B        C        D         E       F
            +---------+---------+-------+---------+---------+-------
      Total |  752504 |  732605 |  49.3 |    1351 |     906 |  40.1
            +---------+---------+-------+---------+---------+-------
        D:1 |      58 |       5 |   7.9 |      35 |       3 |   7.9
        D:2 |      38 |       3 |   7.3 |      15 |       2 |  11.8
        D:3 |     159 |      47 |  22.8 |      27 |       7 |  20.6
        D:4 |     441 |       0 |   0.0 |      24 |       0 |   0.0
        D:5 |     670 |       0 |   0.0 |      28 |       0 |   0.0
        D:6 |    1096 |       0 |   0.0 |      27 |       0 |   0.0
        D:7 |    1058 |     831 |  44.0 |      16 |       5 |  23.8
        D:8 |    1321 |       0 |   0.0 |      20 |       0 |   0.0
        D:9 |    1507 |    1015 |  40.2 |      19 |       5 |  20.8
       D:10 |    2466 |     907 |  26.9 |      12 |       1 |   7.7
       D:11 |    2453 |    2025 |  45.2 |      32 |      18 |  36.0
       D:12 |    8792 |    3688 |  29.6 |      40 |       3 |   7.0
       D:13 |    4596 |    7629 |  62.4 |      23 |      14 |  37.8
       D:14 |   10767 |       0 |   0.0 |      33 |       0 |   0.0
       D:15 |   13630 |    2585 |  15.9 |      38 |       6 |  13.6
     Lair:1 |    3302 |     591 |  15.2 |      17 |       3 |  15.0
     Lair:2 |    5451 |     199 |   3.5 |      21 |       1 |   4.5
     Lair:3 |    3832 |    2673 |  41.1 |      19 |       6 |  24.0
     Lair:4 |    5617 |    7682 |  57.8 |      24 |      15 |  38.5
     Lair:5 |    2203 |       0 |   0.0 |       6 |       0 |   0.0
     Lair:6 |   10247 |   11335 |  52.5 |      41 |      54 |  56.8
   Shoals:1 |   10441 |    3500 |  25.1 |      23 |       4 |  14.8
   Shoals:2 |   12747 |    6561 |  34.0 |      30 |       7 |  18.9
   Shoals:3 |   18376 |     539 |   2.8 |      33 |       1 |   2.9
   Shoals:4 |   19291 |   23977 |  55.4 |      36 |      42 |  53.8
    Snake:1 |   18665 |    1742 |   8.5 |      34 |       1 |   2.9
    Snake:2 |   18447 |       0 |   0.0 |      31 |       0 |   0.0
    Snake:3 |   18335 |       0 |   0.0 |      33 |       0 |   0.0
    Snake:4 |   24707 |   34165 |  58.0 |      43 |      42 |  49.4
      Orc:1 |    3459 |   16598 |  82.8 |      33 |      53 |  61.6
      Orc:2 |       0 |   29152 | 100.0 |       0 |     152 | 100.0
   Vaults:1 |   55659 |   26836 |  32.5 |      91 |      49 |  35.0
   Vaults:2 |   12871 |   21394 |  62.4 |      28 |      32 |  53.3
   Vaults:3 |   24588 |   38297 |  60.9 |      32 |      45 |  58.4
   Vaults:4 |   32840 |   50588 |  60.6 |      47 |      51 |  52.0
   Vaults:5 |   20584 |   92976 |  81.9 |      25 |      64 |  71.9
   Depths:1 |   24531 |   17688 |  41.9 |      37 |      17 |  31.5
   Depths:2 |   25249 |   26833 |  51.5 |      30 |      14 |  31.8
   Depths:3 |   43079 |   31992 |  42.6 |      62 |      26 |  29.5
   Depths:4 |   42082 |   52877 |  55.7 |      50 |      60 |  54.5
   Depths:5 |       0 |  159406 | 100.0 |       0 |      83 | 100.0
      Zot:1 |   42284 |       0 |   0.0 |      21 |       0 |   0.0
      Zot:2 |   54939 |       0 |   0.0 |      33 |       0 |   0.0
      Zot:3 |   42064 |    4889 |  10.4 |      22 |       7 |  24.1
      Zot:4 |   67084 |       0 |   0.0 |      40 |       0 |   0.0
      Zot:5 |   40478 |   51380 |  55.9 |      20 |      13 |  39.4
            +---------+---------+-------+---------+---------+-------
